Workbook
Name NamePubTextLoc: [1]Setup!$E$18

Sheet Scenario Parameters
A1: Scenario Parameters | P1: Central Scenario | T1: Low Scenario | X1: High Scenario
A2: Industry Group Parameters | N2: Toggles | P2: 1 | Q2: 1 | R2: 1 | T2: 1 | U2: 1 | V2: 1 | X2: 1 | Y2: 1 | Z2: 1
A3: Group # | B3: Industry Group | C3: Labour input reduction | D3: Capital input reduction | E3: Labour ratio | F3: TFP increase | G3: Share of TFP change competed away | H3: Share of TFP change captured by labour | I3: Share of TFP change captured by capital | J3: Price Elasticity | K3: Income Elasticity | L3: Exogenous Demand Change | M3: Notes | P3: Labour Productivity Increase | Q3: Capital Productivity Increase | R3: Exogenous Demand Change | T3: Labour Productivity Increase | U3: Capital Productivity Increase | V3: Exogenous Demand Change | X3: Labour Productivity Increase | Y3: Capital Productivity Increase | Z3: Exogenous Demand Change
A4: 1 | B4: Agriculture (0101–0501) | C4: {=INDEX($P4:$Z4,1,$D$47)*INDEX($P$2:$Z$2,1,$D$47)*N4} -> 0.15 | D4: {=INDEX($P4:$Z4,1,$D$47+1)*INDEX($P$2:$Z$2,1,$D$47+1)*N4} -> 0.15 | E4: =SUMIF(Industries!$D$2:$D$116,A4,Industries!$F$2:$F$116)/SUMIF(Industries!$D$2:$D$116,A4,Industries!$H$2:$H$116) -> 0.23159852 | F4: =E4*C4+(1-E4)*D4 -> 0.15 | G4: =(1-H4)*$C$52 -> 0.44210037 | H4: =E4*$C$51 -> 0.11579926 | I4: =1-G4-H4 -> 0.44210037 | J4: 0.05 | K4: =INDEX('Income Distribution'!$G:$G,MATCH(A4,'Income Distribution'!$A:$A,0)) -> 0 | L4: {=INDEX($P4:$Z4,1,$D$47+2)*INDEX($P$2:$Z$2,1,$D$47+2)*N4} -> 0 | N4: 1 | P4: 0.15 | Q4: 0.15 | R4: 0 | T4: =P4*0.5 -> 0.075 | U4: =Q4*0.5 -> 0.075 | V4: =R4*0.5 -> 0 | X4: =MIN(0.95,P4*3) -> 0.45 | Y4: =MIN(0.95,Q4*3) -> 0.45 | Z4: 0 | AB4: 0.05 | AC4: 0.1
A5: 2 | B5: Coal, oil and gas extraction, fossil fuel products and gas supply (0601/0701/1701/2701) | C5: {=INDEX($P5:$Z5,1,$D$47)*INDEX($P$2:$Z$2,1,$D$47)*N5} -> 0.05 | D5: {=INDEX($P5:$Z5,1,$D$47+1)*INDEX($P$2:$Z$2,1,$D$47+1)*N5} -> 0.05 | E5: =SUMIF(Industries!$D$2:$D$116,A5,Industries!$F$2:$F$116)/SUMIF(Industries!$D$2:$D$116,A5,Industries!$H$2:$H$116) -> 0.10911817 | F5: =E5*C5+(1-E5)*D5 -> 0.05 | G5: =(1-H5)*$C$52 -> 0.47272046 | H5: =E5*$C$51 -> 0.054559086 | I5: =1-G5-H5 -> 0.47272046 | J5: 0 | K5: =INDEX('Income Distribution'!$G:$G,MATCH(A5,'Income Distribution'!$A:$A,0)) -> 0 | L5: {=INDEX($P5:$Z5,1,$D$47+2)*INDEX($P$2:$Z$2,1,$D$47+2)*N5} -> -0.9 | M5: Decarbonisation | N5: 1 | P5: 0.05 | Q5: 0.05 | R5: -0.9 | T5: =P5*0.5 -> 0.025 | U5: =Q5*0.5 -> 0.025 | V5: =R5*0.5 -> -0.45 | X5: =MIN(0.95,P5*3) -> 0.15 | Y5: =MIN(0.95,Q5*3) -> 0.15 | Z5: -0.95 | AB5: 0 | AC5: 0.1
A6: 3 | B6: Metals and minerals extraction (0801–0901) | C6: {=INDEX($P6:$Z6,1,$D$47)*INDEX($P$2:$Z$2,1,$D$47)*N6} -> 0.05 | D6: {=INDEX($P6:$Z6,1,$D$47+1)*INDEX($P$2:$Z$2,1,$D$47+1)*N6} -> 0.05 | E6: =SUMIF(Industries!$D$2:$D$116,A6,Industries!$F$2:$F$116)/SUMIF(Industries!$D$2:$D$116,A6,Industries!$H$2:$H$116) -> 0.14896967 | F6: =E6*C6+(1-E6)*D6 -> 0.05 | G6: =(1-H6)*$C$52 -> 0.46275758 | H6: =E6*$C$51 -> 0.074484836 | I6: =1-G6-H6 -> 0.46275758 | J6: 0.3 | K6: =INDEX('Income Distribution'!$G:$G,MATCH(A6,'Income Distribution'!$A:$A,0)) -> 0 | L6: {=INDEX($P6:$Z6,1,$D$47+2)*INDEX($P$2:$Z$2,1,$D$47+2)*N6} -> 0.1 | M6: Increased demand for copper, rare earth, and lithium | N6: 1 | P6: 0.05 | Q6: 0.05 | R6: 0.1 | T6: =P6*0.5 -> 0.025 | U6: =Q6*0.5 -> 0.025 | V6: =R6*0.5 -> 0.05 | X6: =MIN(0.95,P6*3) -> 0.15 | Y6: =MIN(0.95,Q6*3) -> 0.15 | Z6: 0.3 | AB6: 0.3 | AC6: 0.1
A7: 4 | B7: Extraction support services (1001) | C7: {=INDEX($P7:$Z7,1,$D$47)*INDEX($P$2:$Z$2,1,$D$47)*N7} -> 0.5 | D7: {=INDEX($P7:$Z7,1,$D$47+1)*INDEX($P$2:$Z$2,1,$D$47+1)*N7} -> 0.5 | E7: =SUMIF(Industries!$D$2:$D$116,A7,Industries!$F$2:$F$116)/SUMIF(Industries!$D$2:$D$116,A7,Industries!$H$2:$H$116) -> 0.60530657 | F7: =E7*C7+(1-E7)*D7 -> 0.5 | G7: =(1-H7)*$C$52 -> 0.34867336 | H7: =E7*$C$51 -> 0.30265329 | I7: =1-G7-H7 -> 0.34867336 | J7: 0 | K7: =INDEX('Income Distribution'!$G:$G,MATCH(A7,'Income Distribution'!$A:$A,0)) -> 0 | L7: {=INDEX($P7:$Z7,1,$D$47+2)*INDEX($P$2:$Z$2,1,$D$47+2)*N7} -> -0.6 | M7: Decarbonisation | N7: 1 | P7: 0.5 | Q7: 0.5 | R7: -0.6 | T7: =P7*0.5 -> 0.25 | U7: =Q7*0.5 -> 0.25 | V7: =R7*0.5 -> -0.3 | X7: =MIN(0.95,P7*3) -> 0.95 | Y7: =MIN(0.95,Q7*3) -> 0.95 | Z7: -0.95 | AB7: 0 | AC7: 0.1
A8: 5 | B8: Food and clothing manufacturing (1101–1306) | C8: {=INDEX($P8:$Z8,1,$D$47)*INDEX($P$2:$Z$2,1,$D$47)*N8} -> 0.25 | D8: {=INDEX($P8:$Z8,1,$D$47+1)*INDEX($P$2:$Z$2,1,$D$47+1)*N8} -> 0.25 | E8: =SUMIF(Industries!$D$2:$D$116,A8,Industries!$F$2:$F$116)/SUMIF(Industries!$D$2:$D$116,A8,Industries!$H$2:$H$116) -> 0.58743747 | F8: =E8*C8+(1-E8)*D8 -> 0.25 | G8: =(1-H8)*$C$52 -> 0.35314063 | H8: =E8*$C$51 -> 0.29371874 | I8: =1-G8-H8 -> 0.35314063 | J8: 0.2 | K8: =INDEX('Income Distribution'!$G:$G,MATCH(A8,'Income Distribution'!$A:$A,0)) -> 0 | L8: {=INDEX($P8:$Z8,1,$D$47+2)*INDEX($P$2:$Z$2,1,$D$47+2)*N8} -> 0 | N8: 1 | P8: 0.25 | Q8: 0.25 | R8: 0 | T8: =P8*0.5 -> 0.125 | U8: =Q8*0.5 -> 0.125 | V8: =R8*0.5 -> 0 | X8: =MIN(0.95,P8*3) -> 0.75 | Y8: =MIN(0.95,Q8*3) -> 0.75 | Z8: 0 | AB8: 0.2 | AC8: 0.1
A9: 6 | B9: Intermediate construction and manufacturing materials (1401–1502/1803–1902/2001–2204) | C9: {=INDEX($P9:$Z9,1,$D$47)*INDEX($P$2:$Z$2,1,$D$47)*N9} -> 0.25 | D9: {=INDEX($P9:$Z9,1,$D$47+1)*INDEX($P$2:$Z$2,1,$D$47+1)*N9} -> 0.25 | E9: =SUMIF(Industries!$D$2:$D$116,A9,Industries!$F$2:$F$116)/SUMIF(Industries!$D$2:$D$116,A9,Industries!$H$2:$H$116) -> 0.58186384 | F9: =E9*C9+(1-E9)*D9 -> 0.25 | G9: =(1-H9)*$C$52 -> 0.35453404 | H9: =E9*$C$51 -> 0.29093192 | I9: =1-G9-H9 -> 0.35453404 | J9: 0.35 | K9: =INDEX('Income Distribution'!$G:$G,MATCH(A9,'Income Distribution'!$A:$A,0)) -> 0 | L9: {=INDEX($P9:$Z9,1,$D$47+2)*INDEX($P$2:$Z$2,1,$D$47+2)*N9} -> 0 | N9: 1 | P9: 0.25 | Q9: 0.25 | R9: 0 | T9: =P9*0.5 -> 0.125 | U9: =Q9*0.5 -> 0.125 | V9: =R9*0.5 -> 0 | X9: =MIN(0.95,P9*3) -> 0.75 | Y9: =MIN(0.95,Q9*3) -> 0.75 | Z9: 0 | AB9: 0.35 | AC9: 0.1
A10: 7 | B10: Printing, recording, entertainment (1601/5401–5601/6001/8210/8901–9201) | C10: {=INDEX($P10:$Z10,1,$D$47)*INDEX($P$2:$Z$2,1,$D$47)*N10} -> 0.05 | D10: {=INDEX($P10:$Z10,1,$D$47+1)*INDEX($P$2:$Z$2,1,$D$47+1)*N10} -> 0.05 | E10: =SUMIF(Industries!$D$2:$D$116,A10,Industries!$F$2:$F$116)/SUMIF(Industries!$D$2:$D$116,A10,Industries!$H$2:$H$116) -> 0.66773989 | F10: =E10*C10+(1-E10)*D10 -> 0.05 | G10: =(1-H10)*$C$52 -> 0.33306503 | H10: =E10*$C$51 -> 0.33386995 | I10: =1-G10-H10 -> 0.33306503 | J10: 0.6 | K10: =INDEX('Income Distribution'!$G:$G,MATCH(A10,'Income Distribution'!$A:$A,0)) -> 1.7475227 | L10: {=INDEX($P10:$Z10,1,$D$47+2)*INDEX($P$2:$Z$2,1,$D$47+2)*N10} -> 0 | N10: 1 | P10: 0.05 | Q10: 0.05 | R10: 0 | T10: =P10*0.5 -> 0.025 | U10: =Q10*0.5 -> 0.025 | V10: =R10*0.5 -> 0 | X10: =MIN(0.95,P10*3) -> 0.15 | Y10: =MIN(0.95,Q10*3) -> 0.15 | Z10: 0 | AB10: 0.6 | AC10: 0.1
A11: 8 | B11: Pharmaceuticals (1801/1802) | C11: {=INDEX($P11:$Z11,1,$D$47)*INDEX($P$2:$Z$2,1,$D$47)*N11} -> 0.5 | D11: {=INDEX($P11:$Z11,1,$D$47+1)*INDEX($P$2:$Z$2,1,$D$47+1)*N11} -> 0.5 | E11: =SUMIF(Industries!$D$2:$D$116,A11,Industries!$F$2:$F$116)/SUMIF(Industries!$D$2:$D$116,A11,Industries!$H$2:$H$116) -> 0.5994152 | F11: =E11*C11+(1-E11)*D11 -> 0.5 | G11: =(1-H11)*$C$52 -> 0.3501462 | H11: =E11*$C$51 -> 0.2997076 | I11: =1-G11-H11 -> 0.3501462 | J11: 0.05 | K11: =INDEX('Income Distribution'!$G:$G,MATCH(A11,'Income Distribution'!$A:$A,0)) -> 2.1303933 | L11: {=INDEX($P11:$Z11,1,$D$47+2)*INDEX($P$2:$Z$2,1,$D$47+2)*N11} -> -0.5 | M11: Improved efficacy and general health | N11: 1 | P11: 0.5 | Q11: 0.5 | R11: -0.5 | T11: =P11*0.5 -> 0.25 | U11: =Q11*0.5 -> 0.25 | V11: =R11*0.5 -> -0.25 | X11: =MIN(0.95,P11*3) -> 0.95 | Y11: =MIN(0.95,Q11*3) -> 0.95 | Z11: -0.95 | AB11: 0.05 | AC11: 0.7
A12: 9 | B12: Motor vehicles (2301) | C12: {=INDEX($P12:$Z12,1,$D$47)*INDEX($P$2:$Z$2,1,$D$47)*N12} -> 0.5 | D12: {=INDEX($P12:$Z12,1,$D$47+1)*INDEX($P$2:$Z$2,1,$D$47+1)*N12} -> 0.5 | E12: =SUMIF(Industries!$D$2:$D$116,A12,Industries!$F$2:$F$116)/SUMIF(Industries!$D$2:$D$116,A12,Industries!$H$2:$H$116) -> 0.66146916 | F12: =E12*C12+(1-E12)*D12 -> 0.5 | G12: =(1-H12)*$C$52 -> 0.33463271 | H12: =E12*$C$51 -> 0.33073458 | I12: =1-G12-H12 -> 0.33463271 | J12: 0 | K12: =INDEX('Income Distribution'!$G:$G,MATCH(A12,'Income Distribution'!$A:$A,0)) -> 0 | L12: {=INDEX($P12:$Z12,1,$D$47+2)*INDEX($P$2:$Z$2,1,$D$47+2)*N12} -> -0.7 | M12: MAAS substitution | N12: 1 | P12: 0.5 | Q12: 0.5 | R12: -0.7 | T12: =P12*0.5 -> 0.25 | U12: =Q12*0.5 -> 0.25 | V12: =R12*0.5 -> -0.35 | X12: =MIN(0.95,P12*3) -> 0.95 | Y12: =MIN(0.95,Q12*3) -> 0.95 | Z12: -0.95 | AB12: 0 | AC12: 0.2
A13: 10 | B13: Equipment manufacturing (2302–2502) | C13: {=INDEX($P13:$Z13,1,$D$47)*INDEX($P$2:$Z$2,1,$D$47)*N13} -> 0.25 | D13: {=INDEX($P13:$Z13,1,$D$47+1)*INDEX($P$2:$Z$2,1,$D$47+1)*N13} -> 0.25 | E13: =SUMIF(Industries!$D$2:$D$116,A13,Industries!$F$2:$F$116)/SUMIF(Industries!$D$2:$D$116,A13,Industries!$H$2:$H$116) -> 0.60673538 | F13: =E13*C13+(1-E13)*D13 -> 0.25 | G13: =(1-H13)*$C$52 -> 0.34831615 | H13: =E13*$C$51 -> 0.30336769 | I13: =1-G13-H13 -> 0.34831615 | J13: 0 | K13: =INDEX('Income Distribution'!$G:$G,MATCH(A13,'Income Distribution'!$A:$A,0)) -> 0 | L13: {=INDEX($P13:$Z13,1,$D$47+2)*INDEX($P$2:$Z$2,1,$D$47+2)*N13} -> 0 | N13: 1 | P13: 0.25 | Q13: 0.25 | R13: 0 | T13: =P13*0.5 -> 0.125 | U13: =Q13*0.5 -> 0.125 | V13: =R13*0.5 -> 0 | X13: =MIN(0.95,P13*3) -> 0.75 | Y13: =MIN(0.95,Q13*3) -> 0.75 | Z13: 0 | AB13: 0 | AC13: 0.1
A14: 11 | B14: Electricity generation and transmission (2601–2605) | C14: {=INDEX($P14:$Z14,1,$D$47)*INDEX($P$2:$Z$2,1,$D$47)*N14} -> 0.1 | D14: {=INDEX($P14:$Z14,1,$D$47+1)*INDEX($P$2:$Z$2,1,$D$47+1)*N14} -> 0.1 | E14: =SUMIF(Industries!$D$2:$D$116,A14,Industries!$F$2:$F$116)/SUMIF(Industries!$D$2:$D$116,A14,Industries!$H$2:$H$116) -> 0.31508926 | F14: =E14*C14+(1-E14)*D14 -> 0.1 | G14: =(1-H14)*$C$52 -> 0.42122769 | H14: =E14*$C$51 -> 0.15754463 | I14: =1-G14-H14 -> 0.42122769 | J14: 0.1 | K14: =INDEX('Income Distribution'!$G:$G,MATCH(A14,'Income Distribution'!$A:$A,0)) -> 0.77141935 | L14: {=INDEX($P14:$Z14,1,$D$47+2)*INDEX($P$2:$Z$2,1,$D$47+2)*N14} -> 0.25 | M14: Decarbonisation | N14: 1 | P14: 0.1 | Q14: 0.1 | R14: 0.25 | T14: =P14*0.5 -> 0.05 | U14: =Q14*0.5 -> 0.05 | V14: =R14*0.5 -> 0.125 | X14: =MIN(0.95,P14*3) -> 0.3 | Y14: =MIN(0.95,Q14*3) -> 0.3 | Z14: 0.3 | AB14: 0.1 | AC14: 0.8
A15: 12 | B15: Water and waste (2801/2901) | C15: {=INDEX($P15:$Z15,1,$D$47)*INDEX($P$2:$Z$2,1,$D$47)*N15} -> 0.25 | D15: {=INDEX($P15:$Z15,1,$D$47+1)*INDEX($P$2:$Z$2,1,$D$47+1)*N15} -> 0.25 | E15: =SUMIF(Industries!$D$2:$D$116,A15,Industries!$F$2:$F$116)/SUMIF(Industries!$D$2:$D$116,A15,Industries!$H$2:$H$116) -> 0.4262235 | F15: =E15*C15+(1-E15)*D15 -> 0.25 | G15: =(1-H15)*$C$52 -> 0.39344412 | H15: =E15*$C$51 -> 0.21311175 | I15: =1-G15-H15 -> 0.39344412 | J15: 0 | K15: =INDEX('Income Distribution'!$G:$G,MATCH(A15,'Income Distribution'!$A:$A,0)) -> 0 | L15: {=INDEX($P15:$Z15,1,$D$47+2)*INDEX($P$2:$Z$2,1,$D$47+2)*N15} -> 0 | N15: 1 | P15: 0.25 | Q15: 0.25 | R15: 0 | T15: =P15*0.5 -> 0.125 | U15: =Q15*0.5 -> 0.125 | V15: =R15*0.5 -> 0 | X15: =MIN(0.95,P15*3) -> 0.75 | Y15: =MIN(0.95,Q15*3) -> 0.75 | Z15: 0 | AB15: 0 | AC15: 0.1
A16: 13 | B16: Residential construction (3001) | C16: {=INDEX($P16:$Z16,1,$D$47)*INDEX($P$2:$Z$2,1,$D$47)*N16} -> 0.4 | D16: {=INDEX($P16:$Z16,1,$D$47+1)*INDEX($P$2:$Z$2,1,$D$47+1)*N16} -> 0.4 | E16: =SUMIF(Industries!$D$2:$D$116,A16,Industries!$F$2:$F$116)/SUMIF(Industries!$D$2:$D$116,A16,Industries!$H$2:$H$116) -> 0.50377242 | F16: =E16*C16+(1-E16)*D16 -> 0.4 | G16: =(1-H16)*$C$52 -> 0.3740569 | H16: =E16*$C$51 -> 0.25188621 | I16: =1-G16-H16 -> 0.3740569 | J16: 0.4 | K16: =INDEX('Income Distribution'!$G:$G,MATCH(A16,'Income Distribution'!$A:$A,0)) -> 1.8291199 | L16: {=INDEX($P16:$Z16,1,$D$47+2)*INDEX($P$2:$Z$2,1,$D$47+2)*N16} -> 0 | N16: 1 | P16: 0.4 | Q16: 0.4 | R16: 0 | T16: =P16*0.5 -> 0.2 | U16: =Q16*0.5 -> 0.2 | V16: =R16*0.5 -> 0 | X16: =MIN(0.95,P16*3) -> 0.95 | Y16: =MIN(0.95,Q16*3) -> 0.95 | Z16: 0 | AB16: 0.4 | AC16: 0.1
A17: 14 | B17: Non-residential building construction (3002) | C17: {=INDEX($P17:$Z17,1,$D$47)*INDEX($P$2:$Z$2,1,$D$47)*N17} -> 0.4 | D17: {=INDEX($P17:$Z17,1,$D$47+1)*INDEX($P$2:$Z$2,1,$D$47+1)*N17} -> 0.4 | E17: =SUMIF(Industries!$D$2:$D$116,A17,Industries!$F$2:$F$116)/SUMIF(Industries!$D$2:$D$116,A17,Industries!$H$2:$H$116) -> 0.60470216 | F17: =E17*C17+(1-E17)*D17 -> 0.4 | G17: =(1-H17)*$C$52 -> 0.34882446 | H17: =E17*$C$51 -> 0.30235108 | I17: =1-G17-H17 -> 0.34882446 | J17: 0.05 | K17: =INDEX('Income Distribution'!$G:$G,MATCH(A17,'Income Distribution'!$A:$A,0)) -> 0 | L17: {=INDEX($P17:$Z17,1,$D$47+2)*INDEX($P$2:$Z$2,1,$D$47+2)*N17} -> 0 | N17: 1 | P17: 0.4 | Q17: 0.4 | R17: 0 | T17: =P17*0.5 -> 0.2 | U17: =Q17*0.5 -> 0.2 | V17: =R17*0.5 -> 0 | X17: =MIN(0.95,P17*3) -> 0.95 | Y17: =MIN(0.95,Q17*3) -> 0.95 | Z17: 0 | AB17: 0.05 | AC17: 0.1
A18: 15 | B18: Civil construction (3101) | C18: {=INDEX($P18:$Z18,1,$D$47)*INDEX($P$2:$Z$2,1,$D$47)*N18} -> 0.4 | D18: {=INDEX($P18:$Z18,1,$D$47+1)*INDEX($P$2:$Z$2,1,$D$47+1)*N18} -> 0.4 | E18: =SUMIF(Industries!$D$2:$D$116,A18,Industries!$F$2:$F$116)/SUMIF(Industries!$D$2:$D$116,A18,Industries!$H$2:$H$116) -> 0.50436558 | F18: =E18*C18+(1-E18)*D18 -> 0.4 | G18: =(1-H18)*$C$52 -> 0.3739086 | H18: =E18*$C$51 -> 0.25218279 | I18: =1-G18-H18 -> 0.3739086 | J18: 0.3 | K18: =INDEX('Income Distribution'!$G:$G,MATCH(A18,'Income Distribution'!$A:$A,0)) -> 0 | L18: {=INDEX($P18:$Z18,1,$D$47+2)*INDEX($P$2:$Z$2,1,$D$47+2)*N18} -> 0 | N18: 1 | P18: 0.4 | Q18: 0.4 | R18: 0 | T18: =P18*0.5 -> 0.2 | U18: =Q18*0.5 -> 0.2 | V18: =R18*0.5 -> 0 | X18: =MIN(0.95,P18*3) -> 0.95 | Y18: =MIN(0.95,Q18*3) -> 0.95 | Z18: 0 | AB18: 0.3 | AC18: 0.1
A19: 16 | B19: Construction services (3201) | C19: {=INDEX($P19:$Z19,1,$D$47)*INDEX($P$2:$Z$2,1,$D$47)*N19} -> 0.4 | D19: {=INDEX($P19:$Z19,1,$D$47+1)*INDEX($P$2:$Z$2,1,$D$47+1)*N19} -> 0.4 | E19: =SUMIF(Industries!$D$2:$D$116,A19,Industries!$F$2:$F$116)/SUMIF(Industries!$D$2:$D$116,A19,Industries!$H$2:$H$116) -> 0.60996052 | F19: =E19*C19+(1-E19)*D19 -> 0.4 | G19: =(1-H19)*$C$52 -> 0.34750987 | H19: =E19*$C$51 -> 0.30498026 | I19: =1-G19-H19 -> 0.34750987 | J19: 0.25 | K19: =INDEX('Income Distribution'!$G:$G,MATCH(A19,'Income Distribution'!$A:$A,0)) -> 0 | L19: {=INDEX($P19:$Z19,1,$D$47+2)*INDEX($P$2:$Z$2,1,$D$47+2)*N19} -> 0 | N19: 1 | P19: 0.4 | Q19: 0.4 | R19: 0 | T19: =P19*0.5 -> 0.2 | U19: =Q19*0.5 -> 0.2 | V19: =R19*0.5 -> 0 | X19: =MIN(0.95,P19*3) -> 0.95 | Y19: =MIN(0.95,Q19*3) -> 0.95 | Z19: 0 | AB19: 0.25 | AC19: 0.1
A20: 17 | B20: Wholesale trade (3301) | C20: {=INDEX($P20:$Z20,1,$D$47)*INDEX($P$2:$Z$2,1,$D$47)*N20} -> 0.75 | D20: {=INDEX($P20:$Z20,1,$D$47+1)*INDEX($P$2:$Z$2,1,$D$47+1)*N20} -> 0.75 | E20: =SUMIF(Industries!$D$2:$D$116,A20,Industries!$F$2:$F$116)/SUMIF(Industries!$D$2:$D$116,A20,Industries!$H$2:$H$116) -> 0.58251738 | F20: =E20*C20+(1-E20)*D20 -> 0.75 | G20: =(1-H20)*$C$52 -> 0.35437065 | H20: =E20*$C$51 -> 0.29125869 | I20: =1-G20-H20 -> 0.35437065 | J20: 0.3 | K20: =INDEX('Income Distribution'!$G:$G,MATCH(A20,'Income Distribution'!$A:$A,0)) -> 0.53554714 | L20: {=INDEX($P20:$Z20,1,$D$47+2)*INDEX($P$2:$Z$2,1,$D$47+2)*N20} -> 0 | N20: 1 | P20: 0.75 | Q20: 0.75 | R20: 0 | T20: =P20*0.5 -> 0.375 | U20: =Q20*0.5 -> 0.375 | V20: =R20*0.5 -> 0 | X20: =MIN(0.95,P20*3) -> 0.95 | Y20: =MIN(0.95,Q20*3) -> 0.95 | Z20: 0 | AB20: 0.3 | AC20: 0.25
A21: 18 | B21: Retail trade (3901) | C21: {=INDEX($P21:$Z21,1,$D$47)*INDEX($P$2:$Z$2,1,$D$47)*N21} -> 0.2 | D21: {=INDEX($P21:$Z21,1,$D$47+1)*INDEX($P$2:$Z$2,1,$D$47+1)*N21} -> 0.2 | E21: =SUMIF(Industries!$D$2:$D$116,A21,Industries!$F$2:$F$116)/SUMIF(Industries!$D$2:$D$116,A21,Industries!$H$2:$H$116) -> 0.6540337 | F21: =E21*C21+(1-E21)*D21 -> 0.2 | G21: =(1-H21)*$C$52 -> 0.33649158 | H21: =E21*$C$51 -> 0.32701685 | I21: =1-G21-H21 -> 0.33649158 | J21: 0.4 | K21: =INDEX('Income Distribution'!$G:$G,MATCH(A21,'Income Distribution'!$A:$A,0)) -> 0.5152393 | L21: {=INDEX($P21:$Z21,1,$D$47+2)*INDEX($P$2:$Z$2,1,$D$47+2)*N21} -> 0 | N21: 1 | P21: 0.2 | Q21: 0.2 | R21: 0 | T21: =P21*0.5 -> 0.1 | U21: =Q21*0.5 -> 0.1 | V21: =R21*0.5 -> 0 | X21: =MIN(0.95,P21*3) -> 0.6 | Y21: =MIN(0.95,Q21*3) -> 0.6 | Z21: 0 | AB21: 0.4 | AC21: 0.1
A22: 19 | B22: Accommodation (4401) | C22: {=INDEX($P22:$Z22,1,$D$47)*INDEX($P$2:$Z$2,1,$D$47)*N22} -> 0.2 | D22: {=INDEX($P22:$Z22,1,$D$47+1)*INDEX($P$2:$Z$2,1,$D$47+1)*N22} -> 0.2 | E22: =SUMIF(Industries!$D$2:$D$116,A22,Industries!$F$2:$F$116)/SUMIF(Industries!$D$2:$D$116,A22,Industries!$H$2:$H$116) -> 0.62189869 | F22: =E22*C22+(1-E22)*D22 -> 0.2 | G22: =(1-H22)*$C$52 -> 0.34452533 | H22: =E22*$C$51 -> 0.31094935 | I22: =1-G22-H22 -> 0.34452533 | J22: 0.7 | K22: =INDEX('Income Distribution'!$G:$G,MATCH(A22,'Income Distribution'!$A:$A,0)) -> 2.833523 | L22: {=INDEX($P22:$Z22,1,$D$47+2)*INDEX($P$2:$Z$2,1,$D$47+2)*N22} -> 0 | N22: 1 | P22: 0.2 | Q22: 0.2 | R22: 0 | T22: =P22*0.5 -> 0.1 | U22: =Q22*0.5 -> 0.1 | V22: =R22*0.5 -> 0 | X22: =MIN(0.95,P22*3) -> 0.6 | Y22: =MIN(0.95,Q22*3) -> 0.6 | Z22: 0 | AB22: 0.7 | AC22: 0.1
A23: 20 | B23: Food & beverage services (4501) | C23: {=INDEX($P23:$Z23,1,$D$47)*INDEX($P$2:$Z$2,1,$D$47)*N23} -> 0.05 | D23: {=INDEX($P23:$Z23,1,$D$47+1)*INDEX($P$2:$Z$2,1,$D$47+1)*N23} -> 0.05 | E23: =SUMIF(Industries!$D$2:$D$116,A23,Industries!$F$2:$F$116)/SUMIF(Industries!$D$2:$D$116,A23,Industries!$H$2:$H$116) -> 0.70407367 | F23: =E23*C23+(1-E23)*D23 -> 0.05 | G23: =(1-H23)*$C$52 -> 0.32398158 | H23: =E23*$C$51 -> 0.35203683 | I23: =1-G23-H23 -> 0.32398158 | J23: 0.7 | K23: =INDEX('Income Distribution'!$G:$G,MATCH(A23,'Income Distribution'!$A:$A,0)) -> 1.7543353 | L23: {=INDEX($P23:$Z23,1,$D$47+2)*INDEX($P$2:$Z$2,1,$D$47+2)*N23} -> 0 | N23: 1 | P23: 0.05 | Q23: 0.05 | R23: 0 | T23: =P23*0.5 -> 0.025 | U23: =Q23*0.5 -> 0.025 | V23: =R23*0.5 -> 0 | X23: =MIN(0.95,P23*3) -> 0.15 | Y23: =MIN(0.95,Q23*3) -> 0.15 | Z23: 0 | AB23: 0.7 | AC23: 0.1
A24: 21 | B24: Road transport (4601) | C24: {=INDEX($P24:$Z24,1,$D$47)*INDEX($P$2:$Z$2,1,$D$47)*N24} -> 0.8 | D24: {=INDEX($P24:$Z24,1,$D$47+1)*INDEX($P$2:$Z$2,1,$D$47+1)*N24} -> 0.8 | E24: =SUMIF(Industries!$D$2:$D$116,A24,Industries!$F$2:$F$116)/SUMIF(Industries!$D$2:$D$116,A24,Industries!$H$2:$H$116) -> 0.65705647 | F24: =E24*C24+(1-E24)*D24 -> 0.8 | G24: =(1-H24)*$C$52 -> 0.33573588 | H24: =E24*$C$51 -> 0.32852824 | I24: =1-G24-H24 -> 0.33573588 | J24: 0.3 | K24: =INDEX('Income Distribution'!$G:$G,MATCH(A24,'Income Distribution'!$A:$A,0)) -> 0 | L24: {=INDEX($P24:$Z24,1,$D$47+2)*INDEX($P$2:$Z$2,1,$D$47+2)*N24} -> 0.2 | M24: MAAS substitution | N24: 1 | P24: 0.8 | Q24: 0.8 | R24: 0.2 | T24: =P24*0.5 -> 0.4 | U24: =Q24*0.5 -> 0.4 | V24: =R24*0.5 -> 0.1 | X24: =MIN(0.95,P24*3) -> 0.95 | Y24: =MIN(0.95,Q24*3) -> 0.95 | Z24: 0.4 | AB24: 0.3 | AC24: 0.5
A25: 22 | B25: Other transport (4701–4901) | C25: {=INDEX($P25:$Z25,1,$D$47)*INDEX($P$2:$Z$2,1,$D$47)*N25} -> 0.2 | D25: {=INDEX($P25:$Z25,1,$D$47+1)*INDEX($P$2:$Z$2,1,$D$47+1)*N25} -> 0.2 | E25: =SUMIF(Industries!$D$2:$D$116,A25,Industries!$F$2:$F$116)/SUMIF(Industries!$D$2:$D$116,A25,Industries!$H$2:$H$116) -> 0.56649477 | F25: =E25*C25+(1-E25)*D25 -> 0.2 | G25: =(1-H25)*$C$52 -> 0.35837631 | H25: =E25*$C$51 -> 0.28324739 | I25: =1-G25-H25 -> 0.35837631 | J25: 0.3 | K25: =INDEX('Income Distribution'!$G:$G,MATCH(A25,'Income Distribution'!$A:$A,0)) -> 1.1641782 | L25: {=INDEX($P25:$Z25,1,$D$47+2)*INDEX($P$2:$Z$2,1,$D$47+2)*N25} -> 0 | N25: 1 | P25: 0.2 | Q25: 0.2 | R25: 0 | T25: =P25*0.5 -> 0.1 | U25: =Q25*0.5 -> 0.1 | V25: =R25*0.5 -> 0 | X25: =MIN(0.95,P25*3) -> 0.6 | Y25: =MIN(0.95,Q25*3) -> 0.6 | Z25: 0 | AB25: 0.3 | AC25: 0.1
A26: 23 | B26: Courier, logistics and storage (5101/5201) | C26: {=INDEX($P26:$Z26,1,$D$47)*INDEX($P$2:$Z$2,1,$D$47)*N26} -> 0.6 | D26: {=INDEX($P26:$Z26,1,$D$47+1)*INDEX($P$2:$Z$2,1,$D$47+1)*N26} -> 0.6 | E26: =SUMIF(Industries!$D$2:$D$116,A26,Industries!$F$2:$F$116)/SUMIF(Industries!$D$2:$D$116,A26,Industries!$H$2:$H$116) -> 0.36055046 | F26: =E26*C26+(1-E26)*D26 -> 0.6 | G26: =(1-H26)*$C$52 -> 0.40986239 | H26: =E26*$C$51 -> 0.18027523 | I26: =1-G26-H26 -> 0.40986239 | J26: 0.3 | K26: =INDEX('Income Distribution'!$G:$G,MATCH(A26,'Income Distribution'!$A:$A,0)) -> 4.6064473 | L26: {=INDEX($P26:$Z26,1,$D$47+2)*INDEX($P$2:$Z$2,1,$D$47+2)*N26} -> 0 | N26: 1 | P26: 0.6 | Q26: 0.6 | R26: 0 | T26: =P26*0.5 -> 0.3 | U26: =Q26*0.5 -> 0.3 | V26: =R26*0.5 -> 0 | X26: =MIN(0.95,P26*3) -> 0.95 | Y26: =MIN(0.95,Q26*3) -> 0.95 | Z26: 0 | AB26: 0.3 | AC26: 0.3
A27: 24 | B27: Computer, internet and communications services (5701/5801/7001) | C27: {=INDEX($P27:$Z27,1,$D$47)*INDEX($P$2:$Z$2,1,$D$47)*N27} -> 0.15 | D27: {=INDEX($P27:$Z27,1,$D$47+1)*INDEX($P$2:$Z$2,1,$D$47+1)*N27} -> 0.15 | E27: =SUMIF(Industries!$D$2:$D$116,A27,Industries!$F$2:$F$116)/SUMIF(Industries!$D$2:$D$116,A27,Industries!$H$2:$H$116) -> 0.57389883 | F27: =E27*C27+(1-E27)*D27 -> 0.15 | G27: =(1-H27)*$C$52 -> 0.35652529 | H27: =E27*$C$51 -> 0.28694942 | I27: =1-G27-H27 -> 0.35652529 | J27: 0.8 | K27: =INDEX('Income Distribution'!$G:$G,MATCH(A27,'Income Distribution'!$A:$A,0)) -> 3.6169961 | L27: {=INDEX($P27:$Z27,1,$D$47+2)*INDEX($P$2:$Z$2,1,$D$47+2)*N27} -> 0 | M27: Assumed to include robots | N27: 1 | P27: 0.15 | Q27: 0.15 | R27: 0 | T27: =P27*0.5 -> 0.075 | U27: =Q27*0.5 -> 0.075 | V27: =R27*0.5 -> 0 | X27: =MIN(0.95,P27*3) -> 0.45 | Y27: =MIN(0.95,Q27*3) -> 0.45 | Z27: 0 | AB27: 0.8 | AC27: 0.2
A28: 25 | B28: Finance & insurance (6201–6401) | C28: {=INDEX($P28:$Z28,1,$D$47)*INDEX($P$2:$Z$2,1,$D$47)*N28} -> 0.5 | D28: {=INDEX($P28:$Z28,1,$D$47+1)*INDEX($P$2:$Z$2,1,$D$47+1)*N28} -> 0.5 | E28: =SUMIF(Industries!$D$2:$D$116,A28,Industries!$F$2:$F$116)/SUMIF(Industries!$D$2:$D$116,A28,Industries!$H$2:$H$116) -> 0.35893944 | F28: =E28*C28+(1-E28)*D28 -> 0.5 | G28: =(1-H28)*$C$52 -> 0.41026514 | H28: =E28*$C$51 -> 0.17946972 | I28: =1-G28-H28 -> 0.41026514 | J28: 0.3 | K28: =INDEX('Income Distribution'!$G:$G,MATCH(A28,'Income Distribution'!$A:$A,0)) -> 0 | L28: {=INDEX($P28:$Z28,1,$D$47+2)*INDEX($P$2:$Z$2,1,$D$47+2)*N28} -> 0 | N28: 1 | P28: 0.5 | Q28: 0.5 | R28: 0 | T28: =P28*0.5 -> 0.25 | U28: =Q28*0.5 -> 0.25 | V28: =R28*0.5 -> 0 | X28: =MIN(0.95,P28*3) -> 0.95 | Y28: =MIN(0.95,Q28*3) -> 0.95 | Z28: 0 | AB28: 0.3 | AC28: 0.15
A29: 26 | B29: Rental & hiring services (6601) | C29: {=INDEX($P29:$Z29,1,$D$47)*INDEX($P$2:$Z$2,1,$D$47)*N29} -> 0.5 | D29: {=INDEX($P29:$Z29,1,$D$47+1)*INDEX($P$2:$Z$2,1,$D$47+1)*N29} -> 0.5 | E29: =SUMIF(Industries!$D$2:$D$116,A29,Industries!$F$2:$F$116)/SUMIF(Industries!$D$2:$D$116,A29,Industries!$H$2:$H$116) -> 0.65793131 | F29: =E29*C29+(1-E29)*D29 -> 0.5 | G29: =(1-H29)*$C$52 -> 0.33551717 | H29: =E29*$C$51 -> 0.32896565 | I29: =1-G29-H29 -> 0.33551717 | J29: 0.4 | K29: =INDEX('Income Distribution'!$G:$G,MATCH(A29,'Income Distribution'!$A:$A,0)) -> 8.3499128 | L29: {=INDEX($P29:$Z29,1,$D$47+2)*INDEX($P$2:$Z$2,1,$D$47+2)*N29} -> 0 | N29: 1 | P29: 0.5 | Q29: 0.5 | R29: 0 | T29: =P29*0.5 -> 0.25 | U29: =Q29*0.5 -> 0.25 | V29: =R29*0.5 -> 0 | X29: =MIN(0.95,P29*3) -> 0.95 | Y29: =MIN(0.95,Q29*3) -> 0.95 | Z29: 0 | AB29: 0.4 | AC29: 0.2
A30: 27 | B30: Rent — imputed and actual (6700/6701) | C30: {=INDEX($P30:$Z30,1,$D$47)*INDEX($P$2:$Z$2,1,$D$47)*N30} -> 0 | D30: {=INDEX($P30:$Z30,1,$D$47+1)*INDEX($P$2:$Z$2,1,$D$47+1)*N30} -> 0 | E30: =SUMIF(Industries!$D$2:$D$116,A30,Industries!$F$2:$F$116)/SUMIF(Industries!$D$2:$D$116,A30,Industries!$H$2:$H$116) -> 0 | F30: =E30*C30+(1-E30)*D30 -> 0 | G30: =(1-H30)*$C$52 -> 0.5 | H30: =E30*$C$51 -> 0 | I30: =1-G30-H30 -> 0.5 | J30: 0.1 | K30: =INDEX('Income Distribution'!$G:$G,MATCH(A30,'Income Distribution'!$A:$A,0)) -> 1.2447715 | L30: {=INDEX($P30:$Z30,1,$D$47+2)*INDEX($P$2:$Z$2,1,$D$47+2)*N30} -> 0 | N30: 1 | P30: 0 | Q30: 0 | R30: 0 | T30: =P30*0.5 -> 0 | U30: =Q30*0.5 -> 0 | V30: =R30*0.5 -> 0 | X30: =MIN(0.95,P30*3) -> 0 | Y30: =MIN(0.95,Q30*3) -> 0 | Z30: 0 | AB30: 0.1 | AC30: 0
A31: 28 | B31: Property, agency & other services (6702/7210/9502) | C31: {=INDEX($P31:$Z31,1,$D$47)*INDEX($P$2:$Z$2,1,$D$47)*N31} -> 0.15 | D31: {=INDEX($P31:$Z31,1,$D$47+1)*INDEX($P$2:$Z$2,1,$D$47+1)*N31} -> 0.15 | E31: =SUMIF(Industries!$D$2:$D$116,A31,Industries!$F$2:$F$116)/SUMIF(Industries!$D$2:$D$116,A31,Industries!$H$2:$H$116) -> 0.69587875 | F31: =E31*C31+(1-E31)*D31 -> 0.15 | G31: =(1-H31)*$C$52 -> 0.32603031 | H31: =E31*$C$51 -> 0.34793938 | I31: =1-G31-H31 -> 0.32603031 | J31: 0.2 | K31: =INDEX('Income Distribution'!$G:$G,MATCH(A31,'Income Distribution'!$A:$A,0)) -> 0 | L31: {=INDEX($P31:$Z31,1,$D$47+2)*INDEX($P$2:$Z$2,1,$D$47+2)*N31} -> 0 | N31: 1 | P31: 0.15 | Q31: 0.15 | R31: 0 | T31: =P31*0.5 -> 0.075 | U31: =Q31*0.5 -> 0.075 | V31: =R31*0.5 -> 0 | X31: =MIN(0.95,P31*3) -> 0.45 | Y31: =MIN(0.95,Q31*3) -> 0.45 | Z31: 0 | AB31: 0.2 | AC31: 0.1
A32: 29 | B32: Professional, scientific & technical services (6901) | C32: {=INDEX($P32:$Z32,1,$D$47)*INDEX($P$2:$Z$2,1,$D$47)*N32} -> 0.6 | D32: {=INDEX($P32:$Z32,1,$D$47+1)*INDEX($P$2:$Z$2,1,$D$47+1)*N32} -> 0.6 | E32: =SUMIF(Industries!$D$2:$D$116,A32,Industries!$F$2:$F$116)/SUMIF(Industries!$D$2:$D$116,A32,Industries!$H$2:$H$116) -> 0.74004091 | F32: =E32*C32+(1-E32)*D32 -> 0.6 | G32: =(1-H32)*$C$52 -> 0.31498977 | H32: =E32*$C$51 -> 0.37002045 | I32: =1-G32-H32 -> 0.31498977 | J32: 0.1 | K32: =INDEX('Income Distribution'!$G:$G,MATCH(A32,'Income Distribution'!$A:$A,0)) -> 0.79449513 | L32: {=INDEX($P32:$Z32,1,$D$47+2)*INDEX($P$2:$Z$2,1,$D$47+2)*N32} -> 0 | N32: 1 | P32: 0.6 | Q32: 0.6 | R32: 0 | T32: =P32*0.5 -> 0.3 | U32: =Q32*0.5 -> 0.3 | V32: =R32*0.5 -> 0 | X32: =MIN(0.95,P32*3) -> 0.95 | Y32: =MIN(0.95,Q32*3) -> 0.95 | Z32: 0 | AB32: 0.1 | AC32: 0.4
A33: 30 | B33: Cleaning and maintenance services, excl vehicles (7310/9402) | C33: {=INDEX($P33:$Z33,1,$D$47)*INDEX($P$2:$Z$2,1,$D$47)*N33} -> 0.3 | D33: {=INDEX($P33:$Z33,1,$D$47+1)*INDEX($P$2:$Z$2,1,$D$47+1)*N33} -> 0.3 | E33: =SUMIF(Industries!$D$2:$D$116,A33,Industries!$F$2:$F$116)/SUMIF(Industries!$D$2:$D$116,A33,Industries!$H$2:$H$116) -> 0.7223387 | F33: =E33*C33+(1-E33)*D33 -> 0.3 | G33: =(1-H33)*$C$52 -> 0.31941532 | H33: =E33*$C$51 -> 0.36116935 | I33: =1-G33-H33 -> 0.31941532 | J33: 0.5 | K33: =INDEX('Income Distribution'!$G:$G,MATCH(A33,'Income Distribution'!$A:$A,0)) -> 5.2340194 | L33: {=INDEX($P33:$Z33,1,$D$47+2)*INDEX($P$2:$Z$2,1,$D$47+2)*N33} -> 0 | N33: 1 | P33: 0.3 | Q33: 0.3 | R33: 0 | T33: =P33*0.5 -> 0.15 | U33: =Q33*0.5 -> 0.15 | V33: =R33*0.5 -> 0 | X33: =MIN(0.95,P33*3) -> 0.9 | Y33: =MIN(0.95,Q33*3) -> 0.9 | Z33: 0 | AB33: 0.5 | AC33: 0.1
A34: 31 | B34: Public administration & regulation (7501) | C34: {=INDEX($P34:$Z34,1,$D$47)*INDEX($P$2:$Z$2,1,$D$47)*N34} -> 0.25 | D34: {=INDEX($P34:$Z34,1,$D$47+1)*INDEX($P$2:$Z$2,1,$D$47+1)*N34} -> 0.25 | E34: =SUMIF(Industries!$D$2:$D$116,A34,Industries!$F$2:$F$116)/SUMIF(Industries!$D$2:$D$116,A34,Industries!$H$2:$H$116) -> 0.8470019 | F34: =E34*C34+(1-E34)*D34 -> 0.25 | G34: =(1-H34)*$C$52 -> 0.28824953 | H34: =E34*$C$51 -> 0.42350095 | I34: =1-G34-H34 -> 0.28824953 | J34: 0 | K34: =INDEX('Income Distribution'!$G:$G,MATCH(A34,'Income Distribution'!$A:$A,0)) -> 0 | L34: {=INDEX($P34:$Z34,1,$D$47+2)*INDEX($P$2:$Z$2,1,$D$47+2)*N34} -> 0 | N34: 1 | P34: 0.25 | Q34: 0.25 | R34: 0 | T34: =P34*0.5 -> 0.125 | U34: =Q34*0.5 -> 0.125 | V34: =R34*0.5 -> 0 | X34: =MIN(0.95,P34*3) -> 0.75 | Y34: =MIN(0.95,Q34*3) -> 0.75 | Z34: 0 | AB34: 0 | AC34: 0.1
A35: 32 | B35: Defence (7601) | C35: {=INDEX($P35:$Z35,1,$D$47)*INDEX($P$2:$Z$2,1,$D$47)*N35} -> 0.25 | D35: {=INDEX($P35:$Z35,1,$D$47+1)*INDEX($P$2:$Z$2,1,$D$47+1)*N35} -> 0.25 | E35: =SUMIF(Industries!$D$2:$D$116,A35,Industries!$F$2:$F$116)/SUMIF(Industries!$D$2:$D$116,A35,Industries!$H$2:$H$116) -> 0.66039647 | F35: =E35*C35+(1-E35)*D35 -> 0.25 | G35: =(1-H35)*$C$52 -> 0.33490088 | H35: =E35*$C$51 -> 0.33019823 | I35: =1-G35-H35 -> 0.33490088 | J35: 0 | K35: =INDEX('Income Distribution'!$G:$G,MATCH(A35,'Income Distribution'!$A:$A,0)) -> 0 | L35: {=INDEX($P35:$Z35,1,$D$47+2)*INDEX($P$2:$Z$2,1,$D$47+2)*N35} -> 0 | N35: 1 | P35: 0.25 | Q35: 0.25 | R35: 0 | T35: =P35*0.5 -> 0.125 | U35: =Q35*0.5 -> 0.125 | V35: =R35*0.5 -> 0 | X35: =MIN(0.95,P35*3) -> 0.75 | Y35: =MIN(0.95,Q35*3) -> 0.75 | Z35: 0 | AB35: 0 | AC35: 0.1
A36: 33 | B36: Public order & safety (7701) | C36: {=INDEX($P36:$Z36,1,$D$47)*INDEX($P$2:$Z$2,1,$D$47)*N36} -> 0.1 | D36: {=INDEX($P36:$Z36,1,$D$47+1)*INDEX($P$2:$Z$2,1,$D$47+1)*N36} -> 0.1 | E36: =SUMIF(Industries!$D$2:$D$116,A36,Industries!$F$2:$F$116)/SUMIF(Industries!$D$2:$D$116,A36,Industries!$H$2:$H$116) -> 0.86699543 | F36: =E36*C36+(1-E36)*D36 -> 0.1 | G36: =(1-H36)*$C$52 -> 0.28325114 | H36: =E36*$C$51 -> 0.43349772 | I36: =1-G36-H36 -> 0.28325114 | J36: 0 | K36: =INDEX('Income Distribution'!$G:$G,MATCH(A36,'Income Distribution'!$A:$A,0)) -> 0 | L36: {=INDEX($P36:$Z36,1,$D$47+2)*INDEX($P$2:$Z$2,1,$D$47+2)*N36} -> 0 | N36: 1 | P36: 0.1 | Q36: 0.1 | R36: 0 | T36: =P36*0.5 -> 0.05 | U36: =Q36*0.5 -> 0.05 | V36: =R36*0.5 -> 0 | X36: =MIN(0.95,P36*3) -> 0.3 | Y36: =MIN(0.95,Q36*3) -> 0.3 | Z36: 0 | AB36: 0 | AC36: 0.1
A37: 34 | B37: Primary & secondary education (8010) | C37: {=INDEX($P37:$Z37,1,$D$47)*INDEX($P$2:$Z$2,1,$D$47)*N37} -> 0.5 | D37: {=INDEX($P37:$Z37,1,$D$47+1)*INDEX($P$2:$Z$2,1,$D$47+1)*N37} -> 0.5 | E37: =SUMIF(Industries!$D$2:$D$116,A37,Industries!$F$2:$F$116)/SUMIF(Industries!$D$2:$D$116,A37,Industries!$H$2:$H$116) -> 0.92036782 | F37: =E37*C37+(1-E37)*D37 -> 0.5 | G37: =(1-H37)*$C$52 -> 0.26990804 | H37: =E37*$C$51 -> 0.46018391 | I37: =1-G37-H37 -> 0.26990804 | J37: 0 | K37: =INDEX('Income Distribution'!$G:$G,MATCH(A37,'Income Distribution'!$A:$A,0)) -> 0 | L37: {=INDEX($P37:$Z37,1,$D$47+2)*INDEX($P$2:$Z$2,1,$D$47+2)*N37} -> 0 | N37: 1 | P37: 0.5 | Q37: 0.5 | R37: 0 | T37: =P37*0.5 -> 0.25 | U37: =Q37*0.5 -> 0.25 | V37: =R37*0.5 -> 0 | X37: =MIN(0.95,P37*3) -> 0.95 | Y37: =MIN(0.95,Q37*3) -> 0.95 | Z37: 0 | AB37: 0 | AC37: 0.1
A38: 35 | B38: Tertiary education (8110) | C38: {=INDEX($P38:$Z38,1,$D$47)*INDEX($P$2:$Z$2,1,$D$47)*N38} -> 0.5 | D38: {=INDEX($P38:$Z38,1,$D$47+1)*INDEX($P$2:$Z$2,1,$D$47+1)*N38} -> 0.5 | E38: =SUMIF(Industries!$D$2:$D$116,A38,Industries!$F$2:$F$116)/SUMIF(Industries!$D$2:$D$116,A38,Industries!$H$2:$H$116) -> 0.90227192 | F38: =E38*C38+(1-E38)*D38 -> 0.5 | G38: =(1-H38)*$C$52 -> 0.27443202 | H38: =E38*$C$51 -> 0.45113596 | I38: =1-G38-H38 -> 0.27443202 | J38: 0.2 | K38: =INDEX('Income Distribution'!$G:$G,MATCH(A38,'Income Distribution'!$A:$A,0)) -> 0 | L38: {=INDEX($P38:$Z38,1,$D$47+2)*INDEX($P$2:$Z$2,1,$D$47+2)*N38} -> -0.5 | M38: Reduced demand for degrees and research | N38: 1 | P38: 0.5 | Q38: 0.5 | R38: -0.5 | T38: =P38*0.5 -> 0.25 | U38: =Q38*0.5 -> 0.25 | V38: =R38*0.5 -> -0.25 | X38: =MIN(0.95,P38*3) -> 0.95 | Y38: =MIN(0.95,Q38*3) -> 0.95 | Z38: -0.95 | AB38: 0.2 | AC38: 0.3
A39: 36 | B39: Health care (8401) | C39: {=INDEX($P39:$Z39,1,$D$47)*INDEX($P$2:$Z$2,1,$D$47)*N39} -> 0.5 | D39: {=INDEX($P39:$Z39,1,$D$47+1)*INDEX($P$2:$Z$2,1,$D$47+1)*N39} -> 0.5 | E39: =SUMIF(Industries!$D$2:$D$116,A39,Industries!$F$2:$F$116)/SUMIF(Industries!$D$2:$D$116,A39,Industries!$H$2:$H$116) -> 0.82458884 | F39: =E39*C39+(1-E39)*D39 -> 0.5 | G39: =(1-H39)*$C$52 -> 0.29385279 | H39: =E39*$C$51 -> 0.41229442 | I39: =1-G39-H39 -> 0.29385279 | J39: 0.2 | K39: =INDEX('Income Distribution'!$G:$G,MATCH(A39,'Income Distribution'!$A:$A,0)) -> 0.69571622 | L39: {=INDEX($P39:$Z39,1,$D$47+2)*INDEX($P$2:$Z$2,1,$D$47+2)*N39} -> -0.5 | M39: Improved health | N39: 1 | P39: 0.5 | Q39: 0.5 | R39: -0.5 | T39: =P39*0.5 -> 0.25 | U39: =Q39*0.5 -> 0.25 | V39: =R39*0.5 -> -0.25 | X39: =MIN(0.95,P39*3) -> 0.95 | Y39: =MIN(0.95,Q39*3) -> 0.95 | Z39: -0.95 | AB39: 0.2 | AC39: 0.5
A40: 37 | B40: Aged and social services (8601) | C40: {=INDEX($P40:$Z40,1,$D$47)*INDEX($P$2:$Z$2,1,$D$47)*N40} -> 0.25 | D40: {=INDEX($P40:$Z40,1,$D$47+1)*INDEX($P$2:$Z$2,1,$D$47+1)*N40} -> 0.25 | E40: =SUMIF(Industries!$D$2:$D$116,A40,Industries!$F$2:$F$116)/SUMIF(Industries!$D$2:$D$116,A40,Industries!$H$2:$H$116) -> 0.89375567 | F40: =E40*C40+(1-E40)*D40 -> 0.25 | G40: =(1-H40)*$C$52 -> 0.27656108 | H40: =E40*$C$51 -> 0.44687783 | I40: =1-G40-H40 -> 0.27656108 | J40: 0.2 | K40: =INDEX('Income Distribution'!$G:$G,MATCH(A40,'Income Distribution'!$A:$A,0)) -> 1.0663237 | L40: {=INDEX($P40:$Z40,1,$D$47+2)*INDEX($P$2:$Z$2,1,$D$47+2)*N40} -> -0.5 | M40: Improved health | N40: 1 | P40: 0.25 | Q40: 0.25 | R40: -0.5 | T40: =P40*0.5 -> 0.125 | U40: =Q40*0.5 -> 0.125 | V40: =R40*0.5 -> -0.25 | X40: =MIN(0.95,P40*3) -> 0.75 | Y40: =MIN(0.95,Q40*3) -> 0.75 | Z40: -0.95 | AB40: 0.2 | AC40: 0.25
A41: 38 | B41: Automotive repair (9401) | C41: {=INDEX($P41:$Z41,1,$D$47)*INDEX($P$2:$Z$2,1,$D$47)*N41} -> 0.5 | D41: {=INDEX($P41:$Z41,1,$D$47+1)*INDEX($P$2:$Z$2,1,$D$47+1)*N41} -> 0.5 | E41: =SUMIF(Industries!$D$2:$D$116,A41,Industries!$F$2:$F$116)/SUMIF(Industries!$D$2:$D$116,A41,Industries!$H$2:$H$116) -> 0.72432149 | F41: =E41*C41+(1-E41)*D41 -> 0.5 | G41: =(1-H41)*$C$52 -> 0.31891963 | H41: =E41*$C$51 -> 0.36216075 | I41: =1-G41-H41 -> 0.31891963 | J41: 0 | K41: =INDEX('Income Distribution'!$G:$G,MATCH(A41,'Income Distribution'!$A:$A,0)) -> 0 | L41: {=INDEX($P41:$Z41,1,$D$47+2)*INDEX($P$2:$Z$2,1,$D$47+2)*N41} -> -0.8 | M41: MAAS substitution | N41: 1 | P41: 0.5 | Q41: 0.5 | R41: -0.8 | T41: =P41*0.5 -> 0.25 | U41: =Q41*0.5 -> 0.25 | V41: =R41*0.5 -> -0.4 | X41: =MIN(0.95,P41*3) -> 0.95 | Y41: =MIN(0.95,Q41*3) -> 0.95 | Z41: -0.95 | AB41: 0 | AC41: 0.1
A42: 39 | B42: Personal services (9501) | C42: {=INDEX($P42:$Z42,1,$D$47)*INDEX($P$2:$Z$2,1,$D$47)*N42} -> 0.05 | D42: {=INDEX($P42:$Z42,1,$D$47+1)*INDEX($P$2:$Z$2,1,$D$47+1)*N42} -> 0.05 | E42: =SUMIF(Industries!$D$2:$D$116,A42,Industries!$F$2:$F$116)/SUMIF(Industries!$D$2:$D$116,A42,Industries!$H$2:$H$116) -> 0.78752044 | F42: =E42*C42+(1-E42)*D42 -> 0.05 | G42: =(1-H42)*$C$52 -> 0.30311989 | H42: =E42*$C$51 -> 0.39376022 | I42: =1-G42-H42 -> 0.30311989 | J42: 1 | K42: =INDEX('Income Distribution'!$G:$G,MATCH(A42,'Income Distribution'!$A:$A,0)) -> 4.1869838 | L42: {=INDEX($P42:$Z42,1,$D$47+2)*INDEX($P$2:$Z$2,1,$D$47+2)*N42} -> 0 | N42: 1 | P42: 0.05 | Q42: 0.05 | R42: 0 | T42: =P42*0.5 -> 0.025 | U42: =Q42*0.5 -> 0.025 | V42: =R42*0.5 -> 0 | X42: =MIN(0.95,P42*3) -> 0.15 | Y42: =MIN(0.95,Q42*3) -> 0.15 | Z42: 0 | AB42: 1 | AC42: 0.1
A43: 40 | B43: Human-centric innovation | C43: 0 | D43: 0 | E43: 0.75 | F43: =E43*C43+(1-E43)*D43 -> 0 | G43: =(1-H43)*$C$52 -> 0.3125 | H43: =E43*$C$51 -> 0.375 | I43: =1-G43-H43 -> 0.3125 | J43: 0 | K43: 0 | L43: 0 | M43: Innovation residual | N43: 1 | P43: 0 | Q43: 0 | R43: 0 | T43: 0 | U43: 0 | V43: 0 | X43: 0 | Y43: 0 | Z43: 0 | AB43: 0 | AC43: 0
A44: 41 | B44: AI-augmented innovation | C44: 0 | D44: 0 | E44: 0.25 | F44: =E44*C44+(1-E44)*D44 -> 0 | G44: =(1-H44)*$C$52 -> 0.4375 | H44: =E44*$C$51 -> 0.125 | I44: =1-G44-H44 -> 0.4375 | J44: 0 | K44: 0 | L44: 0 | M44: Innovation residual | N44: 1 | P44: 0 | Q44: 0 | R44: 0 | T44: 0 | U44: 0 | V44: 0 | X44: 0 | Y44: 0 | Z44: 0 | AB44: 0 | AC44: 0
A46: Macro Parameters
A47: Scenario | C47: Central | D47: =VLOOKUP(C47,$A$136:$B$138,2,FALSE) -> 1
A48: Marginal propensity to consume wage and salary income | C48: 1
A49: Marginal propensity to consume return on capital income | C49: 1
A50: Exogenous export change | C50: 0
A51: Multiplier for share of TFP increase captured by labour | C51: 0.5
A52: Share of residual TFP competed away | C52: 0.5
A53: Residual share of TFP increase returned to capital | C53: =1-C52 -> 0.5
A54: AI / robot substitution payback period (years) | C54: 1
A55: AI / robotics depreciation rate | C55: 0.2
A56: Share of innovation demand to human-centric industries | C56: 0.5
A57: Aggregate consumption stimulus (Income Change) | C57: ='Projected Table 5'!EC152 -> 0.50581683 | D57: ='Projected Table 5'!EC152-'Scenario Parameters'!C57 -> 0
A59: Intermediate inputs
A60: TFP price deflator | C60: =(SUMPRODUCT('Base Table 5'!DY4:DY118,'Projection Engine'!AZ5:AZ119)/'Base Table 5'!DY122) -> 0.9007776
A61: Tax uplift | C61: =('Projection Engine'!M122+'Projected Table 5'!DR139)/'Projection Engine'!M122-1 -> 0.11719608
A62: Government final consumption spending change | C62: =(1+'Projection Engine'!M125)*(1+C61)-1 -> 0.55338326
A63: Gross fixed capital formation change | C63: =SUM('Projection Engine'!N122:P122)/SUM('Projection Engine'!N124:P124)-1 -> 0.13020311
A64: Export / import ratio | C64: ='Base Table 5'!DW122/'Base Table 5'!DY129 -> 1.0674898
A65: Deflated value of current exports | C65: {=SUMPRODUCT('Projection Engine'!AT5:AT119*(1+'Projection Engine'!AF5:AF119)*(1+'Projection Engine'!H5:H119))} -> 287269.04
A66: Deflated value of competing imports | C66: {=SUMPRODUCT('Projected Table 5'!DQ122:DW122 / 'Base Table 5'!DQ122:DW122 * 'Base Table 5'!DQ129:DW129) * 'Scenario Parameters'!C60} -> 346727.6
A67: Imports adjustment factor | C67: ='Projection Engine'!Z122 / (C65 + C66) / 'Scenario Parameters'!C64 -> 0.68721836
A68: Household investment in residential construction excluding income effect (addition to capital stock) | C68: ='Projection Engine'!N74*(1+'Projection Engine'!K74)*(1+'Projection Engine'!H74)*(1/(1+('Projection Engine'!H74*'Projection Engine'!I78))) -> 83674.305
A69: Household investment in residential construction - income effect (logistic method) | C69: =C68*('Income Distribution'!$C$50/(1+EXP(-'Projection Engine'!J74*'Income Distribution'!$C$50/('Income Distribution'!$C$50-1)*('Scenario Parameters'!C57)+LN('Income Distribution'!$C$50-1)))) - C68 -> 60944.008
A70: IA / robotics assumed investment (addition to capital stock) | C70: ='Projection Engine'!BA122*C54 -> 732806.8
A71: AI / robotics one year investment | C71: =C55*C70 -> 146561.36
A72: Household investment in residential construction - income effect (linear method) | C72: ='Scenario Parameters'!C68*(1+'Scenario Parameters'!$C$57*'Projection Engine'!J74)-'Scenario Parameters'!C68 -> 77415.436
A73: Net difference in income between logistic and linear income elasticity methods | C73: =SUM('Projection Engine'!BB5:BB119)-SUM('Projection Engine'!T5:T119)+C72-C69 -> 209537.12
A74: Income over demand saturation available for new industries | C74: =C73/'Projected Table 5'!DY140 -> 0.053150884
A75: Average wage - human-centric innovation ($000 per FTE) | C75: 58.3
A76: Average wage - AI-augmented innovation ($000 per FTE) | C76: 135
A77: Change in Government fiscal balance | C77: ='Base Table 5'!DR122-'Projected Table 5'!DR122+'Projected Table 5'!DY126+'Projected Table 5'!DY127-'Base Table 5'!DY126-'Base Table 5'!DY127 -> -3.1414675e-07
A80: Key Outputs
A81: Real GDP change | C81: ='Projected Table 5'!DY140/'Base Table 5'!DY135-1 -> 0.47099647
A82: Employment | C82: =Employment!N123 -> -0.03220514
A83: Final demand weighted cost saving | C83: =('Projection Engine'!S122/('Projection Engine'!S122-'Projection Engine'!BA122))-1 -> 0.34732546
A84: Domar-weighted TFP change | C84: =SUMPRODUCT('Base Table 5'!DY4:DY118,Industries!K2:K116)/'Base Table 5'!DY135 -> 0.56652152
A85: Real change in salary and wage income | C85: ='Projected Table 5'!EC141 -> 0.23513842
A86: Real change in capital income | C86: ='Projected Table 5'!EC142 -> 0.93419842
A87: Real change in aggregate household income | C87: =('Projected Table 5'!DY141+'Projected Table 5'!DY142)/('Projected Table 5'!EA141+'Projected Table 5'!EA142)-1 -> 0.56747932
A88: P1 share of income - current | C88: ='Base Table 5'!DP124/('Base Table 5'!DP124+'Base Table 5'!DP125) -> 0.52458887
A89: P2 share of income - current | C89: =1-C88 -> 0.47541113
A90: P1 share of income - projected | C90: ='Projected Table 5'!DP124/('Projected Table 5'!$DP$124+'Projected Table 5'!$DP$125) -> 0.41336422
A91: P2 share of income - projected | C91: =1-C90 -> 0.58663578
A92: Trade balance - current | C92: ='Base Table 5'!DW122-'Base Table 5'!DY129 -> 40739.878
A93: Trade balance - projected (nominal) | C93: ='Projected Table 5'!DW122-'Projected Table 5'!DY129 -> 29404.909
A94: Leakages as share of real final GDP | C94: ='Projected Table 5'!DS145 -> -0.0028752121
A95: New industries percentage of total employment | C95: =(Employment!M119+Employment!M120)/Employment!M122 -> 0.12331539
A97: Notes: Industry Group Parameters
A98: Labour productivity increase is the reduction in FTE hypothesised as being achievable by substitution of AI and robotics for humans.
A99: Capital productivity increase is the improvement in capital efficiency (debt and equity) hypothesised as being achievable due to AI and robotics. It is primarily driven by improved asset utilisation - eg autonomous trucks being able to operate without rest breaks.
A100: Labour ratio is the share of value generated that is captured in compensation to employees, as a percentage of total value generated from labour and capital.
A101: TFP increase is the increases in labour and capital productivity multiplied by their shares of value to give Total Factor Productivity.
A102: Share of TFP change competed away is the proportion of the TFP increase that is assumed to be returned to consumers. It is assumed to be half of the TFP increase not captured in higher wages.
A103: Share of TFP change captured by labour is the share of TFP that goes to employees as higher real wages. It is assumed to be the starting proportion of income returned to labour for the industry times 50%. Conceptually, it implies that labour captures proportionately more of the TFP increase when the industry is more labour intensive.
A104: Share of TFP change captured by capital is the proportion of TFP that is retained by businesses to cover the capital cost of AI and robots and / or increase the profit margin. At this level of detail it is not possible, or nescessary, to distinguish.
A105: Price elasticity (column J) is the percentage increase in household consumption demand in response to a drop in price of x%. For example, if price fell 10% and the elasticity was 100%, demand would increase by 10% (noting that mathematically this is slightly incorrect). This is a point elasticity, not a coefficient.
...

Sheet Results
A2: Hard Copies of Results (column C of Scenario Parameters)
A3: Scenario | B3: Central | C3: Low | D3: High | E3: Central | F3: Low | G3: High | H3: Central | I3: Low | J3: High | K3: Central | L3: Low | M3: High
B4: Base Case | E4: MPC Capital Returns = 50% | H4: 90% of excess income to new employment intensive industries | K4: 2-year payback period / 30% depreciation
A5: Macro Parameters
A6: Marginal propensity to consume wage and salary income | B6: 1 | C6: 1 | D6: 1 | E6: 1 | F6: 1 | G6: 1 | H6: 1 | I6: 1 | J6: 1 | K6: 1 | L6: 1 | M6: 1
A7: Marginal propensity to consume return on capital income | B7: 1 | C7: 1 | D7: 1 | E7: 0.5 | F7: 0.5 | G7: 0.5 | H7: 1 | I7: 1 | J7: 1 | K7: 1 | L7: 1 | M7: 1
A8: Exogenous export change | B8: 0 | C8: 0 | D8: 0 | E8: 0 | F8: 0 | G8: 0 | H8: 0 | I8: 0 | J8: 0 | K8: 0 | L8: 0 | M8: 0
A9: Multiplier for share of TFP increase captured by labour | B9: 0.5 | C9: 0.5 | D9: 0.5 | E9: 0.5 | F9: 0.5 | G9: 0.5 | H9: 0.5 | I9: 0.5 | J9: 0.5 | K9: 0.5 | L9: 0.5 | M9: 0.5
A10: Share of residual TFP competed away | B10: 0.5 | C10: 0.5 | D10: 0.5 | E10: 0.5 | F10: 0.5 | G10: 0.5 | H10: 0.5 | I10: 0.5 | J10: 0.5 | K10: 0.5 | L10: 0.5 | M10: 0.5
A11: Residual share of TFP increase returned to capital | B11: 0.5 | C11: 0.5 | D11: 0.5 | E11: 0.5 | F11: 0.5 | G11: 0.5 | H11: 0.5 | I11: 0.5 | J11: 0.5 | K11: 0.5 | L11: 0.5 | M11: 0.5
A12: AI / robot substitution payback period (years) | B12: 1 | C12: 1 | D12: 1 | E12: 1 | F12: 1 | G12: 1 | H12: 1 | I12: 1 | J12: 1 | K12: 2 | L12: 2 | M12: 2
A13: AI / robotics depreciation rate | B13: 0.2 | C13: 0.2 | D13: 0.2 | E13: 0.2 | F13: 0.2 | G13: 0.2 | H13: 0.2 | I13: 0.2 | J13: 0.2 | K13: 0.3 | L13: 0.3 | M13: 0.3
A14: Share of innovation demand to human-centric industries | B14: 0.5 | C14: 0.5 | D14: 0.5 | E14: 0.5 | F14: 0.5 | G14: 0.5 | H14: 0.9 | I14: 0.9 | J14: 0.9 | K14: 0.5 | L14: 0.5 | M14: 0.5
A15: Aggregate consumption stimulus (Income Change) | B15: 0.50581688 | C15: 0.18643656 | D15: 1.4467973 | E15: 0.11500595 | F15: 0.050477604 | G15: 0.15546738 | H15: 0.50581682 | I15: 0.18643656 | J15: 1.446798 | K15: 0.80547451 | L15: 0.26439299 | M15: 2.5560878
A17: Intermediate inputs
A18: TFP price deflator | B18: 0.9007776 | C18: 0.9503888 | D18: 0.79750444 | E18: 0.9007776 | F18: 0.9503888 | G18: 0.79750444 | H18: 0.9007776 | I18: 0.9503888 | J18: 0.79750444 | K18: 0.9007776 | L18: 0.9503888 | M18: 0.79750444
A19: Tax uplift | B19: 0.11719609 | C19: 0.053097396 | D19: 0.19054881 | E19: 0.032082767 | F19: 0.014360031 | G19: 0.055398059 | H19: 0.11719607 | I19: 0.053097396 | J19: 0.19054883 | K19: 0.22900942 | L19: 0.11018924 | M19: 0.36213679
A20: Government final consumption spending change | B20: 0.55338327 | C20: 0.23248775 | D20: 1.4505626 | E20: 0.43503913 | F20: 0.18715165 | G20: 1.1723755 | H20: 0.55338325 | I20: 0.23248775 | J20: 1.4505627 | K20: 0.70885191 | L20: 0.29930493 | M20: 1.8037502
A21: Gross fixed capital formation change | B21: 0.13020311 | C21: 0.061320484 | D21: 0.3159094 | E21: 0.13020311 | F21: 0.061320484 | G21: 0.3159094 | H21: 0.13020311 | I21: 0.061320484 | J21: 0.3159094 | K21: 0.13020311 | L21: 0.061320484 | M21: 0.3159094
A22: Export / import ratio | B22: 1.0674898 | C22: 1.0674898 | D22: 1.0674898 | E22: 1.0674898 | F22: 1.0674898 | G22: 1.0674898 | H22: 1.0674898 | I22: 1.0674898 | J22: 1.0674898 | K22: 1.0674898 | L22: 1.0674898 | M22: 1.0674898
A23: Deflated value of current exports | B23: 287269.05 | C23: 291567.17 | D23: 268518.19 | E23: 259094.06 | F23: 277086.88 | G23: 232859.06 | H23: 287269.04 | I23: 291567.17 | J23: 268518.2 | K23: 326031.33 | L23: 313278.65 | M23: 324405.97
A24: Deflated value of competing imports | B24: 346727.6 | C24: 325632.62 | D24: 346048.17 | E24: 297466.13 | F24: 301553.77 | G24: 278413.73 | H24: 346727.59 | I24: 325632.62 | J24: 346048.18 | K24: 423265.52 | L24: 367060.74 | M24: 456718.47
A25: Imports adjustment factor | B25: 0.68721835 | C25: 0.83913492 | D25: 0.68420755 | E25: 0.78283381 | F25: 0.89505273 | G25: 0.82243952 | H25: 0.68721837 | I25: 0.83913492 | J25: 0.68420753 | K25: 0.58147066 | L25: 0.76125814 | M25: 0.53831493
A26: Household investment in residential construction excluding income effect (addition to capital stock) | B26: 83674.305 | C26: 87402.951 | D26: 74537.719 | E26: 83674.305 | F26: 87402.951 | G26: 74537.719 | H26: 83674.305 | I26: 87402.951 | J26: 74537.719 | K26: 83674.305 | L26: 87402.951 | M26: 74537.719
A27: Household investment in residential construction - income effect (logistic method) | B27: 60944.012 | C27: 28701.651 | D27: 73791.917 | E27: 17346.582 | F27: 8047.0253 | G27: 20642.728 | H27: 60944.007 | I27: 28701.651 | J27: 73791.919 | K27: 75324.186 | L27: 39255.048 | M27: 74524.766
A28: IA / robotics assumed investment (addition to capital stock) | B28: 732806.8 | C28: 366403.4 | D28: 1535731.7 | E28: 732806.8 | F28: 366403.4 | G28: 1535731.7 | H28: 732806.8 | I28: 366403.4 | J28: 1535731.7 | K28: 1465613.6 | L28: 732806.8 | M28: 3071463.4
A29: AI / robotics one year investment | B29: 146561.36 | C29: 73280.68 | D29: 307146.34 | E29: 146561.36 | F29: 73280.68 | G29: 307146.34 | H29: 146561.36 | I29: 73280.68 | J29: 307146.34 | K29: 439684.08 | L29: 219842.04 | M29: 921439.02
... A35: Change in Government fiscal balance | B35: -0.0024597918 | C35: -8.9646317e-05 | D35: 0.014287587 | E35: -7.628242e-05 | F35: -7.818517e-05 | G35: -8.2688814e-05 | H35: 0.00092141045 | I35: 3.9930601e-05 | J35: 0.010327021 | K35: 6.4616906e-05 | L35: -0.00022768171 | M35: 0.0062006949
A38: Key Outputs
A39: Real GDP change | B39: 0.4709965 | C39: 0.20639916 | D39: 0.91128798 | E39: 0.28499205 | F39: 0.12930669 | G39: 0.56808268 | H39: 0.47099646 | I39: 0.20639916 | J39: 0.91128804 | K39: 0.72523677 | L39: 0.32377442 | M39: 1.3798631
A40: Employment | B40: -0.032205101 | C40: -0.039413589 | D40: 0.082546102 | E40: -0.20697405 | F40: -0.10173932 | G40: -0.52372619 | H40: 0.039241529 | I40: -0.021756508 | J40: 0.43318224 | K40: 0.22560236 | L40: 0.054468158 | M40: 0.87101524
A41: Final demand weighted cost saving | B41: 0.34732546 | C41: 0.14796647 | D41: 1.1750668 | E41: 0.34732546 | F41: 0.14796647 | G41: 1.1750668 | H41: 0.34732546 | I41: 0.14796647 | J41: 1.1750668 | K41: 0.34732546 | L41: 0.14796647 | M41: 1.1750668
A42: Domar-weighted TFP change | B42: 0.56652152 | C42: 0.28326076 | D42: 1.2131525 | E42: 0.56652152 | F42: 0.28326076 | G42: 1.2131525 | H42: 0.56652152 | I42: 0.28326076 | J42: 1.2131525 | K42: 0.56652152 | L42: 0.28326076 | M42: 1.2131525
A43: Real change in salary and wage income | B43: 0.23513845 | C43: 0.10902038 | D43: 0.3943063 | E43: 0.056510659 | F43: 0.047706376 | G43: -0.24810902 | H43: 0.2764351 | I43: 0.11813352 | J43: 0.63356604 | K43: 0.5605558 | L43: 0.23005773 | M43: 1.3693677
A44: Real change in capital income | B44: 0.93419848 | C44: 0.35410961 | D44: 2.7567887 | E44: 0.60982436 | F44: 0.25181892 | G44: 1.6034755 | H44: 0.88862987 | I44: 0.34405379 | J44: 2.4927806 | K44: 1.3205601 | L44: 0.47833307 | M44: 4.1129025
A45: Real change in aggregate household income | B45: 0.56747937 | C45: 0.22553853 | D45: 1.5174567 | E45: 0.31956215 | F45: 0.14474375 | G45: 0.63215487 | H45: 0.56747931 | I45: 0.22553853 | J45: 1.5174574 | K45: 0.92187029 | L45: 0.34809059 | M45: 2.6736747
A46: P1 share of income - current | B46: 0.52458887 | C46: 0.52458887 | D46: 0.52458887 | E46: 0.52458887 | F46: 0.52458887 | G46: 0.52458887 | H46: 0.52458887 | I46: 0.52458887 | J46: 0.52458887 | K46: 0.52458887 | L46: 0.52458887 | M46: 0.52458887
A47: P2 share of income - current | B47: 0.47541113 | C47: 0.47541113 | D47: 0.47541113 | E47: 0.47541113 | F47: 0.47541113 | G47: 0.47541113 | H47: 0.47541113 | I47: 0.47541113 | J47: 0.47541113 | K47: 0.47541113 | L47: 0.47541113 | M47: 0.47541113
A48: P1 share of income - projected | B48: 0.41336422 | C48: 0.47471355 | D48: 0.29054623 | E48: 0.42001336 | F48: 0.48012064 | G48: 0.24166435 | H48: 0.427185 | I48: 0.47861441 | J48: 0.34040321 | K48: 0.42596538 | L48: 0.47865819 | M48: 0.33833805
A49: P2 share of income - projected | B49: 0.58663578 | C49: 0.52528645 | D49: 0.70945377 | E49: 0.57998664 | F49: 0.51987936 | G49: 0.75833565 | H49: 0.572815 | I49: 0.52138559 | J49: 0.65959679 | K49: 0.57403462 | L49: 0.52134181 | M49: 0.66166195
A50: Trade balance - current | B50: 40739.878 | C50: 40739.878 | D50: 40739.878 | E50: 40739.878 | F50: 40739.878 | G50: 40739.878 | H50: 40739.878 | I50: 40739.878 | J50: 40739.878 | K50: 40739.878 | L50: 40739.878 | M50: 40739.878
... A53: New industries percentage of total employment | B53: 0.12331541 | C53: 0.030704426 | D53: 0.54103792 | E53: 0.056466124 | F53: 0.024752668 | G53: 0.14515498 | H53: 0.18358646 | I53: 0.0482 | J53: 0.65332557 | K53: 0.19326241 | L53: 0.037319327 | M53: 0.66150178

Sheet Industry Divisions
B2: Risk free rate | C2: 0.05
B3: Assumed nominal population growth | C3: 0.013
S4: Of which:
B5: Industry Division | C5: Starting capital stock | D5: GFCF | E5: Consumption / Return of capital | F5: Revaluation | G5: Ending Capital Stock | H5: Gross operating surplus mixed income | I5: Normal return on capital | J5: Normal cost of capital | K5: Risk profit | L5: Risk profit % on total surplus | M5: Risk profit % on capital stock | N5: Revaluation percent | O5: Implied Enhancement Share | P5: Implied enhancement % of starting stock | Q5: Surplus over population growth | R5: Investment % on base | S5: Renewal | T5: Natural growth | U5: Productivity | W5: Productiviity capital | X5: Implied depreciation rate
A6: A | B6: Agriculture, forestry and fishing | C6: 188680 | D6: 16436 | E6: 21090 | F6: 9253 | G6: =C6+D6-E6+F6 -> 193279 | H6: =SUMIF('Projection Engine'!$C$5:$C$119,A6,'Projection Engine'!$AM$5:$AM$119) -> 40912 | I6: =C6*$C$2 -> 9434 | J6: =E6+I6 -> 30524 | K6: =H6-J6 -> 10388 | L6: =K6/H6 -> 0.25391083 | M6: =K6/C6 -> 0.05505618 | N6: =F6/C6 -> 0.049040704 | O6: =1-S6 -> 0 | P6: =MAX((D6-E6)/C6,0) -> 0 | Q6: =MAX(0,P6-$C$3) -> 0 | R6: =D6/C6 -> 0.087110452 | S6: =MIN(1,E6/D6) -> 1 | T6: =MIN(1-S6,($C$3*C6)/D6) -> 0 | U6: =1-S6-T6 -> 0 | W6: =U6*D6 -> 0 | X6: =E6/C6 -> 0.11177655
A7: B | B7: Mining | C7: 1106979 | D7: 77879 | E7: 72726 | F7: 42392 | G7: =C7+D7-E7+F7 -> 1154524 | H7: =SUMIF('Projection Engine'!$C$5:$C$119,A7,'Projection Engine'!$AM$5:$AM$119) -> 246134 | I7: =C7*$C$2 -> 55348.95 | J7: =E7+I7 -> 128074.95 | K7: =H7-J7 -> 118059.05 | L7: =K7/H7 -> 0.47965356 | M7: =K7/C7 -> 0.10664976 | N7: =F7/C7 -> 0.038295216 | O7: =1-S7 -> 0.066166746 | P7: =MAX((D7-E7)/C7,0) -> 0.0046550115 | Q7: =MAX(0,P7-$C$3) -> 0 | R7: =D7/C7 -> 0.070352735 | S7: =MIN(1,E7/D7) -> 0.93383325 | T7: =MIN(1-S7,($C$3*C7)/D7) -> 0.066166746 | U7: =1-S7-T7 -> 0 | W7: =U7*D7 -> 0 | X7: =E7/C7 -> 0.065697723
A8: C | B8: Manufacturing | C8: 213426 | D8: 27069 | E8: 22819 | F8: 7985 | G8: =C8+D8-E8+F8 -> 225661 | H8: =SUMIF('Projection Engine'!$C$5:$C$119,A8,'Projection Engine'!$AM$5:$AM$119) -> 57088 | I8: =C8*$C$2 -> 10671.3 | J8: =E8+I8 -> 33490.3 | K8: =H8-J8 -> 23597.7 | L8: =K8/H8 -> 0.41335657 | M8: =K8/C8 -> 0.11056619 | N8: =F8/C8 -> 0.037413436 | O8: =1-S8 -> 0.15700617 | P8: =MAX((D8-E8)/C8,0) -> 0.019913225 | Q8: =MAX(0,P8-$C$3) -> 0.0069132252 | R8: =D8/C8 -> 0.12683085 | S8: =MIN(1,E8/D8) -> 0.84299383 | T8: =MIN(1-S8,($C$3*C8)/D8) -> 0.10249873 | U8: =1-S8-T8 -> 0.054507444 | W8: =U8*D8 -> 1475.462 | X8: =E8/C8 -> 0.10691762
A9: D | B9: Electricity, gas, water and waste services | C9: 563849 | D9: 50013 | E9: 22994 | F9: 17864 | G9: =C9+D9-E9+F9 -> 608732 | H9: =SUMIF('Projection Engine'!$C$5:$C$119,A9,'Projection Engine'!$AM$5:$AM$119) -> 34608 | I9: =C9*$C$2 -> 28192.45 | J9: =E9+I9 -> 51186.45 | K9: =H9-J9 -> -16578.45 | L9: =K9/H9 -> -0.47903519 | M9: =K9/C9 -> -0.029402287 | N9: =F9/C9 -> 0.031682241 | O9: =1-S9 -> 0.54023954 | P9: =MAX((D9-E9)/C9,0) -> 0.047918858 | Q9: =MAX(0,P9-$C$3) -> 0.034918858 | R9: =D9/C9 -> 0.088699279 | S9: =MIN(1,E9/D9) -> 0.45976046 | T9: =MIN(1-S9,($C$3*C9)/D9) -> 0.14656263 | U9: =1-S9-T9 -> 0.3936769 | W9: =U9*D9 -> 19688.963 | X9: =E9/C9 -> 0.040780422
A10: E | B10: Construction | C10: 86538 | D10: 14607 | E10: 10439 | F10: 2422 | G10: =C10+D10-E10+F10 -> 93128 | H10: =SUMIF('Projection Engine'!$C$5:$C$119,A10,'Projection Engine'!$AM$5:$AM$119) -> 78966 | I10: =C10*$C$2 -> 4326.9 | J10: =E10+I10 -> 14765.9 | K10: =H10-J10 -> 64200.1 | L10: =K10/H10 -> 0.8130094 | M10: =K10/C10 -> 0.74187178 | N10: =F10/C10 -> 0.027987705 | O10: =1-S10 -> 0.28534264 | P10: =MAX((D10-E10)/C10,0) -> 0.048163812 | Q10: =MAX(0,P10-$C$3) -> 0.035163812 | R10: =D10/C10 -> 0.1687929 | S10: =MIN(1,E10/D10) -> 0.71465736 | T10: =MIN(1-S10,($C$3*C10)/D10) -> 0.077017457 | U10: =1-S10-T10 -> 0.20832519 | W10: =U10*D10 -> 3043.006 | X10: =E10/C10 -> 0.12062909
A11: F | B11: Wholesale trade | C11: 85296 | D11: 8413 | E11: 8225 | F11: 2943 | G11: =C11+D11-E11+F11 -> 88427 | H11: =SUMIF('Projection Engine'!$C$5:$C$119,A11,'Projection Engine'!$AM$5:$AM$119) -> 42936 | I11: =C11*$C$2 -> 4264.8 | J11: =E11+I11 -> 12489.8 | K11: =H11-J11 -> 30446.2 | L11: =K11/H11 -> 0.70910658 | M11: =K11/C11 -> 0.35694757 | N11: =F11/C11 -> 0.034503376 | O11: =1-S11 -> 0.022346369 | P11: =MAX((D11-E11)/C11,0) -> 0.0022040893 | Q11: =MAX(0,P11-$C$3) -> 0 | R11: =D11/C11 -> 0.098632996 | S11: =MIN(1,E11/D11) -> 0.97765363 | T11: =MIN(1-S11,($C$3*C11)/D11) -> 0.022346369 | U11: =1-S11-T11 -> 0 | W11: =U11*D11 -> 0 | X11: =E11/C11 -> 0.096428906
A12: G | B12: Retail trade | C12: 105405 | D12: 11441 | E12: 9165 | F12: 3141 | G12: =C12+D12-E12+F12 -> 110822 | H12: =SUMIF('Projection Engine'!$C$5:$C$119,A12,'Projection Engine'!$AM$5:$AM$119) -> 38030 | I12: =C12*$C$2 -> 5270.25 | J12: =E12+I12 -> 14435.25 | K12: =H12-J12 -> 23594.75 | L12: =K12/H12 -> 0.62042466 | M12: =K12/C12 -> 0.22384849 | N12: =F12/C12 -> 0.029799345 | O12: =1-S12 -> 0.19893366 | P12: =MAX((D12-E12)/C12,0) -> 0.021592904 | Q12: =MAX(0,P12-$C$3) -> 0.0085929036 | R12: =D12/C12 -> 0.10854324 | S12: =MIN(1,E12/D12) -> 0.80106634 | T12: =MIN(1-S12,($C$3*C12)/D12) -> 0.11976794 | U12: =1-S12-T12 -> 0.07916572 | W12: =U12*D12 -> 905.735 | X12: =E12/C12 -> 0.086950334
A13: H | B13: Accommodation and food services | C13: 96535 | D13: 7794 | E13: 5998 | F13: 3482 | G13: =C13+D13-E13+F13 -> 101813 | H13: =SUMIF('Projection Engine'!$C$5:$C$119,A13,'Projection Engine'!$AM$5:$AM$119) -> 19172 | I13: =C13*$C$2 -> 4826.75 | J13: =E13+I13 -> 10824.75 | K13: =H13-J13 -> 8347.25 | L13: =K13/H13 -> 0.43538754 | M13: =K13/C13 -> 0.086468638 | N13: =F13/C13 -> 0.036069819 | O13: =1-S13 -> 0.23043367 | P13: =MAX((D13-E13)/C13,0) -> 0.018604651 | Q13: =MAX(0,P13-$C$3) -> 0.0056046512 | R13: =D13/C13 -> 0.080737556 | S13: =MIN(1,E13/D13) -> 0.76956633 | T13: =MIN(1-S13,($C$3*C13)/D13) -> 0.16101552 | U13: =1-S13-T13 -> 0.069418142 | W13: =U13*D13 -> 541.045 | X13: =E13/C13 -> 0.062132905
A14: I | B14: Transport, postal and warehousing | C14: 658794 | D14: 66884 | E14: 37077 | F14: 26653 | G14: =C14+D14-E14+F14 -> 715254 | H14: =SUMIF('Projection Engine'!$C$5:$C$119,A14,'Projection Engine'!$AM$5:$AM$119) -> 57319 | I14: =C14*$C$2 -> 32939.7 | J14: =E14+I14 -> 70016.7 | K14: =H14-J14 -> -12697.7 | L14: =K14/H14 -> -0.22152689 | M14: =K14/C14 -> -0.019274159 | N14: =F14/C14 -> 0.04045726 | O14: =1-S14 -> 0.44565217 | P14: =MAX((D14-E14)/C14,0) -> 0.045244796 | Q14: =MAX(0,P14-$C$3) -> 0.032244796 | R14: =D14/C14 -> 0.10152491 | S14: =MIN(1,E14/D14) -> 0.55434783 | T14: =MIN(1-S14,($C$3*C14)/D14) -> 0.1280474 | U14: =1-S14-T14 -> 0.31760478 | W14: =U14*D14 -> 21242.678 | X14: =E14/C14 -> 0.056280112
A15: J | B15: Information media and telecommunications | C15: 249704 | D15: 24933 | E15: 16463 | F15: 8606 | G15: =C15+D15-E15+F15 -> 266780 | H15: =SUMIF('Projection Engine'!$C$5:$C$119,A15,'Projection Engine'!$AM$5:$AM$119) -> 27921 | I15: =C15*$C$2 -> 12485.2 | J15: =E15+I15 -> 28948.2 | K15: =H15-J15 -> -1027.2 | L15: =K15/H15 -> -0.036789513 | M15: =K15/C15 -> -0.0041136706 | N15: =F15/C15 -> 0.034464806 | O15: =1-S15 -> 0.33971042 | P15: =MAX((D15-E15)/C15,0) -> 0.033920161 | Q15: =MAX(0,P15-$C$3) -> 0.020920161 | R15: =D15/C15 -> 0.099850223 | S15: =MIN(1,E15/D15) -> 0.66028958 | T15: =MIN(1-S15,($C$3*C15)/D15) -> 0.130195 | U15: =1-S15-T15 -> 0.20951542 | W15: =U15*D15 -> 5223.848 | X15: =E15/C15 -> 0.065930061
A16: K | B16: Financial and insurance services | C16: 134921 | D16: 14548 | E16: 14609 | F16: 3376 | G16: =C16+D16-E16+F16 -> 138236 | H16: =SUMIF('Projection Engine'!$C$5:$C$119,A16,'Projection Engine'!$AM$5:$AM$119) -> 113903 | I16: =C16*$C$2 -> 6746.05 | J16: =E16+I16 -> 21355.05 | K16: =H16-J16 -> 92547.95 | L16: =K16/H16 -> 0.81251547 | M16: =K16/C16 -> 0.68594177 | N16: =F16/C16 -> 0.02502205 | O16: =1-S16 -> 0 | P16: =MAX((D16-E16)/C16,0) -> 0 | Q16: =MAX(0,P16-$C$3) -> 0 | R16: =D16/C16 -> 0.10782606 | S16: =MIN(1,E16/D16) -> 1 | T16: =MIN(1-S16,($C$3*C16)/D16) -> 0 | U16: =1-S16-T16 -> 0 | W16: =U16*D16 -> 0 | X16: =E16/C16 -> 0.10827818
A17: L | B17: Rental, hiring and real estate services | C17: 355113 | D17: 20861 | E17: 15506 | F17: 14056 | G17: =C17+D17-E17+F17 -> 374524 | H17: =SUMIF('Projection Engine'!$C$5:$C$119,A17,'Projection Engine'!$AM$5:$AM$119) -> 37249 | I17: =C17*$C$2 -> 17755.65 | J17: =E17+I17 -> 33261.65 | K17: =H17-J17 -> 3987.35 | L17: =K17/H17 -> 0.10704583 | M17: =K17/C17 -> 0.011228398 | N17: =F17/C17 -> 0.039581767 | O17: =1-S17 -> 0.2566991 | P17: =MAX((D17-E17)/C17,0) -> 0.015079707 | Q17: =MAX(0,P17-$C$3) -> 0.002079707 | R17: =D17/C17 -> 0.058744681 | S17: =MIN(1,E17/D17) -> 0.7433009 | T17: =MIN(1-S17,($C$3*C17)/D17) -> 0.22129663 | U17: =1-S17-T17 -> 0.035402474 | W17: =U17*D17 -> 738.531 | X17: =E17/C17 -> 0.043664974
... A25: T | B25: Ownership of dwellings | C25: 2960684 | D25: 138570 | E25: 101070 | F25: 137873 | G25: =C25+D25-E25+F25 -> 3136057 | H25: =SUMIF('Projection Engine'!$C$5:$C$119,A25,'Projection Engine'!$AM$5:$AM$119) -> 211373 | I25: =C25*$C$2 -> 148034.2 | J25: =E25+I25 -> 249104.2 | K25: =H25-J25 -> -37731.2 | L25: =K25/H25 -> -0.1785053 | M25: =K25/C25 -> -0.012744082 | N25: =F25/C25 -> 0.046567955 | O25: =1-S25 -> 0.27062135 | P25: =MAX((D25-E25)/C25,0) -> 0.012665992 | Q25: =MAX(0,P25-$C$3) -> 0 | R25: =D25/C25 -> 0.046803374 | S25: =MIN(1,E25/D25) -> 0.72937865 | T25: =MIN(1-S25,($C$3*C25)/D25) -> 0.27062135 | U25: =1-S25-T25 -> 0 | W25: =U25*D25 -> 0 | X25: =E25/C25 -> 0.034137382
C26: =SUM(C6:C25) -> 7985683 | D26: =SUM(D6:D25) -> 604828 | E26: =SUM(E6:E25) -> 435733 | F26: =SUM(F6:F25) -> 326553 | G26: =SUM(G6:G25) -> 8481331 | H26: =SUM(H6:H25) -> 1150716 | I26: =SUM(I6:I25) -> 399284.15 | J26: =SUM(J6:J25) -> 835017.15 | K26: =SUM(K6:K25) -> 315698.85 | L26: =K26/H26 -> 0.27434993 | M26: =K26/C26 -> 0.039533106 | N26: =F26/C26 -> 0.040892307 | O26: =1-S26 -> 0.27957535 | P26: =MAX((D26-E26)/C26,0) -> 0.02117477 | Q26: =MAX(0,P26-$C$3) -> 0.0081747699 | R26: =D26/C26 -> 0.075739044 | S26: =MIN(1,E26/D26) -> 0.72042465 | T26: =MIN(1-S26,($C$3*C26)/D26) -> 0.17164199 | U26: =1-S26-T26 -> 0.10793336 | W26: =U26*D26 -> 65281.121 | X26: =E26/C26 -> 0.054564275
W27: =C26*U26 -> 861921.63
B28: Industry divisions as defined:
B29: https://www.abs.gov.au/statistics/classifications/australian-and-new-zealand-standard-industrial-classification-anzsic/2006-revision-2-0/division-definitions

Sheet Industries
A1: # | B1: Code | C1: Industry Name | D1: Group # | E1: Group Name | F1: Employee Compensation (P1) | G1: Capital (P2) | H1: Direct return | I1: Labour ratio | J1: Share of TFP change captured by labour | K1: TFP change | L1: Pass through to consumers | M1: Real income change | N1: Division #
A2: 1 | B2: 0101 | C2: Sheep, grains, beef and dairy cattle | D2: 1 | E2: Agriculture | F2: {=TRANSPOSE('Base Table 5'!E124:DO124)} -> 3787 | G2: {=TRANSPOSE('Base Table 5'!E125:DO125)} -> 16700 | H2: =F2+G2 -> 20487 | I2: =F2/H2 -> 0.18484893 | J2: ='Scenario Parameters'!$C$51*I2 -> 0.092424464 | K2: =VLOOKUP(D2,'Scenario Parameters'!$A$4:$F$42,6,FALSE) -> 0.15 | L2: =(1-J2)*'Scenario Parameters'!$C$52 -> 0.45378777 | M2: =J2*K2 -> 0.01386367 | N2: A
A3: 2 | B3: 0102 | C3: Poultry and other livestock | D3: 1 | E3: Agriculture | F3: 985 | G3: 5007 | H3: =F3+G3 -> 5992 | I3: =F3/H3 -> 0.16438585 | J3: ='Scenario Parameters'!$C$51*I3 -> 0.082192924 | K3: =VLOOKUP(D3,'Scenario Parameters'!$A$4:$F$42,6,FALSE) -> 0.15 | L3: =(1-J3)*'Scenario Parameters'!$C$52 -> 0.45890354 | M3: =J3*K3 -> 0.012328939 | N3: A
A4: 3 | B4: 0103 | C4: Other agriculture | D4: 1 | E4: Agriculture | F4: 3603 | G4: 14257 | H4: =F4+G4 -> 17860 | I4: =F4/H4 -> 0.20173572 | J4: ='Scenario Parameters'!$C$51*I4 -> 0.10086786 | K4: =VLOOKUP(D4,'Scenario Parameters'!$A$4:$F$42,6,FALSE) -> 0.15 | L4: =(1-J4)*'Scenario Parameters'!$C$52 -> 0.44956607 | M4: =J4*K4 -> 0.015130179 | N4: A
A5: 4 | B5: 0201 | C5: Aquaculture | D5: 1 | E5: Agriculture | F5: 538 | G5: 631 | H5: =F5+G5 -> 1169 | I5: =F5/H5 -> 0.46022241 | J5: ='Scenario Parameters'!$C$51*I5 -> 0.23011121 | K5: =VLOOKUP(D5,'Scenario Parameters'!$A$4:$F$42,6,FALSE) -> 0.15 | L5: =(1-J5)*'Scenario Parameters'!$C$52 -> 0.3849444 | M5: =J5*K5 -> 0.034516681 | N5: A
A6: 5 | B6: 0301 | C6: Forestry and logging | D6: 1 | E6: Agriculture | F6: 916 | G6: 1241 | H6: =F6+G6 -> 2157 | I6: =F6/H6 -> 0.42466389 | J6: ='Scenario Parameters'!$C$51*I6 -> 0.21233194 | K6: =VLOOKUP(D6,'Scenario Parameters'!$A$4:$F$42,6,FALSE) -> 0.15 | L6: =(1-J6)*'Scenario Parameters'!$C$52 -> 0.39383403 | M6: =J6*K6 -> 0.031849791 | N6: A
A7: 6 | B7: 0401 | C7: Fishing, hunting and trapping | D7: 1 | E7: Agriculture | F7: 408 | G7: 937 | H7: =F7+G7 -> 1345 | I7: =F7/H7 -> 0.30334572 | J7: ='Scenario Parameters'!$C$51*I7 -> 0.15167286 | K7: =VLOOKUP(D7,'Scenario Parameters'!$A$4:$F$42,6,FALSE) -> 0.15 | L7: =(1-J7)*'Scenario Parameters'!$C$52 -> 0.42416357 | M7: =J7*K7 -> 0.022750929 | N7: A
A8: 7 | B8: 0501 | C8: Agriculture, forestry and fishing support services | D8: 1 | E8: Agriculture | F8: 2094 | G8: 2139 | H8: =F8+G8 -> 4233 | I8: =F8/H8 -> 0.49468462 | J8: ='Scenario Parameters'!$C$51*I8 -> 0.24734231 | K8: =VLOOKUP(D8,'Scenario Parameters'!$A$4:$F$42,6,FALSE) -> 0.15 | L8: =(1-J8)*'Scenario Parameters'!$C$52 -> 0.37632884 | M8: =J8*K8 -> 0.037101347 | N8: A
A9: 8 | B9: 0601 | C9: Coal mining | D9: 2 | E9: Coal, oil & gas | F9: 9222 | G9: 48126 | H9: =F9+G9 -> 57348 | I9: =F9/H9 -> 0.1608077 | J9: ='Scenario Parameters'!$C$51*I9 -> 0.08040385 | K9: =VLOOKUP(D9,'Scenario Parameters'!$A$4:$F$42,6,FALSE) -> 0.05 | L9: =(1-J9)*'Scenario Parameters'!$C$52 -> 0.45979807 | M9: =J9*K9 -> 0.0040201925 | N9: B
A10: 9 | B10: 0701 | C10: Oil and gas extraction | D10: 2 | E10: Coal, oil & gas | F10: 5213 | G10: 73903 | H10: =F10+G10 -> 79116 | I10: =F10/H10 -> 0.065890591 | J10: ='Scenario Parameters'!$C$51*I10 -> 0.032945296 | K10: =VLOOKUP(D10,'Scenario Parameters'!$A$4:$F$42,6,FALSE) -> 0.05 | L10: =(1-J10)*'Scenario Parameters'!$C$52 -> 0.48352735 | M10: =J10*K10 -> 0.0016472648 | N10: B
A11: 10 | B11: 0801 | C11: Iron ore mining | D11: 3 | E11: Metals & minerals extraction | F11: 9726 | G11: 101348 | H11: =F11+G11 -> 111074 | I11: =F11/H11 -> 0.087563246 | J11: ='Scenario Parameters'!$C$51*I11 -> 0.043781623 | K11: =VLOOKUP(D11,'Scenario Parameters'!$A$4:$F$42,6,FALSE) -> 0.05 | L11: =(1-J11)*'Scenario Parameters'!$C$52 -> 0.47810919 | M11: =J11*K11 -> 0.0021890812 | N11: B
A12: 11 | B12: 0802 | C12: Non-ferrous metal ore mining | D12: 3 | E12: Metals & minerals extraction | F12: 9124 | G12: 8732 | H12: =F12+G12 -> 17856 | I12: =F12/H12 -> 0.5109767 | J12: ='Scenario Parameters'!$C$51*I12 -> 0.25548835 | K12: =VLOOKUP(D12,'Scenario Parameters'!$A$4:$F$42,6,FALSE) -> 0.05 | L12: =(1-J12)*'Scenario Parameters'!$C$52 -> 0.37225582 | M12: =J12*K12 -> 0.012774418 | N12: B
A13: 12 | B13: 0901 | C13: Non-metallic mineral mining | D13: 3 | E13: Metals & minerals extraction | F13: 1869 | G13: 8283 | H13: =F13+G13 -> 10152 | I13: =F13/H13 -> 0.18410165 | J13: ='Scenario Parameters'!$C$51*I13 -> 0.092050827 | K13: =VLOOKUP(D13,'Scenario Parameters'!$A$4:$F$42,6,FALSE) -> 0.05 | L13: =(1-J13)*'Scenario Parameters'!$C$52 -> 0.45397459 | M13: =J13*K13 -> 0.0046025414 | N13: B
A14: 13 | B14: 1001 | C14: Exploration and mining support services | D14: 4 | E14: Extraction support services | F14: 8806 | G14: 5742 | H14: =F14+G14 -> 14548 | I14: =F14/H14 -> 0.60530657 | J14: ='Scenario Parameters'!$C$51*I14 -> 0.30265329 | K14: =VLOOKUP(D14,'Scenario Parameters'!$A$4:$F$42,6,FALSE) -> 0.5 | L14: =(1-J14)*'Scenario Parameters'!$C$52 -> 0.34867336 | M14: =J14*K14 -> 0.15132664 | N14: B
... A116: 115 | B116: 9502 | C116: Other services | D116: 28 | E116: Property, agency & other | F116: 12303 | G116: 1300 | H116: =F116+G116 -> 13603 | I116: =F116/H116 -> 0.90443285 | J116: ='Scenario Parameters'!$C$51*I116 -> 0.45221642 | K116: =VLOOKUP(D116,'Scenario Parameters'!$A$4:$F$42,6,FALSE) -> 0.15 | L116: =(1-J116)*'Scenario Parameters'!$C$52 -> 0.27389179 | M116: =J116*K116 -> 0.067832463 | N116: S
A117: 116 | B117: Innov-HC | C117: Human-centric innovation | D117: 40 | E117: Human-centric innovation | F117: 75 | G117: 25 | H117: =F117+G117 -> 100 | I117: =F117/H117 -> 0.75 | J117: ='Scenario Parameters'!$C$51*I117 -> 0.375 | K117: =VLOOKUP(D117,'Scenario Parameters'!$A$4:$F$44,6,FALSE) -> 0 | L117: =(1-J117)*'Scenario Parameters'!$C$52 -> 0.3125 | M117: =J117*K117 -> 0 | N117: I
A118: 117 | B118: Innov-AI | C118: AI-augmented innovation | D118: 41 | E118: AI-augmented innovation | F118: 25 | G118: 75 | H118: =F118+G118 -> 100 | I118: =F118/H118 -> 0.25 | J118: ='Scenario Parameters'!$C$51*I118 -> 0.125 | K118: =VLOOKUP(D118,'Scenario Parameters'!$A$4:$F$44,6,FALSE) -> 0 | L118: =(1-J118)*'Scenario Parameters'!$C$52 -> 0.4375 | M118: =J118*K118 -> 0 | N118: I
F119: =SUM(F2:F118) -> 1269849 | G119: =SUM(G2:G118) -> 1150816 | H119: =SUM(H2:H118) -> 2420665
F120: =F119/H119 -> 0.52458684 | G120: =G119/H119 -> 0.47541316

Sheet Income Distribution
A1: Income Distribution — Marginal Budget Shares by Industry Group
A2: Column E sets the assumed marginal budget shares (how an additional $1 of household income is distributed across industries). Column F normalises these to sum to the MPC. Column G derives the implied income elasticity, which flows directly to Scenario Parameters column K. Adjust column E to change the income distribution assumption.
A3: # | B3: Industry Group | C3: HH Final Consumption Base ($m) | D3: Average Budget Share | E3: Assumed Marginal Share (user input) | F3: Normalised Marginal Share (= MPC) | G3: Derived Income Elasticity → SP col K
A4: 1 | B4: Agriculture (0101–0501) | C4: =SUMIF(Industries!$D$2:$D$116,A4,'Base Table 5'!$DQ$4:$DQ$118) -> 14842.45 | D4: =C4/SUM($C$4:$C$42) -> 0.01243259 | E4: 0 | F4: =IF(SUM($E$4:$E$42)=0,0,E4/SUM($E$4:$E$42)*$C$49) -> 0 | G4: =IF(D4=0,0,F4/D4) -> 0
A5: 2 | B5: Coal, oil and gas extraction, fossil fuel products and gas supply (0601/0701/1701/2701) | C5: =SUMIF(Industries!$D$2:$D$116,A5,'Base Table 5'!$DQ$4:$DQ$118) -> 12220.514 | D5: =C5/SUM($C$4:$C$42) -> 0.010236359 | E5: 0 | F5: =IF(SUM($E$4:$E$42)=0,0,E5/SUM($E$4:$E$42)*$C$49) -> 0 | G5: =IF(D5=0,0,F5/D5) -> 0
A6: 3 | B6: Metals and minerals extraction (0801–0901) | C6: =SUMIF(Industries!$D$2:$D$116,A6,'Base Table 5'!$DQ$4:$DQ$118) -> 490.0162 | D6: =C6/SUM($C$4:$C$42) -> 0.00041045586 | E6: 0 | F6: =IF(SUM($E$4:$E$42)=0,0,E6/SUM($E$4:$E$42)*$C$49) -> 0 | G6: =IF(D6=0,0,F6/D6) -> 0
A7: 4 | B7: Extraction support services (1001) | C7: =SUMIF(Industries!$D$2:$D$116,A7,'Base Table 5'!$DQ$4:$DQ$118) -> 190.7615 | D7: =C7/SUM($C$4:$C$42) -> 0.00015978895 | E7: 0 | F7: =IF(SUM($E$4:$E$42)=0,0,E7/SUM($E$4:$E$42)*$C$49) -> 0 | G7: =IF(D7=0,0,F7/D7) -> 0
A8: 5 | B8: Food and clothing manufacturing (1101–1306) | C8: =SUMIF(Industries!$D$2:$D$116,A8,'Base Table 5'!$DQ$4:$DQ$118) -> 57953.976 | D8: =C8/SUM($C$4:$C$42) -> 0.048544413 | E8: 0 | F8: =IF(SUM($E$4:$E$42)=0,0,E8/SUM($E$4:$E$42)*$C$49) -> 0 | G8: =IF(D8=0,0,F8/D8) -> 0
A9: 6 | B9: Intermediate construction and manufacturing materials (1401–1502/1803–1902/2001–2204) | C9: =SUMIF(Industries!$D$2:$D$116,A9,'Base Table 5'!$DQ$4:$DQ$118) -> 10078.019 | D9: =C9/SUM($C$4:$C$42) -> 0.0084417248 | E9: 0 | F9: =IF(SUM($E$4:$E$42)=0,0,E9/SUM($E$4:$E$42)*$C$49) -> 0 | G9: =IF(D9=0,0,F9/D9) -> 0
A10: 7 | B10: Printing, recording, entertainment (1601/5401–5601/6001/8210/8901–9201) | C10: =SUMIF(Industries!$D$2:$D$116,A10,'Base Table 5'!$DQ$4:$DQ$118) -> 47662.185 | D10: =C10/SUM($C$4:$C$42) -> 0.039923625 | E10: 0.06 | F10: =IF(SUM($E$4:$E$42)=0,0,E10/SUM($E$4:$E$42)*$C$49) -> 0.069767442 | G10: =IF(D10=0,0,F10/D10) -> 1.7475227
A11: 8 | B11: Pharmaceuticals (1801/1802) | C11: =SUMIF(Industries!$D$2:$D$116,A11,'Base Table 5'!$DQ$4:$DQ$118) -> 3258.035 | D11: =C11/SUM($C$4:$C$42) -> 0.0027290517 | E11: 0.005 | F11: =IF(SUM($E$4:$E$42)=0,0,E11/SUM($E$4:$E$42)*$C$49) -> 0.0058139535 | G11: =IF(D11=0,0,F11/D11) -> 2.1303933
A12: 9 | B12: Motor vehicles (2301) | C12: =SUMIF(Industries!$D$2:$D$116,A12,'Base Table 5'!$DQ$4:$DQ$118) -> 10816.209 | D12: =C12/SUM($C$4:$C$42) -> 0.0090600605 | E12: 0 | F12: =IF(SUM($E$4:$E$42)=0,0,E12/SUM($E$4:$E$42)*$C$49) -> 0 | G12: =IF(D12=0,0,F12/D12) -> 0
A13: 10 | B13: Equipment manufacturing (2302–2502) | C13: =SUMIF(Industries!$D$2:$D$116,A13,'Base Table 5'!$DQ$4:$DQ$118) -> 6928.7417 | D13: =C13/SUM($C$4:$C$42) -> 0.0058037726 | E13: 0 | F13: =IF(SUM($E$4:$E$42)=0,0,E13/SUM($E$4:$E$42)*$C$49) -> 0 | G13: =IF(D13=0,0,F13/D13) -> 0
A14: 11 | B14: Electricity generation and transmission (2601–2605) | C14: =SUMIF(Industries!$D$2:$D$116,A14,'Base Table 5'!$DQ$4:$DQ$118) -> 17995.13 | D14: =C14/SUM($C$4:$C$42) -> 0.015073393 | E14: 0.01 | F14: =IF(SUM($E$4:$E$42)=0,0,E14/SUM($E$4:$E$42)*$C$49) -> 0.011627907 | G14: =IF(D14=0,0,F14/D14) -> 0.77141935
A15: 12 | B15: Water and waste (2801/2901) | C15: =SUMIF(Industries!$D$2:$D$116,A15,'Base Table 5'!$DQ$4:$DQ$118) -> 13286.517 | D15: =C15/SUM($C$4:$C$42) -> 0.011129283 | E15: 0 | F15: =IF(SUM($E$4:$E$42)=0,0,E15/SUM($E$4:$E$42)*$C$49) -> 0 | G15: =IF(D15=0,0,F15/D15) -> 0
A16: 13 | B16: Residential construction (3001) | C16: =SUMIF(Industries!$D$2:$D$116,A16,'Base Table 5'!$DQ$4:$DQ$118)+SUMIF(Industries!$D$2:$D$116,A16,'Base Table 5'!$DS$4:$DS$118) -> 91071.942 | D16: =C16/SUM($C$4:$C$42) -> 0.076285258 | E16: 0.12 | F16: =IF(SUM($E$4:$E$42)=0,0,E16/SUM($E$4:$E$42)*$C$49) -> 0.13953488 | G16: =IF(D16=0,0,F16/D16) -> 1.8291199 | H16: Includes GFCF (private)
A17: 14 | B17: Non-residential building construction (3002) | C17: =SUMIF(Industries!$D$2:$D$116,A17,'Base Table 5'!$DQ$4:$DQ$118) -> 87.2577 | D17: =C17/SUM($C$4:$C$42) -> 7.3090306e-05 | E17: 0 | F17: =IF(SUM($E$4:$E$42)=0,0,E17/SUM($E$4:$E$42)*$C$49) -> 0 | G17: =IF(D17=0,0,F17/D17) -> 0
A18: 15 | B18: Civil construction (3101) | C18: =SUMIF(Industries!$D$2:$D$116,A18,'Base Table 5'!$DQ$4:$DQ$118) -> 39.2808 | D18: =C18/SUM($C$4:$C$42) -> 3.2903064e-05 | E18: 0 | F18: =IF(SUM($E$4:$E$42)=0,0,E18/SUM($E$4:$E$42)*$C$49) -> 0 | G18: =IF(D18=0,0,F18/D18) -> 0
A19: 16 | B19: Construction services (3201) | C19: =SUMIF(Industries!$D$2:$D$116,A19,'Base Table 5'!$DQ$4:$DQ$118) -> 2215.9851 | D19: =C19/SUM($C$4:$C$42) -> 0.0018561918 | E19: 0 | F19: =IF(SUM($E$4:$E$42)=0,0,E19/SUM($E$4:$E$42)*$C$49) -> 0 | G19: =IF(D19=0,0,F19/D19) -> 0
A20: 17 | B20: Wholesale trade (3301) | C20: =SUMIF(Industries!$D$2:$D$116,A20,'Base Table 5'!$DQ$4:$DQ$118) -> 51841.531 | D20: =C20/SUM($C$4:$C$42) -> 0.043424401 | E20: 0.02 | F20: =IF(SUM($E$4:$E$42)=0,0,E20/SUM($E$4:$E$42)*$C$49) -> 0.023255814 | G20: =IF(D20=0,0,F20/D20) -> 0.53554714
A21: 18 | B21: Retail trade (3901) | C21: =SUMIF(Industries!$D$2:$D$116,A21,'Base Table 5'!$DQ$4:$DQ$118) -> 134712.08 | D21: =C21/SUM($C$4:$C$42) -> 0.11283987 | E21: 0.05 | F21: =IF(SUM($E$4:$E$42)=0,0,E21/SUM($E$4:$E$42)*$C$49) -> 0.058139535 | G21: =IF(D21=0,0,F21/D21) -> 0.5152393
A22: 19 | B22: Accommodation (4401) | C22: =SUMIF(Industries!$D$2:$D$116,A22,'Base Table 5'!$DQ$4:$DQ$118) -> 14697.384 | D22: =C22/SUM($C$4:$C$42) -> 0.012311077 | E22: 0.03 | F22: =IF(SUM($E$4:$E$42)=0,0,E22/SUM($E$4:$E$42)*$C$49) -> 0.034883721 | G22: =IF(D22=0,0,F22/D22) -> 2.833523
A23: 20 | B23: Food & beverage services (4501) | C23: =SUMIF(Industries!$D$2:$D$116,A23,'Base Table 5'!$DQ$4:$DQ$118) -> 79128.5 | D23: =C23/SUM($C$4:$C$42) -> 0.066280985 | E23: 0.1 | F23: =IF(SUM($E$4:$E$42)=0,0,E23/SUM($E$4:$E$42)*$C$49) -> 0.11627907 | G23: =IF(D23=0,0,F23/D23) -> 1.7543353
A24: 21 | B24: Road transport (4601) | C24: =SUMIF(Industries!$D$2:$D$116,A24,'Base Table 5'!$DQ$4:$DQ$118) -> 12301.826 | D24: =C24/SUM($C$4:$C$42) -> 0.010304469 | E24: 0 | F24: =IF(SUM($E$4:$E$42)=0,0,E24/SUM($E$4:$E$42)*$C$49) -> 0 | G24: =IF(D24=0,0,F24/D24) -> 0
A25: 22 | B25: Other transport (4701–4901) | C25: =SUMIF(Industries!$D$2:$D$116,A25,'Base Table 5'!$DQ$4:$DQ$118) -> 23848.224 | D25: =C25/SUM($C$4:$C$42) -> 0.019976163 | E25: 0.02 | F25: =IF(SUM($E$4:$E$42)=0,0,E25/SUM($E$4:$E$42)*$C$49) -> 0.023255814 | G25: =IF(D25=0,0,F25/D25) -> 1.1641782
A26: 23 | B26: Courier, logistics and storage (5101/5201) | C26: =SUMIF(Industries!$D$2:$D$116,A26,'Base Table 5'!$DQ$4:$DQ$118) -> 6027.1141 | D26: =C26/SUM($C$4:$C$42) -> 0.0050485357 | E26: 0.02 | F26: =IF(SUM($E$4:$E$42)=0,0,E26/SUM($E$4:$E$42)*$C$49) -> 0.023255814 | G26: =IF(D26=0,0,F26/D26) -> 4.6064473
A27: 24 | B27: Computer, internet and communications services (5701/5801/7001) | C27: =SUMIF(Industries!$D$2:$D$116,A27,'Base Table 5'!$DQ$4:$DQ$118) -> 23027.603 | D27: =C27/SUM($C$4:$C$42) -> 0.01928878 | E27: 0.06 | F27: =IF(SUM($E$4:$E$42)=0,0,E27/SUM($E$4:$E$42)*$C$49) -> 0.069767442 | G27: =IF(D27=0,0,F27/D27) -> 3.6169961
A28: 25 | B28: Finance & insurance (6201–6401) | C28: =SUMIF(Industries!$D$2:$D$116,A28,'Base Table 5'!$DQ$4:$DQ$118) -> 97195.992 | D28: =C28/SUM($C$4:$C$42) -> 0.081414991 | E28: 0 | F28: =IF(SUM($E$4:$E$42)=0,0,E28/SUM($E$4:$E$42)*$C$49) -> 0 | G28: =IF(D28=0,0,F28/D28) -> 0
... A42: 39 | B42: Personal services (9501) | C42: =SUMIF(Industries!$D$2:$D$116,A42,'Base Table 5'!$DQ$4:$DQ$118) -> 13261.854 | D42: =C42/SUM($C$4:$C$42) -> 0.011108624 | E42: 0.04 | F42: =IF(SUM($E$4:$E$42)=0,0,E42/SUM($E$4:$E$42)*$C$49) -> 0.046511628 | G42: =IF(D42=0,0,F42/D42) -> 4.1869838
A43: 40 | B43: Human-centric innovation | C43: 0 | D43: =C43/SUM($C$4:$C$44) -> 0 | E43: 0 | F43: =IF(SUM($E$4:$E$44)=0,0,E43/SUM($E$4:$E$44)*$C$49) -> 0 | G43: =IF(D43=0,0,F43/D43) -> 0
A44: 41 | B44: AI-augmented innovation | C44: 0 | D44: =C44/SUM($C$4:$C$44) -> 0 | E44: 0 | F44: =IF(SUM($E$4:$E$44)=0,0,E44/SUM($E$4:$E$44)*$C$49) -> 0 | G44: =IF(D44=0,0,F44/D44) -> 0
A46: Σ | B46: Total | C46: =SUM($C$4:$C$44) -> 1193834.1 | D46: =SUM($D$4:$D$44) -> 1 | E46: =SUM($E$4:$E$44) -> 0.86 | F46: =SUM($F$4:$F$44) -> 1
A48: Parameters
A49: Normalisation factor | C49: 1
A50: Saturation factor | C50: 2
A52: Notes
A53: Yellow cells are user inputs.
A54: Adjust column E values to change the assumed income distribution.
A55: Column F auto-normalises to the MPC.
A56: Column G (derived elasticities) flows to Scenario Parameters column K automatically.
A57: Saturation factor defines the maxium amount of additional demand that can be generated with the income effect. Household consumption is projected with a logistic function asymptotic to zero and base demand times 3.

Sheet Base Table 5
A1: Base Table 5 — Input-Output Flow Matrix 2023-24 ($m)
A2: Note: This sheet is a direct reproduction of Table 5 of 5209.0.55.001 Australian National Accounts: Input-Output Tables, 2023-24 | E2: Sheep, grains, beef and dairy cattle | F2: Poultry and other livestock | G2: Other agriculture | H2: Aquaculture | I2: Forestry and logging | J2: Fishing, hunting and trapping | K2: Agriculture, forestry and fishing support services | L2: Coal mining | M2: Oil and gas extraction | N2: Iron ore mining | O2: Non-ferrous metal ore mining | P2: Non-metallic mineral mining | Q2: Exploration and mining support services | R2: Meat and meat product manufacturing | S2: Processed seafood manufacturing | T2: Dairy product manufacturing | U2: Fruit and vegetable product manufacturing | V2: Oils and fats manufacturing | W2: Grain mill and cereal product manufacturing | X2: Bakery product manufacturing | Y2: Sugar and confectionery manufacturing | Z2: Other food product manufacturing | AA2: Soft drinks, cordials and syrup manufacturing | AB2: Beer manufacturing | AC2: Wine, spirits and tobacco | AD2: Textile manufacturing | AE2: Tanned leather, dressed fur and leather product manufacturing | AF2: Textile product manufacturing | AG2: Knitted product manufacturing | AH2: Clothing manufacturing | AI2: Footwear manufacturing | AJ2: Sawmill product manufacturing | AK2: Other wood product manufacturing | AL2: Pulp, paper and paperboard manufacturing | AM2: Paper stationery and other converted paper product manufacturing | AN2: Printing (including the reproduction of recorded media) | AO2: Petroleum and coal product manufacturing | AP2: Human pharmaceutical and medicinal product manufacturing | AQ2: Veterinary pharmaceutical and medicinal product manufacturing | AR2: Basic chemical manufacturing | AS2: Cleaning compounds and toiletry preparation manufacturing | AT2: Polymer product manufacturing | AU2: Natural rubber product manufacturing | AV2: Glass and glass product manufacturing | AW2: Ceramic product manufacturing | AX2: Cement, lime and ready-mixed concrete manufacturing | AY2: Plaster and concrete product manufacturing | AZ2: Other non-metallic mineral product manufacturing | BA2: Iron and steel manufacturing | BB2: Basic non-ferrous metal manufacturing | BC2: Forged iron and steel product manufacturing | BD2: Structural metal product manufacturing | BE2: Metal containers and other sheet metal product manufacturing | BF2: Other fabricated metal product manufacturing | BG2: Motor vehicles and parts; other transport equipment manufacturing | BH2: Ships and boat manufacturing | BI2: Railway rolling stock manufacturing | BJ2: Aircraft manufacturing | BK2: Professional, scientific, computer and electronic equipment manufacturing | BL2: Electrical equipment manufacturing | BM2: Domestic appliance manufacturing | BN2: Specialised and other machinery and equipment manufacturing | BO2: Furniture manufacturing | BP2: Other manufactured products | BQ2: Electricity generation | BR2: Electricity transmission, distribution, on selling and electricity market operation | BS2: Gas supply | BT2: Water supply, sewerage and drainage services | BU2: Waste collection, treatment and disposal services | BV2: Residential building construction | BW2: Non-residential building construction | BX2: Heavy and civil engineering construction | BY2: Construction services | BZ2: Wholesale trade | CA2: Retail trade | CB2: Accommodation | CC2: Food and beverage services | CD2: Road transport | CE2: Rail transport | CF2: Water, pipeline and other transport | CG2: Air and space transport | CH2: Postal and courier pick-up and delivery service | CI2: Transport support services and storage | CJ2: Publishing (except internet and music publishing) | CK2: Motion picture and sound recording | CL2: Broadcasting (except internet) | CM2: Internet service providers, internet publishing and broadcasting, websearch portals and data processing | CN2: Telecommunication services | CO2: Library and other information services | CP2: Finance | CQ2: Insurance and superannuation funds | CR2: Auxiliary finance and insurance services | CS2: Rental and hiring services (except real estate) | CT2: Imputed rent for owner-occupiers | CU2: Actual rent for housing | CV2: Non-residential property operators and real estate services | CW2: Professional, scientific and technical services | CX2: Computer systems design and related services | CY2: Employment, travel agency and other administrative services | CZ2: Building cleaning, pest control and other support services | DA2: Public administration and regulatory services | DB2: Defence | DC2: Public order and safety | DD2: Primary and secondary education services (including pre-schools and special schools) | DE2: Technical, vocational and tertiary education services (including undergraduate and postgraduate) | DF2: Arts, sports, adult and other education services (including community education) | DG2: Health care services | DH2: Residential care and social assistance services | DI2: Heritage, creative and performing arts | DJ2: Sports and recreation | DK2: Gambling | DL2: Automotive repair and maintenance | DM2: Other repair and maintenance | DN2: Personal services | DO2: Other services | DP2: Total Industry Uses | DQ2: Final demand | DY2: Total
A3: # | B3: Code | D3: Industry Name | E3: 0101 | F3: 0102 | G3: 0103 | H3: 0201 | I3: 0301 | J3: 0401 | K3: 0501 | L3: 0601 | M3: 0701 | N3: 0801 | O3: 0802 | P3: 0901 | Q3: 1001 | R3: 1101 | S3: 1102 | T3: 1103 | U3: 1104 | V3: 1105 | W3: 1106 | X3: 1107 | Y3: 1108 | Z3: 1109 | AA3: 1201 | AB3: 1202 | AC3: 1205 | AD3: 1301 | AE3: 1302 | AF3: 1303 | AG3: 1304 | AH3: 1305 | AI3: 1306 | AJ3: 1401 | AK3: 1402 | AL3: 1501 | AM3: 1502 | AN3: 1601 | AO3: 1701 | AP3: 1801 | AQ3: 1802 | AR3: 1803 | AS3: 1804 | AT3: 1901 | AU3: 1902 | AV3: 2001 | AW3: 2002 | AX3: 2003 | AY3: 2004 | AZ3: 2005 | BA3: 2101 | BB3: 2102 | BC3: 2201 | BD3: 2202 | BE3: 2203 | BF3: 2204 | BG3: 2301 | BH3: 2302 | BI3: 2303 | BJ3: 2304 | BK3: 2401 | BL3: 2403 | BM3: 2404 | BN3: 2405 | BO3: 2501 | BP3: 2502 | BQ3: 2601 | BR3: 2605 | BS3: 2701 | BT3: 2801 | BU3: 2901 | BV3: 3001 | BW3: 3002 | BX3: 3101 | BY3: 3201 | BZ3: 3301 | CA3: 3901 | CB3: 4401 | CC3: 4501 | CD3: 4601 | CE3: 4701 | CF3: 4801 | CG3: 4901 | CH3: 5101 | CI3: 5201 | CJ3: 5401 | CK3: 5501 | CL3: 5601 | CM3: 5701 | CN3: 5801 | CO3: 6001 | CP3: 6201 | CQ3: 6301 | CR3: 6401 | CS3: 6601 | CT3: 6700 | CU3: 6701 | CV3: 6702 | CW3: 6901 | CX3: 7001 | CY3: 7210 | CZ3: 7310 | DA3: 7501 | DB3: 7601 | DC3: 7701 | DD3: 8010 | DE3: 8110 | DF3: 8210 | DG3: 8401 | DH3: 8601 | DI3: 8901 | DJ3: 9101 | DK3: 9201 | DL3: 9401 | DM3: 9402 | DN3: 9501 | DO3: 9502 | DQ3: Household Final Consumption Exp | DR3: Govt Final Consumption Exp | DS3: Gross Fixed Capital Formation (priv) | DT3: Gross Fixed Capital Formation (GBE) | DU3: Gross Fixed Capital Formation (govt) | DV3: Change in Inventories | DW3: Exports | DX3: Final Uses (Q1 to Q7) | DY3: Output ($m)
A4: 1 | B4: 0101 | C4: =INDEX(Industries!$D:$D,MATCH($A4,Industries!$A:$A,0)) -> 1 | D4: Sheep, grains, beef and dairy cattle | E4: 3068.8409 | F4: 424.7744 | G4: 513.2282 | H4: 2.2944 | I4: 0.0468 | J4: 0.8306 | K4: 28.3544 | L4: 1.8333 | M4: 3.661 | N4: 0.7113 | O4: 5.9194 | P4: 0.2889 | Q4: 0.5417 | R4: 17580.183 | S4: 0.1241 | T4: 6677.9105 | U4: 1.4988 | V4: 49.3012 | W4: 2176.2188 | X4: 68.4348 | Y4: 31.687 | Z4: 50.2242 | AA4: 20.4082 | AB4: 636.075 | AC4: 325.3129 | AD4: 61.6862 | AE4: 2.3235 | AF4: 291.4887 | AG4: 0.0004 | AH4: 0.0035 | AI4: 0.0018 | AJ4: 0.9984 | AK4: 0.9544 | AL4: 0.3385 | AM4: 0.9356 | AN4: 0.1 | AO4: 0.2545 | AP4: 34.3489 | AQ4: 95.317 | AR4: 75.3982 | AS4: 48.7294 | AT4: 0.3479 | AU4: 0.0562 | AV4: 0.4618 | AW4: 0.0893 | AX4: 0.8325 | AY4: 0.1912 | AZ4: 0.1845 | BA4: 1.4642 | BB4: 6.0001 | BC4: 0.0396 | BD4: 0.4215 | BE4: 0.0742 | BF4: 0.1674 | BG4: 0.2338 | BH4: 0.067 | BI4: 0.0682 | BJ4: 0.0941 | BK4: 0.2167 | BL4: 0.1257 | BM4: 0.0457 | BN4: 0.256 | BO4: 0.1879 | BP4: 0.0941 | BQ4: 1.9691 | BR4: 2.3301 | BS4: 0.0309 | BT4: 1.4597 | BU4: 0.2071 | BV4: 2.4457 | BW4: 1.4891 | BX4: 1.3447 | BY4: 7.5091 | BZ4: 230.7958 | CA4: 612.9843 | CB4: 26.593 | CC4: 105.1715 | CD4: 0.6241 | CE4: 0.8844 | CF4: 0.2645 | CG4: 0.3338 | CH4: 0.2513 | CI4: 10.4365 | CJ4: 0.4356 | CK4: 0.1551 | CL4: 0.1213 | CM4: 0.9985 | CN4: 0.8024 | CO4: 0.0274 | CP4: 0.2908 | CQ4: 0.3049 | CR4: 0.1446 | CS4: 1.9227 | CT4: 0.0368 | CU4: 0.0119 | CV4: 1008.033 | CW4: 18.0734 | CX4: 0.6236 | CY4: 0.2952 | CZ4: 2.8899 | DA4: 11.9786 | DB4: 0.9008 | DC4: 4.561 | DD4: 2.5705 | DE4: 2.6764 | DF4: 0.2375 | DG4: 10.6373 | DH4: 24.3221 | DI4: 0.2282 | DJ4: 0.5002 | DK4: 0.4925 | DL4: 0.884 | DM4: 0.5779 | DN4: 0.8813 | DO4: 17.4324 | DP4: =SUM(E4:DO4) -> 34414.475 | DQ4: 355.0107 | DR4: 28.3351 | DS4: 3607.2873 | DT4: 57.9505 | DU4: 370.0588 | DV4: -948.5919 | DW4: 17843.474 | DX4: =SUM(DQ4:DW4) -> 21313.524 | DY4: =DP4+DX4 -> 55728 | EA4: =SUM(DS4:DU4) -> 4035.2966 | EB4: =EA4/$EA$122 -> 0.00792111 | ED4: {=TRANSPOSE(E137:DO137)} -> 0.38239305
A5: 2 | B5: 0102 | C5: =INDEX(Industries!$D:$D,MATCH($A5,Industries!$A:$A,0)) -> 1 | D5: Poultry and other livestock | E5: 77.7658 | F5: 166.4552 | G5: 192.5641 | H5: 0.2416 | I5: 0.0057 | J5: 5.1166 | K5: 1.9564 | L5: 0.1637 | M5: 0.1162 | N5: 0.0803 | O5: 0.1973 | P5: 0.0283 | Q5: 0.0357 | R5: 6780.3711 | S5: 0.048 | T5: 142.957 | U5: 0.3307 | V5: 1.5738 | W5: 4.5921 | X5: 57.3337 | Y5: 38.8757 | Z5: 241.0498 | AA5: 0.1041 | AB5: 0.1451 | AC5: 0.1063 | AD5: 0.0062 | AE5: 0.0649 | AF5: 0.0447 | AH5: 0.0008 | AI5: 0.0009 | AJ5: 0.6841 | AK5: 0.5451 | AL5: 0.0311 | AM5: 0.0492 | AN5: 0.041 | AO5: 0.0728 | AP5: 13.1275 | AQ5: 0.2829 | AR5: 0.3168 | AS5: 0.5028 | AT5: 0.1624 | AU5: 0.0047 | AV5: 0.167 | AW5: 0.0384 | AX5: 0.4063 | AY5: 0.0777 | AZ5: 0.1281 | BA5: 0.1833 | BB5: 0.7061 | BC5: 0.0182 | BD5: 0.2671 | BE5: 0.0455 | BF5: 0.1016 | BG5: 0.1645 | BH5: 0.0478 | BI5: 0.0483 | BJ5: 0.0662 | BK5: 0.1534 | BL5: 0.0714 | BM5: 0.0301 | BN5: 0.1605 | BO5: 0.1368 | BP5: 0.0663 | BQ5: 0.1072 | BR5: 0.0442 | BS5: 0.0027 | BT5: 0.0955 | BU5: 0.0455 | BV5: 1.6242 | BW5: 0.9695 | BX5: 0.6808 | BY5: 4.5577 | BZ5: 164.0801 | CA5: 461.1172 | CB5: 84.33 | CC5: 222.8929 | CD5: 0.1315 | CE5: 0.0323 | CF5: 0.0114 | CG5: 0.2235 | CH5: 0.0996 | CI5: 0.021 | CJ5: 0.0572 | CK5: 1.7617 | CL5: 0.0152 | CM5: 0.0164 | CN5: 0.0981 | CO5: 0.0009 | CP5: 0.0104 | CQ5: 0.0142 | CR5: 0.0353 | CS5: 0.0441 | CT5: 0.0273 | CU5: 0.0088 | CV5: 82.8867 | CW5: 3.7173 | CX5: 0.0388 | CY5: 0.0378 | CZ5: 0.0389 | DA5: 0.9611 | DB5: 0.0981 | DC5: 5.0044 | DD5: 17.9871 | DE5: 21.5995 | DF5: 1.6673 | DG5: 43.6729 | DH5: 30.8434 | DI5: 0.0244 | DJ5: 82.4393 | DK5: 20.4593 | DL5: 0.1619 | DM5: 0.2024 | DN5: 1.1559 | DO5: 0.0155 | DP5: =SUM(E5:DO5) -> 8987.4052 | DQ5: 1158.7046 | DR5: 1.3385 | DS5: 1447.9547 | DT5: 1.4764 | DU5: 7.392 | DV5: 33.8252 | DW5: 321.9032 | DX5: =SUM(DQ5:DW5) -> 2972.5946 | DY5: =DP5+DX5 -> 11960 | EA5: =SUM(DS5:DU5) -> 1456.8231 | EB5: =EA5/$EA$122 -> 0.0028596798 | ED5: 0.50769229
A6: 3 | B6: 0103 | C6: =INDEX(Industries!$D:$D,MATCH($A6,Industries!$A:$A,0)) -> 1 | D6: Other agriculture | E6: 2360.2938 | F6: 918.6046 | G6: 707.6341 | H6: 2.3886 | I6: 0.0267 | J6: 0.6204 | K6: 5694.8387 | L6: 0.0468 | M6: 0.0332 | N6: 0.0229 | O6: 0.0564 | P6: 0.0081 | Q6: 0.0102 | R6: 53.5207 | S6: 0.7668 | T6: 15.7272 | U6: 1642.4019 | V6: 32.6131 | W6: 4.1338 | X6: 190.2306 | Y6: 2888.688 | Z6: 1202.08 | AA6: 58.3251 | AB6: 13.6482 | AC6: 1960.659 | AD6: 3.1723 | AE6: 0.2642 | AF6: 4.9775 | AG6: 0.0002 | AH6: 0.0086 | AI6: 0.0395 | AJ6: 0.9528 | AK6: 1.5904 | AL6: 0.4567 | AM6: 3.4333 | AN6: 0.9793 | AO6: 0.0208 | AP6: 4.7372 | AQ6: 0.027 | AR6: 2.3631 | AS6: 0.2222 | AT6: 340.2213 | AU6: 39.8566 | AV6: 1.9752 | AW6: 1.7479 | AX6: 2.2378 | AY6: 1.2083 | AZ6: 0.9033 | BA6: 0.0524 | BB6: 0.2017 | BC6: 0.0052 | BD6: 0.3559 | BE6: 0.0167 | BF6: 0.219 | BG6: 0.047 | BH6: 0.0137 | BI6: 0.0138 | BJ6: 0.0189 | BK6: 0.0448 | BL6: 0.0236 | BM6: 0.009 | BN6: 0.0482 | BO6: 25.1297 | BP6: 0.0191 | BQ6: 1.1367 | BR6: 1.3571 | BS6: 0.0804 | BT6: 15.1384 | BU6: 0.0196 | BV6: 89.6766 | BW6: 42.8671 | BX6: 30.9321 | BY6: 405.0245 | BZ6: 86.2764 | CA6: 687.8446 | CB6: 309.9645 | CC6: 1303.1741 | CD6: 4.154 | CE6: 5.3771 | CF6: 6.5391 | CG6: 6.9884 | CH6: 10.9116 | CI6: 46.2583 | CJ6: 0.0164 | CK6: 17.5356 | CL6: 0.0043 | CM6: 0.0047 | CN6: 0.028 | CO6: 0.3371 | CP6: 0.3396 | CQ6: 0.0041 | CR6: 0.0101 | CS6: 23.0427 | CT6: 0.0078 | CU6: 0.0025 | CV6: 119.0092 | CW6: 14.833 | CX6: 0.0111 | CY6: 9.4728 | CZ6: 6.6246 | DA6: 31.4257 | DB6: 6.819 | DC6: 13.5486 | DD6: 25.3 | DE6: 41.9495 | DF6: 4.8003 | DG6: 213.9251 | DH6: 162.4736 | DI6: 16.264 | DJ6: 142.6486 | DK6: 99.6483 | DL6: 3.5352 | DM6: 2.7118 | DN6: 58.8976 | DO6: 1.6289 | DP6: =SUM(E6:DO6) -> 22255.573 | DQ6: 11196.759 | DR6: 6.0586 | DS6: 1178.4002 | DT6: 20.9833 | DU6: 150.3517 | DV6: -496.7351 | DW6: 2757.6097 | DX6: =SUM(DQ6:DW6) -> 14813.427 | DY6: =DP6+DX6 -> 37069.001 | EA6: =SUM(DS6:DU6) -> 1349.7352 | EB6: =EA6/$EA$122 -> 0.0026494709 | ED6: 0.48978932
A7: 4 | B7: 0201 | C7: =INDEX(Industries!$D:$D,MATCH($A7,Industries!$A:$A,0)) -> 1 | D7: Aquaculture | E7: 0.0335 | F7: 0.0089 | G7: 0.0192 | H7: 80.6296 | I7: 0.0001 | J7: 0.0083 | K7: 0.0258 | L7: 0.1198 | M7: 0.1881 | N7: 0.0443 | O7: 0.1648 | P7: 0.0221 | Q7: 0.0114 | R7: 0.002 | S7: 403.4326 | T7: 0.0033 | U7: 0.001 | V7: 174.5848 | W7: 0.5869 | X7: 27.2916 | Y7: 14.4088 | Z7: 287.9625 | AA7: 0.0144 | AB7: 0.0007 | AC7: 0.0014 | AE7: 0.0001 | AF7: 0.0019 | AH7: 0.0005 | AI7: 0.0005 | AJ7: 0.0003 | AK7: 0.0007 | AL7: 0.0039 | AM7: 0.0099 | AN7: 0.0046 | AO7: 0.0154 | AP7: 0.0011 | AR7: 0.0111 | AS7: 0.0022 | AT7: 0.0169 | AU7: 0.0005 | AV7: 0.0037 | AW7: 0.0027 | AX7: 0.0132 | AY7: 0.0102 | AZ7: 0.001 | BA7: 0.0127 | BB7: 0.0024 | BC7: 0.0006 | BD7: 0.0222 | BE7: 0.0034 | BF7: 0.0076 | BG7: 0.0222 | BH7: 0.0207 | BI7: 0.0057 | BK7: 0.0182 | BL7: 0.0021 | BM7: 0.0011 | BN7: 0.0067 | BO7: 0.0048 | BP7: 0.0071 | BQ7: 0.0199 | BR7: 0.0443 | BS7: 0.0068 | BT7: 0.0179 | BU7: 0.0012 | BV7: 0.1445 | BW7: 0.0515 | BX7: 0.2337 | BY7: 0.5338 | BZ7: 14.3074 | CA7: 522.1129 | CB7: 212.9661 | CC7: 299.0672 | CD7: 0.0427 | CE7: 0.0114 | CF7: 0.0043 | CG7: 0.0097 | CH7: 0.0226 | CI7: 0.0609 | CJ7: 0.0016 | CK7: 0.0022 | CL7: 0.0005 | CM7: 0.2291 | CN7: 0.008 | CO7: 0.0001 | CP7: 0.0042 | CQ7: 0.0028 | CR7: 0.0105 | CS7: 0.0419 | CV7: 0.0656 | CW7: 0.2517 | CX7: 0.1463 | CY7: 0.1368 | CZ7: 0.0903 | DA7: 0.0298 | DB7: 0.0139 | DC7: 0.0473 | DD7: 0.0199 | DE7: 0.032 | DF7: 0.0036 | DG7: 0.0655 | DH7: 0.0501 | DI7: 0.0052 | DJ7: 0.0163 | DK7: 19.31 | DL7: 0.047 | DM7: 0.2199 | DN7: 0.0422 | DO7: 0.0017 | DP7: =SUM(E7:DO7) -> 2060.3586 | DQ7: 1177.4662 | DS7: 8.6867 | DT7: 0.0792 | DU7: 2.234 | DV7: 74.6641 | DW7: 72.5107 | DX7: =SUM(DQ7:DW7) -> 1335.6409 | DY7: =DP7+DX7 -> 3395.9995 | EA7: =SUM(DS7:DU7) -> 10.9999 | EB7: =EA7/$EA$122 -> 2.1592321e-05 | ED7: 0.34746756
A8: 5 | B8: 0301 | C8: =INDEX(Industries!$D:$D,MATCH($A8,Industries!$A:$A,0)) -> 1 | D8: Forestry and logging | E8: 34.5676 | F8: 13.0974 | G8: 16.7835 | H8: 1.0456 | I8: 156.0069 | J8: 0.0691 | K8: 0.3692 | L8: 11.3567 | M8: 12.9939 | N8: 1.2138 | O8: 4.2946 | P8: 0.6256 | Q8: 0.5671 | R8: 0.3107 | S8: 0.0074 | T8: 0.3165 | U8: 0.1343 | V8: 0.2235 | W8: 0.5694 | X8: 0.1575 | Y8: 0.6191 | Z8: 0.3266 | AA8: 1.2885 | AB8: 0.0858 | AC8: 0.1392 | AD8: 0.0038 | AE8: 0.0182 | AF8: 0.1706 | AG8: 0.0005 | AH8: 0.0434 | AI8: 0.0438 | AJ8: 2363.038 | AK8: 942.7182 | AL8: 0.3072 | AM8: 0.629 | AN8: 3.5374 | AO8: 2.3963 | AP8: 13.5598 | AQ8: 0.0032 | AR8: 119.6808 | AS8: 36.1593 | AT8: 27.5997 | AU8: 0.0344 | AV8: 0.3372 | AW8: 0.239 | AX8: 1.144 | AY8: 0.9065 | AZ8: 0.1039 | BA8: 0.3656 | BB8: 0.3165 | BC8: 0.018 | BD8: 1.2155 | BE8: 0.2644 | BF8: 0.5297 | BG8: 1.364 | BH8: 1.3546 | BI8: 0.4798 | BJ8: 0.0095 | BK8: 1.6411 | BL8: 0.1956 | BM8: 0.1002 | BN8: 0.5598 | BO8: 0.4481 | BP8: 0.6514 | BQ8: 0.0153 | BR8: 0.6829 | BS8: 0.0256 | BT8: 1.6204 | BU8: 0.0063 | BV8: 4.2358 | BW8: 2.1257 | BX8: 2.5245 | BY8: 13.1099 | BZ8: 0.9307 | CA8: 0.7071 | CB8: 0.268 | CC8: 0.8028 | CD8: 2.0558 | CE8: 4.5961 | CF8: 0.331 | CG8: 0.4288 | CH8: 0.6196 | CI8: 0.1473 | CJ8: 0.0082 | CK8: 0.0053 | CL8: 0.0022 | CM8: 20.621 | CN8: 0.014 | CO8: 0.0112 | CP8: 0.3834 | CQ8: 0.2575 | CR8: 0.9473 | CS8: 2.4538 | CT8: 0.0039 | CU8: 0.0013 | CV8: 19.9537 | CW8: 20.9559 | CX8: 13.1752 | CY8: 12.0063 | CZ8: 3.0686 | DA8: 0.6653 | DB8: 0.793 | DC8: 2.4067 | DD8: 1.4433 | DE8: 2.4782 | DF8: 0.3245 | DG8: 1.6573 | DH8: 1.4243 | DI8: 0.0033 | DJ8: 0.4565 | DK8: 0.2298 | DL8: 3.9776 | DM8: 4.515 | DN8: 0.47 | DO8: 0.1505 | DP8: =SUM(E8:DO8) -> 3929.4552 | DQ8: 119.6113 | DR8: 82 | DS8: 43.7303 | DT8: 0.4172 | DU8: 11.2676 | DV8: 70.9092 | DW8: 201.6092 | DX8: =SUM(DQ8:DW8) -> 529.5448 | DY8: =DP8+DX8 -> 4459 | EA8: =SUM(DS8:DU8) -> 55.4151 | EB8: =EA8/$EA$122 -> 0.00010877741 | ED8: 0.49652384
A9: 6 | B9: 0401 | C9: =INDEX(Industries!$D:$D,MATCH($A9,Industries!$A:$A,0)) -> 1 | D9: Fishing, hunting and trapping | E9: 17.392 | F9: 5.9416 | G9: 16.1699 | H9: 1.0513 | I9: 0.0075 | J9: 5.7342 | K9: 1.8935 | L9: 7.5683 | M9: 13.9189 | N9: 2.6836 | O9: 10.1793 | P9: 1.319 | Q9: 0.4566 | R9: 0.2168 | S9: 337.8082 | T9: 0.0742 | U9: 0.299 | V9: 0.8432 | W9: 0.9601 | X9: 0.3639 | Y9: 0.0483 | Z9: 23.3585 | AA9: 2.0858 | AB9: 0.0129 | AC9: 0.0148 | AD9: 0.0006 | AE9: 12.9478 | AF9: 0.0122 | AH9: 0.0008 | AI9: 0.0008 | AJ9: 0.0728 | AK9: 0.1021 | AL9: 0.0552 | AM9: 0.2755 | AN9: 0.1529 | AO9: 1.1531 | AP9: 0.0092 | AQ9: 0.0011 | AR9: 0.1237 | AS9: 0.0098 | AT9: 0.124 | AU9: 0.0104 | AV9: 0.04 | AW9: 0.0143 | AX9: 0.1479 | AY9: 0.0427 | AZ9: 0.0177 | BA9: 0.7905 | BB9: 0.065 | BC9: 0.0423 | BD9: 0.828 | BE9: 0.0508 | BF9: 0.1821 | BG9: 0.6683 | BH9: 0.5217 | BI9: 0.0531 | BJ9: 0.0054 | BK9: 0.0572 | BL9: 0.0162 | BM9: 0.0088 | BN9: 0.081 | BO9: 0.0211 | BP9: 0.2368 | BQ9: 1.7226 | BR9: 3.1753 | BS9: 0.561 | BT9: 0.0346 | BU9: 0.105 | BV9: 8.8001 | BW9: 2.6433 | BX9: 17.8771 | BY9: 34.5762 | BZ9: 26.8622 | CA9: 613.5886 | CB9: 28.546 | CC9: 65.0899 | CD9: 1.7706 | CE9: 0.7358 | CF9: 0.0583 | CG9: 0.4823 | CH9: 1.3813 | CI9: 5.1059 | CJ9: 0.1394 | CK9: 0.191 | CL9: 0.0445 | CM9: 0.345 | CN9: 0.6935 | CO9: 0.0003 | CP9: 0.0072 | CQ9: 0.0054 | CR9: 0.0186 | CS9: 1.306 | CT9: 0.0022 | CU9: 0.0007 | CV9: 1.4084 | CW9: 1.9922 | CX9: 0.2227 | CY9: 0.5023 | CZ9: 4.8913 | DA9: 7.2575 | DB9: 0.4733 | DC9: 1.8177 | DD9: 0.3963 | DE9: 0.469 | DF9: 0.0121 | DG9: 4.1901 | DH9: 3.0702 | DI9: 3.6799 | DJ9: 1.8265 | DK9: 2.4627 | DL9: 0.3408 | DM9: 14.7125 | DN9: 3.1968 | DO9: 0.0036 | DP9: =SUM(E9:DO9) -> 1338.1401 | DQ9: 830.6245 | DR9: 28 | DS9: 28.5988 | DT9: 0.2713 | DU9: 7.3671 | DV9: 51.9318 | DW9: 822.0667 | DX9: =SUM(DQ9:DW9) -> 1768.8602 | DY9: =DP9+DX9 -> 3107.0003 | EA9: =SUM(DS9:DU9) -> 36.2372 | EB9: =EA9/$EA$122 -> 7.1132032e-05 | ED9: 0.43192785
A10: 7 | B10: 0501 | C10: =INDEX(Industries!$D:$D,MATCH($A10,Industries!$A:$A,0)) -> 1 | D10: Agriculture, forestry and fishing support services | E10: 3896.3851 | F10: 298.0004 | G10: 4318.0988 | H10: 74.7666 | I10: 868.187 | J10: 383.3612 | K10: 269.9501 | L10: 28.4448 | M10: 7.5316 | N10: 43.7286 | O10: 160.3888 | P10: 16.9939 | Q10: 0.3113 | R10: 0.7923 | S10: 0.0226 | T10: 0.2363 | U10: 0.1576 | V10: 0.0455 | W10: 0.3211 | X10: 0.1744 | Y10: 0.1359 | Z10: 0.2746 | AA10: 0.1834 | AB10: 0.0739 | AC10: 0.0647 | AD10: 0.0032 | AE10: 0.0314 | AF10: 0.0457 | AG10: 0.0001 | AH10: 0.0043 | AI10: 0.0044 | AJ10: 0.3323 | AK10: 0.2937 | AL10: 0.068 | AM10: 0.2202 | AN10: 0.1296 | AO10: 0.6516 | AP10: 0.0575 | AQ10: 0.0064 | AR10: 0.2866 | AS10: 0.0459 | AT10: 0.2553 | AU10: 0.0128 | AV10: 0.1215 | AW10: 0.0448 | AX10: 0.3446 | AY10: 0.1293 | AZ10: 0.0712 | BA10: 0.5259 | BB10: 0.3527 | BC10: 0.0335 | BD10: 0.6526 | BE10: 0.073 | BF10: 0.1908 | BG10: 0.5282 | BH10: 0.413 | BI10: 0.1039 | BJ10: 0.0456 | BK10: 0.248 | BL10: 0.0616 | BM10: 0.0265 | BN10: 0.1702 | BO10: 0.1142 | BP10: 0.0898 | BQ10: 0.9707 | BR10: 1.7782 | BS10: 0.3154 | BT10: 0.236 | BU10: 0.0749 | BV10: 5.6433 | BW10: 1.9931 | BX10: 9.8688 | BY10: 21.112 | BZ10: 12.9728 | CA10: 1.6348 | CB10: 0.4678 | CC10: 0.8535 | CD10: 5.5213 | CE10: 0.4375 | CF10: 0.0723 | CG10: 0.3895 | CH10: 0.8307 | CI10: 3.8524 | CJ10: 0.6643 | CK10: 0.131 | CL10: 0.0392 | CM10: 1.911 | CN10: 1.3828 | CO10: 0.003 | CP10: 2.9155 | CQ10: 3.7127 | CR10: 0.7441 | CS10: 0.9561 | CT10: 0.0128 | CU10: 0.0041 | CV10: 1.1958 | CW10: 9.2534 | CX10: 2.5177 | CY10: 1.8149 | CZ10: 2.8604 | DA10: 95.9949 | DB10: 0.5349 | DC10: 2.6542 | DD10: 0.6517 | DE10: 0.7852 | DF10: 0.0728 | DG10: 2.6264 | DH10: 2.1632 | DI10: 0.2754 | DJ10: 0.6509 | DK10: 0.3132 | DL10: 0.5694 | DM10: 8.1875 | DN10: 1.8084 | DO10: 0.0405 | DP10: =SUM(E10:DO10) -> 10591.893 | DQ10: 4.2744 | DR10: 844.6706 | DS10: 86.3343 | DT10: 1.1483 | DU10: 21.1253 | DV10: -89.7481 | DW10: 4084.3025 | DX10: =SUM(DQ10:DW10) -> 4952.1073 | DY10: =DP10+DX10 -> 15544 | EA10: =SUM(DS10:DU10) -> 108.6079 | EB10: =EA10/$EA$122 -> 0.00021319254 | ED10: 0.27547607
A11: 8 | B11: 0601 | C11: =INDEX(Industries!$D:$D,MATCH($A11,Industries!$A:$A,0)) -> 2 | D11: Coal mining | E11: 30.6976 | F11: 4.9484 | G11: 11.3059 | H11: 1.3416 | I11: 0.173 | J11: 0.8667 | K11: 4.5905 | L11: 1843.8451 | M11: 207.3133 | N11: 898.2131 | O11: 1245.1695 | P11: 411.2247 | Q11: 33.0174 | R11: 18.2047 | S11: 0.1323 | T11: 2.4985 | U11: 6.6514 | V11: 4.1122 | W11: 18.5712 | X11: 1.8608 | Y11: 15.9496 | Z11: 7.4272 | AA11: 7.1034 | AB11: 4.0923 | AC11: 3.4555 | AD11: 0.1307 | AE11: 0.0648 | AF11: 0.9846 | AG11: 0.0183 | AH11: 0.1521 | AI11: 0.1081 | AJ11: 2.1714 | AK11: 2.8761 | AL11: 17.7974 | AM11: 8.1623 | AN11: 1.804 | AO11: 11.8363 | AP11: 8.9531 | AQ11: 1.2002 | AR11: 22.4842 | AS11: 4.7766 | AT11: 5.0772 | AU11: 0.5242 | AV11: 3.9683 | AW11: 0.2873 | AX11: 84.3213 | AY11: 0.7433 | AZ11: 3.4238 | BA11: 886.4749 | BB11: 439.968 | BC11: 0.6761 | BD11: 20.1278 | BE11: 6.4543 | BF11: 5.4279 | BG11: 7.1903 | BH11: 2.377 | BI11: 0.7279 | BJ11: 1.4559 | BK11: 1.8502 | BL11: 1.2441 | BM11: 0.4745 | BN11: 4.1508 | BO11: 1.9692 | BP11: 0.6902 | BQ11: 2690.5876 | BR11: 10.1041 | BS11: 2.5724 | BT11: 4.9509 | BU11: 4.235 | BV11: 69.5785 | BW11: 15.9493 | BX11: 75.5111 | BY11: 86.6248 | BZ11: 131.9469 | CA11: 44.2152 | CB11: 9.421 | CC11: 17.9926 | CD11: 23.7211 | CE11: 12.0315 | CF11: 3.0676 | CG11: 3.4559 | CH11: 7.6407 | CI11: 37.3557 | CJ11: 6.8294 | CK11: 3.1335 | CL11: 0.9812 | CM11: 10.5013 | CN11: 16.0765 | CO11: 0.0538 | CP11: 9.3815 | CQ11: 9.9924 | CR11: 39.1798 | CS11: 10.2776 | CT11: 83.7877 | CU11: 32.5843 | CV11: 38.2179 | CW11: 218.3475 | CX11: 44.3288 | CY11: 109.0691 | CZ11: 7.7332 | DA11: 63.0087 | DB11: 47.7614 | DC11: 5.7538 | DD11: 15.0158 | DE11: 15.0113 | DF11: 2.3635 | DG11: 24.4953 | DH11: 17.6601 | DI11: 2.4543 | DJ11: 4.6135 | DK11: 3.6056 | DL11: 10.2237 | DM11: 19.0809 | DN11: 8.7808 | DO11: 0.3769 | DP11: =SUM(E11:DO11) -> 10477.534 | DQ11: 65.5189 | DR11: 38.4798 | DS11: 224.0953 | DT11: 76.0941 | DU11: 120.2305 | DV11: -247.0173 | DW11: 88462.065 | DX11: =SUM(DQ11:DW11) -> 88739.467 | DY11: =DP11+DX11 -> 99217 | EA11: =SUM(DS11:DU11) -> 420.4199 | EB11: =EA11/$EA$122 -> 0.0008252658 | ED11: 0.58347864
A12: 9 | B12: 0701 | C12: =INDEX(Industries!$D:$D,MATCH($A12,Industries!$A:$A,0)) -> 2 | D12: Oil and gas extraction | E12: 173.274 | F12: 4.0951 | G12: 44.1445 | H12: 51.3671 | I12: 0.3491 | J12: 1.8086 | K12: 10.9547 | L12: 466.8927 | M12: 559.9698 | N12: 781.9487 | O12: 1185.1533 | P12: 169.772 | Q12: 61.9004 | R12: 138.0411 | S12: 0.8849 | T12: 149.9782 | U12: 34.31 | V12: 70.4102 | W12: 66.0521 | X12: 57.782 | Y12: 59.4161 | Z12: 143.2735 | AA12: 15.283 | AB12: 13.096 | AC12: 24.64 | AD12: 0.0208 | AE12: 0.0385 | AF12: 12.3576 | AG12: 0.0104 | AH12: 0.0642 | AI12: 0.0447 | AJ12: 7.0332 | AK12: 39.9052 | AL12: 126.0033 | AM12: 141.3676 | AN12: 6.5249 | AO12: 705.2044 | AP12: 2.9024 | AQ12: 0.2088 | AR12: 847.5599 | AS12: 6.4798 | AT12: 25.1886 | AU12: 2.4301 | AV12: 218.4563 | AW12: 38.6409 | AX12: 46.8328 | AY12: 100.4504 | AZ12: 30.4457 | BA12: 223.0582 | BB12: 1099.9189 | BC12: 6.3008 | BD12: 42.9991 | BE12: 21.9332 | BF12: 26.4461 | BG12: 10.0812 | BH12: 3.6951 | BI12: 3.9293 | BJ12: 3.8756 | BK12: 7.2063 | BL12: 2.7553 | BM12: 2.261 | BN12: 8.9271 | BO12: 4.5514 | BP12: 0.501 | BQ12: 1756.0114 | BR12: 34.0711 | BS12: 10.93 | BT12: 21.6721 | BU12: 21.0901 | BV12: 145.8769 | BW12: 97.2504 | BX12: 145.3435 | BY12: 382.622 | BZ12: 150.6254 | CA12: 105.0423 | CB12: 170.9577 | CC12: 620.1951 | CD12: 62.9572 | CE12: 16.0907 | CF12: 30.6229 | CG12: 3.3136 | CH12: 15.7367 | CI12: 63.4204 | CJ12: 9.2168 | CK12: 2.8724 | CL12: 2.7354 | CM12: 11.1694 | CN12: 13.1587 | CO12: 0.2156 | CP12: 3.938 | CQ12: 2.6022 | CR12: 3.658 | CS12: 31.1507 | CT12: 131.4252 | CU12: 48.0525 | CV12: 70.3828 | CW12: 129.7085 | CX12: 7.7574 | CY12: 19.8637 | CZ12: 11.7758 | DA12: 176.1509 | DB12: 71.712 | DC12: 49.0202 | DD12: 92.5093 | DE12: 63.7255 | DF12: 12.8524 | DG12: 201.8179 | DH12: 179.5588 | DI12: 12.0995 | DJ12: 35.604 | DK12: 7.8352 | DL12: 74.9089 | DM12: 52.5172 | DN12: 46.99 | DO12: 22.4467 | DP12: =SUM(E12:DO12) -> 13564.668 | DQ12: 6577.3293 | DR12: 118.2936 | DS12: 1283.3104 | DT12: 149.5934 | DU12: 447.584 | DV12: 67.856 | DW12: 81461.365 | DX12: =SUM(DQ12:DW12) -> 90105.332 | DY12: =DP12+DX12 -> 103670 | EA12: =SUM(DS12:DU12) -> 1880.4878 | EB12: =EA12/$EA$122 -> 0.003691315 | ED12: 0.76595929
A13: 10 | B13: 0801 | C13: =INDEX(Industries!$D:$D,MATCH($A13,Industries!$A:$A,0)) -> 3 | D13: Iron ore mining | E13: 33.7402 | F13: 4.0117 | G13: 21.1928 | H13: 2.9085 | I13: 0.1978 | J13: 1.9989 | K13: 7.6377 | L13: 398.5273 | M13: 52.4888 | N13: 159.4244 | O13: 138.1743 | P13: 13.601 | Q13: 4.6253 | R13: 6.0105 | S13: 0.4992 | T13: 2.4841 | U13: 1.5049 | V13: 0.4454 | W13: 10.0653 | X13: 1.703 | Y13: 3.3042 | Z13: 3.4393 | AA13: 8.1424 | AB13: 4.2149 | AC13: 3.6988 | AD13: 0.1045 | AE13: 0.0138 | AF13: 0.8229 | AG13: 0.0016 | AH13: 0.0233 | AI13: 0.043 | AJ13: 1.1033 | AK13: 2.0468 | AL13: 1.3024 | AM13: 9.2024 | AN13: 2.1725 | AO13: 5.8018 | AP13: 9.6213 | AQ13: 1.1186 | AR13: 9.1872 | AS13: 6.9244 | AT13: 5.5303 | AU13: 0.1839 | AV13: 1.1806 | AW13: 0.3488 | AX13: 6.3478 | AY13: 0.8961 | AZ13: 0.2348 | BA13: 1990.8105 | BB13: 73.2154 | BC13: 0.7184 | BD13: 23.3646 | BE13: 6.809 | BF13: 6.0131 | BG13: 8.3968 | BH13: 3.6253 | BI13: 0.6085 | BJ13: 2.1465 | BK13: 1.1963 | BL13: 0.9764 | BM13: 0.2394 | BN13: 3.2427 | BO13: 1.2031 | BP13: 0.2396 | BQ13: 19.1731 | BR13: 17.0012 | BS13: 4.8061 | BT13: 4.9786 | BU13: 49.1107 | BV13: 71.234 | BW13: 19.6175 | BX13: 113.6472 | BY13: 187.673 | BZ13: 447.9068 | CA13: 118.3165 | CB13: 4.8953 | CC13: 41.4495 | CD13: 157.7359 | CE13: 102.1552 | CF13: 20.0408 | CG13: 7.384 | CH13: 23.3404 | CI13: 133.7517 | CJ13: 14.8134 | CK13: 7.7577 | CL13: 1.4755 | CM13: 25.2597 | CN13: 30.7559 | CO13: 0.1299 | CP13: 12.4396 | CQ13: 10.3615 | CR13: 96.9834 | CS13: 39.406 | CT13: 0.7492 | CU13: 0.282 | CV13: 44.285 | CW13: 494.6014 | CX13: 103.052 | CY13: 254.9337 | CZ13: 24.5742 | DA13: 41.1284 | DB13: 5.5949 | DC13: 12.5732 | DD13: 27.1034 | DE13: 26.5807 | DF13: 5.3154 | DG13: 31.6002 | DH13: 27.9928 | DI13: 5.2521 | DJ13: 10.3324 | DK13: 7.14 | DL13: 13.2508 | DM13: 45.0063 | DN13: 16.6677 | DO13: 0.4634 | DP13: =SUM(E13:DO13) -> 6053.1377 | DQ13: 62.7924 | DR13: 35.5201 | DS13: 392.7653 | DT13: 48.6764 | DU13: 170.648 | DV13: -445.2589 | DW13: 133430.72 | DX13: =SUM(DQ13:DW13) -> 133695.86 | DY13: =DP13+DX13 -> 139749 | EA13: =SUM(DS13:DU13) -> 612.0897 | EB13: =EA13/$EA$122 -> 0.0012015052 | ED13: 0.79897531
A14: 11 | B14: 0802 | C14: =INDEX(Industries!$D:$D,MATCH($A14,Industries!$A:$A,0)) -> 3 | D14: Non-ferrous metal ore mining | E14: 28.1041 | F14: 4.5096 | G14: 18.7846 | H14: 0.6142 | I14: 0.309 | J14: 0.5468 | K14: 8.0428 | L14: 324.7082 | M14: 74.2829 | N14: 181.3857 | O14: 273.1044 | P14: 75.1495 | Q14: 43.0356 | R14: 6.4923 | S14: 0.1415 | T14: 2.5409 | U14: 1.1234 | V14: 0.3902 | W14: 1.3096 | X14: 0.9328 | Y14: 7.3374 | Z14: 1.8758 | AA14: 1.6182 | AB14: 0.7498 | AC14: 1.0638 | AD14: 0.017 | AE14: 0.0499 | AF14: 0.2789 | AG14: 0.0151 | AH14: 0.1679 | AI14: 0.0418 | AJ14: 3.5158 | AK14: 5.8201 | AL14: 2.7099 | AM14: 2.2953 | AN14: 0.8582 | AO14: 2.0449 | AP14: 3.541 | AQ14: 0.2017 | AR14: 342.6594 | AS14: 6.4356 | AT14: 2.7085 | AU14: 0.7312 | AV14: 2.3584 | AW14: 3.8401 | AX14: 313.0129 | AY14: 19.3539 | AZ14: 76.3234 | BA14: 1270.6502 | BB14: 39905.391 | BC14: 0.4925 | BD14: 3.5143 | BE14: 0.7461 | BF14: 1.2474 | BG14: 1.4758 | BH14: 0.3478 | BI14: 0.4206 | BJ14: 0.5556 | BK14: 1.2029 | BL14: 0.6434 | BM14: 0.2525 | BN14: 1.8653 | BO14: 2.0149 | BP14: 1.1455 | BQ14: 21.3883 | BR14: 40.5764 | BS14: 2.547 | BT14: 26.1984 | BU14: 3.6888 | BV14: 340.5251 | BW14: 272.4762 | BX14: 199.2816 | BY14: 827.0685 | BZ14: 92.8692 | CA14: 57.7769 | CB14: 12.0757 | CC14: 46.7011 | CD14: 10.8096 | CE14: 12.1999 | CF14: 3.6922 | CG14: 1.9589 | CH14: 3.2256 | CI14: 21.8403 | CJ14: 8.2573 | CK14: 2.489 | CL14: 1.6392 | CM14: 13.9271 | CN14: 13.1355 | CO14: 0.254 | CP14: 7.6122 | CQ14: 12.4653 | CR14: 22.5101 | CS14: 20.4672 | CT14: 31.0845 | CU14: 12.071 | CV14: 38.0675 | CW14: 166.8735 | CX14: 40.5848 | CY14: 66.554 | CZ14: 4.8383 | DA14: 79.1092 | DB14: 23.614 | DC14: 7.8588 | DD14: 13.5923 | DE14: 11.4582 | DF14: 2.149 | DG14: 42.5246 | DH14: 17.5237 | DI14: 2.4212 | DJ14: 4.0767 | DK14: 4.8306 | DL14: 7.3181 | DM14: 7.9392 | DN14: 8.0278 | DO14: 1.1483 | DP14: =SUM(E14:DO14) -> 45732.421 | DQ14: 370.6008 | DR14: 130.7501 | DS14: 691.8533 | DT14: 88.3024 | DU14: 295.3454 | DV14: 520.3606 | DW14: 18454.366 | DX14: =SUM(DQ14:DW14) -> 20551.579 | DY14: =DP14+DX14 -> 66284 | EA14: =SUM(DS14:DU14) -> 1075.5011 | EB14: =EA14/$EA$122 -> 0.0021111614 | ED14: 0.27812142
A15: 12 | B15: 0901 | C15: =INDEX(Industries!$D:$D,MATCH($A15,Industries!$A:$A,0)) -> 3 | D15: Non-metallic mineral mining | E15: 11.0422 | F15: 2.7064 | G15: 6.6433 | H15: 0.4284 | I15: 0.0443 | J15: 0.3358 | K15: 1.7992 | L15: 184.3581 | M15: 143.3595 | N15: 102.8144 | O15: 172.4312 | P15: 42.5893 | Q15: 12.7809 | R15: 2.7628 | S15: 0.0878 | T15: 0.9333 | U15: 0.7948 | V15: 0.2103 | W15: 1.0481 | X15: 0.706 | Y15: 1.1903 | Z15: 86.4287 | AA15: 1.1861 | AB15: 0.3236 | AC15: 0.5819 | AD15: 0.0136 | AE15: 0.0837 | AF15: 0.2961 | AG15: 0.0055 | AH15: 0.0283 | AI15: 0.0312 | AJ15: 0.8343 | AK15: 1.3152 | AL15: 0.2873 | AM15: 0.4127 | AN15: 0.3893 | AO15: 10.2768 | AP15: 0.8853 | AQ15: 0.06 | AR15: 84.279 | AS15: 0.3843 | AT15: 1.8448 | AU15: 0.1529 | AV15: 519.3713 | AW15: 228.7507 | AX15: 1212.3732 | AY15: 69.9566 | AZ15: 186.1271 | BA15: 114.9762 | BB15: 4.0146 | BC15: 43.7021 | BD15: 5.1655 | BE15: 19.6424 | BF15: 53.357 | BG15: 1.1164 | BH15: 1.4217 | BI15: 0.6252 | BJ15: 1.4578 | BK15: 0.83 | BL15: 2.4905 | BM15: 0.4154 | BN15: 4.1981 | BO15: 1.0118 | BP15: 72.9922 | BQ15: 3.389 | BR15: 5.7058 | BS15: 1.0564 | BT15: 131.6553 | BU15: 13.0893 | BV15: 251.5349 | BW15: 201.6024 | BX15: 372.6505 | BY15: 3265.0885 | BZ15: 40.7818 | CA15: 101.01 | CB15: 4.4227 | CC15: 11.3594 | CD15: 6.3616 | CE15: 2.4689 | CF15: 1.3292 | CG15: 1.6518 | CH15: 1.7168 | CI15: 9.9517 | CJ15: 4.2335 | CK15: 1.5696 | CL15: 0.271 | CM15: 5.1662 | CN15: 11.8582 | CO15: 4.1365 | CP15: 2.3784 | CQ15: 1.6667 | CR15: 20.9612 | CS15: 6.795 | CT15: 15.9318 | CU15: 6.066 | CV15: 20.8851 | CW15: 126.1421 | CX15: 31.1647 | CY15: 60.2661 | CZ15: 6.7155 | DA15: 25.704 | DB15: 7.5906 | DC15: 3.6952 | DD15: 9.2577 | DE15: 10.2057 | DF15: 1.8838 | DG15: 26.59 | DH15: 24.7998 | DI15: 1.9277 | DJ15: 33.9452 | DK15: 36.975 | DL15: 3.0681 | DM15: 6.3994 | DN15: 20.4177 | DO15: 1.488 | DP15: =SUM(E15:DO15) -> 8390.1443 | DQ15: 56.623 | DR15: 9.7094 | DS15: 89.5328 | DT15: 9.3985 | DU15: 27.8505 | DV15: 488.5734 | DW15: 10246.168 | DX15: =SUM(DQ15:DW15) -> 10927.855 | DY15: =DP15+DX15 -> 19318 | EA15: =SUM(DS15:DU15) -> 126.7818 | EB15: =EA15/$EA$122 -> 0.00024886711 | ED15: 0.53701212
A16: 13 | B16: 1001 | C16: =INDEX(Industries!$D:$D,MATCH($A16,Industries!$A:$A,0)) -> 4 | D16: Exploration and mining support services | E16: 53.7889 | F16: 8.2607 | G16: 21.2864 | H16: 1.6506 | I16: 2.6363 | J16: 1.3153 | K16: 6.1658 | L16: 7589.3583 | M16: 837.92 | N16: 3906.7226 | O16: 5395.8492 | P16: 1835.4294 | Q16: 132.2159 | R16: 7.8502 | S16: 0.3663 | T16: 11.2761 | U16: 3.6044 | V16: 1.6474 | W16: 10.1539 | X16: 4.6612 | Y16: 8.3667 | Z16: 14.2916 | AA16: 23.8442 | AB16: 15.231 | AC16: 9.4109 | AD16: 0.4835 | AE16: 0.1965 | AF16: 2.2011 | AG16: 0.0504 | AH16: 0.2473 | AI16: 0.4669 | AJ16: 1.8326 | AK16: 6.2477 | AL16: 2.9638 | AM16: 33.2438 | AN16: 6.0517 | AO16: 6.9706 | AP16: 36.056 | AQ16: 4.0326 | AR16: 25.0026 | AS16: 18.3516 | AT16: 18.612 | AU16: 0.8749 | AV16: 2.5217 | AW16: 0.6236 | AX16: 21.8303 | AY16: 2.1394 | AZ16: 1.1615 | BA16: 7.9495 | BB16: 5.5772 | BC16: 1.3549 | BD16: 68.3279 | BE16: 24.2103 | BF16: 16.921 | BG16: 23.7418 | BH16: 6.2475 | BI16: 1.8596 | BJ16: 2.3142 | BK16: 4.6259 | BL16: 3.3085 | BM16: 0.9616 | BN16: 11.7659 | BO16: 5.2257 | BP16: 1.5935 | BQ16: 6.9803 | BR16: 13.4877 | BS16: 1.5607 | BT16: 8.7935 | BU16: 25.2005 | BV16: 87.906 | BW16: 48.7641 | BX16: 114.9424 | BY16: 112.8091 | BZ16: 260.95 | CA16: 82.9637 | CB16: 14.3427 | CC16: 27.1919 | CD16: 94.4544 | CE16: 15.046 | CF16: 5.6827 | CG16: 6.0117 | CH16: 29.9128 | CI16: 91.7394 | CJ16: 10.4441 | CK16: 1.5726 | CL16: 1.2709 | CM16: 2.0799 | CN16: 69.6653 | CO16: 0.0879 | CP16: 25.4249 | CQ16: 19.7598 | CR16: 6.919 | CS16: 11.558 | CT16: 127.6925 | CU16: 49.6383 | CV16: 45.5157 | CW16: 85.8505 | CX16: 24.7536 | CY16: 43.8461 | CZ16: 10.3629 | DA16: 95.4799 | DB16: 74.4476 | DC16: 13.3272 | DD16: 27.8068 | DE16: 36.1848 | DF16: 6.7837 | DG16: 57.088 | DH16: 33.1192 | DI16: 5.7866 | DJ16: 6.3776 | DK16: 4.472 | DL16: 26.2527 | DM16: 17.3767 | DN16: 10.7701 | DO16: 0.8812 | DP16: =SUM(E16:DO16) -> 22282.786 | DQ16: 190.7615 | DR16: 242.2875 | DS16: 5628.4062 | DT16: 6.6292 | DU16: 73.942 | DV16: 0.0378 | DW16: 311.1497 | DX16: =SUM(DQ16:DW16) -> 6453.2139 | DY16: =DP16+DX16 -> 28736 | EA16: =SUM(DS16:DU16) -> 5708.9774 | EB16: =EA16/$EA$122 -> 0.011206472 | ED16: 0.52021855
A17: 14 | B17: 1101 | C17: =INDEX(Industries!$D:$D,MATCH($A17,Industries!$A:$A,0)) -> 5 | D17: Meat and meat product manufacturing | E17: 120.8791 | F17: 70.9795 | G17: 3.3307 | H17: 7.422 | I17: 0.1119 | J17: 1.5763 | K17: 6.0715 | L17: 6.4258 | M17: 13.8367 | N17: 2.6481 | O17: 10.8542 | P17: 1.1864 | Q17: 2.1768 | R17: 1663.5459 | S17: 2.9848 | T17: 8.0117 | U17: 114.1052 | V17: 67.4301 | W17: 49.524 | X17: 624.6868 | Y17: 54.3435 | Z17: 946.947 | AA17: 10.2366 | AB17: 1.9429 | AC17: 2.5432 | AD17: 0.032 | AE17: 376.6151 | AF17: 1.51 | AG17: 0.0011 | AH17: 0.0607 | AI17: 0.2078 | AJ17: 2.1955 | AK17: 2.2675 | AL17: 0.3984 | AM17: 0.7153 | AN17: 1.021 | AO17: 0.983 | AP17: 3.8955 | AQ17: 1.4157 | AR17: 116.1169 | AS17: 21.8711 | AT17: 1.2458 | AU17: 0.1511 | AV17: 0.7993 | AW17: 0.2393 | AX17: 1.7204 | AY17: 0.4521 | AZ17: 0.4568 | BA17: 1.8006 | BB17: 4.8407 | BC17: 0.1216 | BD17: 1.9804 | BE17: 0.307 | BF17: 0.8611 | BG17: 1.6728 | BH17: 0.7181 | BI17: 0.4621 | BJ17: 0.6402 | BK17: 1.8987 | BL17: 1.1416 | BM17: 0.2738 | BN17: 2.3857 | BO17: 7.5299 | BP17: 10.1104 | BQ17: 2.3851 | BR17: 3.1601 | BS17: 0.3094 | BT17: 2.297 | BU17: 23.6482 | BV17: 14.9818 | BW17: 17.3298 | BX17: 25.2656 | BY17: 140.8126 | BZ17: 916.7678 | CA17: 621.6192 | CB17: 465.5917 | CC17: 9649.5656 | CD17: 4.0291 | CE17: 2.1147 | CF17: 0.4328 | CG17: 1.7591 | CH17: 2.8093 | CI17: 4.868 | CJ17: 1.322 | CK17: 0.5681 | CL17: 0.2654 | CM17: 0.9753 | CN17: 2.4129 | CO17: 0.0228 | CP17: 1.0565 | CQ17: 2.0599 | CR17: 1.4791 | CS17: 6.702 | CT17: 0.3509 | CU17: 0.1275 | CV17: 4.7529 | CW17: 108.194 | CX17: 2.5213 | CY17: 33.305 | CZ17: 21.8768 | DA17: 5.5168 | DB17: 9.7108 | DC17: 51.3823 | DD17: 62.4417 | DE17: 68.4041 | DF17: 3.1401 | DG17: 262.2368 | DH17: 601.6939 | DI17: 3.2208 | DJ17: 34.3301 | DK17: 14.1701 | DL17: 45.3654 | DM17: 10.5322 | DN17: 16.55 | DO17: 24.8912 | DP17: =SUM(E17:DO17) -> 17666.242 | DQ17: 10819.23 | DR17: 7.4945 | DS17: 100.5271 | DT17: 3.1271 | DU17: 26.9175 | DV17: 209.1739 | DW17: 15614.287 | DX17: =SUM(DQ17:DW17) -> 26780.757 | DY17: =DP17+DX17 -> 44447 | EA17: =SUM(DS17:DU17) -> 130.5717 | EB17: =EA17/$EA$122 -> 0.00025630651 | ED17: 0.23441402
A18: 15 | B18: 1102 | C18: =INDEX(Industries!$D:$D,MATCH($A18,Industries!$A:$A,0)) -> 5 | D18: Processed seafood manufacturing | E18: 1.9003 | F18: 0.2412 | G18: 0.7683 | H18: 7.5029 | I18: 0.0634 | J18: 1.8869 | K18: 2.1759 | L18: 3.1743 | M18: 1.9931 | N18: 1.2093 | O18: 7.7033 | P18: 0.5444 | Q18: 2.9835 | R18: 4.9998 | S18: 0.9399 | T18: 3.5687 | U18: 9.8078 | V18: 0.5023 | W18: 3.9148 | X18: 15.5841 | Y18: 2.4665 | Z18: 57.6162 | AA18: 0.5194 | AB18: 0.8249 | AC18: 0.1832 | AD18: 0.0116 | AE18: 0.0457 | AF18: 0.3291 | AG18: 0.0002 | AH18: 0.0339 | AI18: 0.035 | AJ18: 0.376 | AK18: 0.8406 | AL18: 0.1459 | AM18: 0.3664 | AN18: 0.2733 | AO18: 0.4976 | AP18: 1.7787 | AQ18: 0.0409 | AR18: 7.8915 | AS18: 2.7433 | AT18: 0.6531 | AU18: 0.0319 | AV18: 0.1608 | AW18: 0.063 | AX18: 0.7058 | AY18: 0.1564 | AZ18: 0.0843 | BA18: 0.3113 | BB18: 0.2917 | BC18: 0.0365 | BD18: 0.7898 | BE18: 0.1413 | BF18: 0.4546 | BG18: 0.7904 | BH18: 0.3519 | BI18: 0.1968 | BJ18: 0.4645 | BK18: 0.7205 | BL18: 0.2829 | BM18: 0.0858 | BN18: 1.3181 | BO18: 0.4314 | BP18: 0.0996 | BQ18: 0.509 | BR18: 0.7668 | BS18: 0.0751 | BT18: 0.7881 | BU18: 0.389 | BV18: 5.7734 | BW18: 2.9216 | BX18: 2.9653 | BY18: 10.4463 | BZ18: 48.4164 | CA18: 41.2253 | CB18: 15.9526 | CC18: 91.4552 | CD18: 2.016 | CE18: 0.3436 | CF18: 0.1724 | CG18: 0.6539 | CH18: 1.1868 | CI18: 1.5458 | CJ18: 0.5694 | CK18: 0.1248 | CL18: 0.094 | CM18: 0.9496 | CN18: 2.3067 | CO18: 0.0044 | CP18: 0.928 | CQ18: 0.4044 | CR18: 0.4638 | CS18: 0.7877 | CT18: 0.1058 | CU18: 0.0373 | CV18: 3.3933 | CW18: 5.2776 | CX18: 0.8387 | CY18: 1.9533 | CZ18: 1.6908 | DA18: 5.1384 | DB18: 4.5117 | DC18: 5.2635 | DD18: 6.7801 | DE18: 10.2389 | DF18: 0.744 | DG18: 23.5195 | DH18: 63.9505 | DI18: 0.2965 | DJ18: 1.4818 | DK18: 7.4522 | DL18: 2.0472 | DM18: 2.3357 | DN18: 0.8361 | DO18: 0.0973 | DP18: =SUM(E18:DO18) -> 539.3321 | DQ18: 755.4052 | DR18: 0.4358 | DS18: 13.9191 | DT18: 0.6215 | DU18: 2.5301 | DV18: -19.1136 | DW18: 322.8698 | DX18: =SUM(DQ18:DW18) -> 1076.6679 | DY18: =DP18+DX18 -> 1616 | EA18: =SUM(DS18:DU18) -> 17.0707 | EB18: =EA18/$EA$122 -> 3.3509034e-05 | ED18: 0.31497527
A19: 16 | B19: 1103 | C19: =INDEX(Industries!$D:$D,MATCH($A19,Industries!$A:$A,0)) -> 5 | D19: Dairy product manufacturing | E19: 57.2635 | F19: 23.4048 | G19: 1.4879 | H19: 0.5769 | I19: 0.0395 | J19: 0.1834 | K19: 1.0019 | L19: 3.871 | M19: 5.0489 | N19: 8.9852 | O19: 18.3274 | P19: 0.783 | Q19: 1.3598 | R19: 48.6414 | S19: 0.7399 | T19: 2163.9974 | U19: 36.6496 | V19: 179.2908 | W19: 31.2155 | X19: 251.9876 | Y19: 186.7805 | Z19: 555.6727 | AA19: 11.2269 | AB19: 0.3928 | AC19: 13.1339 | AD19: 0.0438 | AE19: 0.0827 | AF19: 0.5302 | AG19: 0.0203 | AH19: 0.0303 | AI19: 0.0328 | AJ19: 0.782 | AK19: 0.9569 | AL19: 0.1879 | AM19: 0.4561 | AN19: 0.2897 | AO19: 0.5595 | AP19: 24.7303 | AQ19: 0.0805 | AR19: 5.472 | AS19: 42.6075 | AT19: 1.0606 | AU19: 0.0676 | AV19: 0.3281 | AW19: 0.1366 | AX19: 1.0042 | AY19: 0.3596 | AZ19: 0.8277 | BA19: 0.5365 | BB19: 0.8971 | BC19: 0.057 | BD19: 1.0698 | BE19: 0.1936 | BF19: 0.4747 | BG19: 1.9917 | BH19: 2.0862 | BI19: 3.1408 | BJ19: 1.9386 | BK19: 2.3812 | BL19: 1.1346 | BM19: 0.4506 | BN19: 1.3356 | BO19: 0.8695 | BP19: 1.6842 | BQ19: 0.869 | BR19: 1.8485 | BS19: 0.1744 | BT19: 11.1571 | BU19: 36.8734 | BV19: 17.9681 | BW19: 20.229 | BX19: 20.6052 | BY19: 57.3263 | BZ19: 62.5115 | CA19: 363.5984 | CB19: 107.7172 | CC19: 821.1271 | CD19: 5.2301 | CE19: 2.4843 | CF19: 0.2462 | CG19: 0.7586 | CH19: 18.9697 | CI19: 2.5771 | CJ19: 1.5145 | CK19: 0.782 | CL19: 0.1147 | CM19: 5.0274 | CN19: 3.1664 | CO19: 0.0106 | CP19: 1.6294 | CQ19: 1.8577 | CR19: 2.0029 | CS19: 6.6581 | CT19: 4.3116 | CU19: 1.6735 | CV19: 14.6494 | CW19: 88.8586 | CX19: 7.3249 | CY19: 43.7734 | CZ19: 22.5451 | DA19: 5.3748 | DB19: 7.8445 | DC19: 64.6769 | DD19: 74.2091 | DE19: 103.9337 | DF19: 11.3881 | DG19: 422.7571 | DH19: 833.2675 | DI19: 3.4583 | DJ19: 3.2371 | DK19: 27.0865 | DL19: 23.2478 | DM19: 11.6845 | DN19: 21.3624 | DO19: 33.6587 | DP19: =SUM(E19:DO19) -> 7108.3092 | DQ19: 7683.9448 | DR19: 0.4103 | DS19: 56.0623 | DT19: 0.872 | DU19: 13.8679 | DV19: 206.5276 | DW19: 3301.0061 | DX19: =SUM(DQ19:DW19) -> 11262.691 | DY19: =DP19+DX19 -> 18371 | EA19: =SUM(DS19:DU19) -> 70.8022 | EB19: =EA19/$EA$122 -> 0.00013898161 | ED19: 0.19215067
A20: 17 | B20: 1104 | C20: =INDEX(Industries!$D:$D,MATCH($A20,Industries!$A:$A,0)) -> 5 | D20: Fruit and vegetable product manufacturing | E20: 2.9261 | F20: 0.7673 | G20: 1.1363 | H20: 3.1534 | I20: 0.1203 | J20: 2.2823 | K20: 7.9992 | L20: 2.635 | M20: 10.7104 | N20: 1.8167 | O20: 4.0829 | P20: 0.5535 | Q20: 7.9586 | R20: 164.3076 | S20: 0.9401 | T20: 33.2913 | U20: 88.7092 | V20: 3.2663 | W20: 37.7135 | X20: 143.4316 | Y20: 13.9075 | Z20: 225.8724 | AA20: 8.3962 | AB20: 0.6604 | AC20: 0.6111 | AD20: 0.0165 | AE20: 0.0596 | AF20: 0.3349 | AG20: 0.0013 | AH20: 0.0486 | AI20: 0.0432 | AJ20: 0.4 | AK20: 0.7818 | AL20: 0.1556 | AM20: 0.326 | AN20: 0.29 | AO20: 0.256 | AP20: 1.6809 | AQ20: 0.0907 | AR20: 3.9026 | AS20: 1.4604 | AT20: 0.479 | AU20: 0.0689 | AV20: 0.204 | AW20: 0.084 | AX20: 0.4173 | AY20: 0.2113 | AZ20: 0.1113 | BA20: 0.4454 | BB20: 0.5845 | BC20: 0.0557 | BD20: 0.9477 | BE20: 0.1822 | BF20: 0.5881 | BG20: 1.5663 | BH20: 0.6825 | BI20: 0.2885 | BJ20: 0.5462 | BK20: 1.0599 | BL20: 0.467 | BM20: 0.1799 | BN20: 1.7944 | BO20: 0.5415 | BP20: 0.1095 | BQ20: 0.6135 | BR20: 0.7363 | BS20: 0.0786 | BT20: 0.654 | BU20: 0.5406 | BV20: 6.8281 | BW20: 2.9743 | BX20: 3.9197 | BY20: 13.6101 | BZ20: 13.0536 | CA20: 57.4015 | CB20: 30.1587 | CC20: 219.2392 | CD20: 2.5686 | CE20: 0.6113 | CF20: 0.1796 | CG20: 0.6759 | CH20: 0.7261 | CI20: 0.9279 | CJ20: 0.5033 | CK20: 0.197 | CL20: 0.1248 | CM20: 0.2365 | CN20: 0.835 | CO20: 0.0067 | CP20: 0.6365 | CQ20: 0.6607 | CR20: 0.3526 | CS20: 0.671 | CT20: 1.9591 | CU20: 0.7568 | CV20: 1.2773 | CW20: 2.7236 | CX20: 0.4214 | CY20: 1.1174 | CZ20: 0.9686 | DA20: 2.4447 | DB20: 13.7992 | DC20: 21.8912 | DD20: 11.2152 | DE20: 15.2393 | DF20: 0.9837 | DG20: 42.2194 | DH20: 132.4529 | DI20: 1.1152 | DJ20: 3.4453 | DK20: 8.6658 | DL20: 3.0567 | DM20: 3.4029 | DN20: 1.2816 | DO20: 6.7177 | DP20: =SUM(E20:DO20) -> 1425.5891 | DQ20: 2790.287 | DR20: 0.5843 | DS20: 48.2753 | DT20: 3.3438 | DU20: 13.9251 | DV20: -0.2958 | DW20: 2872.2918 | DX20: =SUM(DQ20:DW20) -> 5728.4115 | DY20: =DP20+DX20 -> 7154.0006 | EA20: =SUM(DS20:DU20) -> 65.5442 | EB20: =EA20/$EA$122 -> 0.00012866039 | ED20: 0.21386637
A21: 18 | B21: 1105 | C21: =INDEX(Industries!$D:$D,MATCH($A21,Industries!$A:$A,0)) -> 5 | D21: Oils and fats manufacturing | E21: 4.4643 | F21: 0.9397 | G21: 1.6554 | H21: 0.458 | I21: 0.0475 | J21: 0.2526 | K21: 1.0403 | L21: 3.1365 | M21: 4.4193 | N21: 1.2495 | O21: 4.4327 | P21: 0.5727 | Q21: 0.3189 | R21: 2.7795 | S21: 5.2249 | T21: 21.2311 | U21: 85.6272 | V21: 596.2315 | W21: 21.9453 | X21: 200.9688 | Y21: 31.0895 | Z21: 160.9018 | AA21: 5.1018 | AB21: 2.5438 | AC21: 0.0995 | AD21: 0.008 | AE21: 0.0272 | AF21: 0.2982 | AG21: 0.0002 | AH21: 0.0305 | AI21: 0.0213 | AJ21: 0.1693 | AK21: 0.3497 | AL21: 0.0852 | AM21: 0.2194 | AN21: 0.1738 | AO21: 2.2647 | AP21: 16.8541 | AQ21: 0.1583 | AR21: 25.1881 | AS21: 8.6037 | AT21: 27.6013 | AU21: 0.0358 | AV21: 0.0964 | AW21: 0.0414 | AX21: 0.1819 | AY21: 0.0908 | AZ21: 0.0519 | BA21: 0.3914 | BB21: 0.146 | BC21: 0.0636 | BD21: 0.7326 | BE21: 0.1117 | BF21: 0.3752 | BG21: 0.7064 | BH21: 0.3288 | BI21: 0.1575 | BJ21: 0.2693 | BK21: 0.4807 | BL21: 0.1859 | BM21: 0.1009 | BN21: 0.88 | BO21: 0.2584 | BP21: 0.0464 | BQ21: 0.6848 | BR21: 1.0881 | BS21: 0.1765 | BT21: 0.2522 | BU21: 0.2442 | BV21: 5.198 | BW21: 2.1033 | BX21: 6.3629 | BY21: 15.5108 | BZ21: 4.2746 | CA21: 16.1101 | CB21: 9.3258 | CC21: 78.0513 | CD21: 1.6776 | CE21: 0.3683 | CF21: 0.1085 | CG21: 0.4349 | CH21: 0.6293 | CI21: 1.592 | CJ21: 0.2338 | CK21: 0.1287 | CL21: 0.0619 | CM21: 0.0552 | CN21: 0.4196 | CO21: 0.0026 | CP21: 0.1375 | CQ21: 0.1288 | CR21: 0.117 | CS21: 0.5613 | CT21: 0.0574 | CU21: 0.0197 | CV21: 0.5064 | CW21: 1.4455 | CX21: 0.0995 | CY21: 0.345 | CZ21: 1.6029 | DA21: 0.9809 | DB21: 1.643 | DC21: 0.9856 | DD21: 7.5424 | DE21: 14.2351 | DF21: 0.7826 | DG21: 10.7031 | DH21: 25.7002 | DI21: 0.2552 | DJ21: 0.7793 | DK21: 1.2761 | DL21: 1.5283 | DM21: 5.5132 | DN21: 1.2565 | DO21: 0.0745 | DP21: =SUM(E21:DO21) -> 1467.8901 | DQ21: 656.8278 | DS21: 15.0296 | DT21: 0.4846 | DU21: 3.0983 | DV21: 15.9308 | DW21: 701.7386 | DX21: =SUM(DQ21:DW21) -> 1393.1097 | DY21: =DP21+DX21 -> 2860.9998 | EA21: =SUM(DS21:DU21) -> 18.6125 | EB21: =EA21/$EA$122 -> 3.653552e-05 | ED21: 0.1999301
A22: 19 | B22: 1106 | C22: =INDEX(Industries!$D:$D,MATCH($A22,Industries!$A:$A,0)) -> 5 | D22: Grain mill and cereal product manufacturing | E22: 19.5467 | F22: 16.7528 | G22: 9.7451 | H22: 2.1145 | I22: 0.4922 | J22: 1.9254 | K22: 5.0285 | L22: 3.9201 | M22: 4.4111 | N22: 2.0187 | O22: 5.7639 | P22: 0.8156 | Q22: 3.2969 | R22: 64.28 | S22: 0.6241 | T22: 34.4641 | U22: 133.8905 | V22: 5.375 | W22: 133.4874 | X22: 657.5261 | Y22: 283.4647 | Z22: 287.0226 | AA22: 85.2427 | AB22: 90.2862 | AC22: 0.5708 | AD22: 0.0337 | AE22: 0.1071 | AF22: 1.048 | AG22: 0.0007 | AH22: 0.1234 | AI22: 0.0942 | AJ22: 0.5886 | AK22: 1.3647 | AL22: 0.2949 | AM22: 0.6077 | AN22: 0.5712 | AO22: 0.2512 | AP22: 1.2016 | AQ22: 0.9347 | AR22: 1.9625 | AS22: 0.5391 | AT22: 1.0645 | AU22: 0.1286 | AV22: 0.3618 | AW22: 0.2247 | AX22: 0.6086 | AY22: 0.9316 | AZ22: 0.2008 | BA22: 0.6811 | BB22: 0.4971 | BC22: 0.1714 | BD22: 2.0262 | BE22: 0.4011 | BF22: 1.3374 | BG22: 2.2689 | BH22: 0.7835 | BI22: 0.6141 | BJ22: 1.1533 | BK22: 2.2068 | BL22: 0.8929 | BM22: 0.603 | BN22: 3.8128 | BO22: 1.1161 | BP22: 0.1925 | BQ22: 0.6773 | BR22: 0.6523 | BS22: 0.0469 | BT22: 1.0775 | BU22: 1.1404 | BV22: 11.4568 | BW22: 5.811 | BX22: 4.7209 | BY22: 24.4267 | BZ22: 12.5162 | CA22: 202.1707 | CB22: 84.1403 | CC22: 268.1899 | CD22: 5.1981 | CE22: 0.672 | CF22: 0.3838 | CG22: 1.2967 | CH22: 0.9852 | CI22: 0.3757 | CJ22: 0.9059 | CK22: 0.3458 | CL22: 0.2175 | CM22: 0.2657 | CN22: 1.0708 | CO22: 0.0115 | CP22: 0.8198 | CQ22: 0.8294 | CR22: 0.6431 | CS22: 0.8916 | CT22: 0.2493 | CU22: 0.0858 | CV22: 0.5347 | CW22: 4.5092 | CX22: 0.5966 | CY22: 1.3033 | CZ22: 0.8867 | DA22: 2.1241 | DB22: 10.9571 | DC22: 15.9097 | DD22: 21.0438 | DE22: 31.2539 | DF22: 3.8381 | DG22: 73.7325 | DH22: 254.7891 | DI22: 1.1807 | DJ22: 10.6987 | DK22: 12.3687 | DL22: 6.5642 | DM22: 5.5934 | DN22: 1.7435 | DO22: 0.3351 | DP22: =SUM(E22:DO22) -> 2976.3055 | DQ22: 2975.4542 | DR22: 0.002 | DS22: 59.4487 | DT22: 2.0779 | DU22: 11.7789 | DV22: 46.1648 | DW22: 1754.7685 | DX22: =SUM(DQ22:DW22) -> 4849.695 | DY22: =DP22+DX22 -> 7826.0005 | EA22: =SUM(DS22:DU22) -> 73.3055 | EB22: =EA22/$EA$122 -> 0.00014389548 | ED22: 0.19384105
A23: 20 | B23: 1107 | C23: =INDEX(Industries!$D:$D,MATCH($A23,Industries!$A:$A,0)) -> 5 | D23: Bakery product manufacturing | E23: 7.4984 | F23: 3.5012 | G23: 4.0604 | H23: 1.3637 | I23: 0.0932 | J23: 0.7674 | K23: 3.2903 | L23: 24.8809 | M23: 4.9301 | N23: 17.4034 | O23: 40.7641 | P23: 1.7872 | Q23: 29.4224 | R23: 12.2303 | S23: 1.2105 | T23: 41.7898 | U23: 40.3917 | V23: 3.0455 | W23: 27.5312 | X23: 269.9589 | Y23: 65.7342 | Z23: 95.0284 | AA23: 6.5262 | AB23: 6.1953 | AC23: 0.4974 | AD23: 0.0161 | AE23: 0.0544 | AF23: 1.25 | AG23: 0.0018 | AH23: 0.0495 | AI23: 0.0442 | AJ23: 0.433 | AK23: 1.1155 | AL23: 2.1353 | AM23: 3.1331 | AN23: 0.9078 | AO23: 8.7758 | AP23: 2.3055 | AQ23: 0.2896 | AR23: 7.5677 | AS23: 3.7003 | AT23: 3.1751 | AU23: 2.5637 | AV23: 1.0572 | AW23: 0.4224 | AX23: 1.5242 | AY23: 0.4754 | AZ23: 0.3193 | BA23: 2.2502 | BB23: 0.3994 | BC23: 0.5202 | BD23: 3.5137 | BE23: 1.2315 | BF23: 2.4485 | BG23: 1.5343 | BH23: 3.0283 | BI23: 3.2029 | BJ23: 5.1339 | BK23: 2.7561 | BL23: 9.1911 | BM23: 0.4402 | BN23: 4.6481 | BO23: 1.3684 | BP23: 0.1415 | BQ23: 0.6841 | BR23: 0.9695 | BS23: 2.0645 | BT23: 4.4655 | BU23: 25.2949 | BV23: 6.4042 | BW23: 3.0446 | BX23: 4.0304 | BY23: 32.1424 | BZ23: 55.0042 | CA23: 230.6413 | CB23: 131.895 | CC23: 1697.1662 | CD23: 3.281 | CE23: 1.6331 | CF23: 8.5885 | CG23: 0.6968 | CH23: 6.0555 | CI23: 0.797 | CJ23: 0.4773 | CK23: 0.7329 | CL23: 0.1064 | CM23: 0.7948 | CN23: 0.8371 | CO23: 0.0058 | CP23: 0.4979 | CQ23: 0.4196 | CR23: 0.51 | CS23: 2.6244 | CT23: 0.1174 | CU23: 0.0404 | CV23: 1.6748 | CW23: 36.5469 | CX23: 0.797 | CY23: 8.6147 | CZ23: 5.8495 | DA23: 12.8389 | DB23: 57.0595 | DC23: 30.9618 | DD23: 81.921 | DE23: 140.0482 | DF23: 12.234 | DG23: 65.5846 | DH23: 355.2399 | DI23: 1.8556 | DJ23: 9.2219 | DK23: 29.2817 | DL23: 3.7049 | DM23: 4.1852 | DN23: 8.4325 | DO23: 4.9476 | DP23: =SUM(E23:DO23) -> 3886.0502 | DQ23: 6153.9697 | DR23: 0.002 | DS23: 37.5112 | DT23: 1.0472 | DU23: 8.0748 | DV23: 40.5739 | DW23: 574.7707 | DX23: =SUM(DQ23:DW23) -> 6815.9495 | DY23: =DP23+DX23 -> 10702 | EA23: =SUM(DS23:DU23) -> 46.6332 | EB23: =EA23/$EA$122 -> 9.1538924e-05 | ED23: 0.34713137
A24: 21 | B24: 1108 | C24: =INDEX(Industries!$D:$D,MATCH($A24,Industries!$A:$A,0)) -> 5 | D24: Sugar and confectionery manufacturing | E24: 7.7024 | F24: 3.4699 | G24: 3.6704 | H24: 2.0665 | I24: 0.0475 | J24: 0.8511 | K24: 2.6938 | L24: 15.5667 | M24: 18.1 | N24: 10.4304 | O24: 40.1097 | P24: 2.6829 | Q24: 3.3025 | R24: 4.8624 | S24: 4.5578 | T24: 155.1645 | U24: 32.818 | V24: 4.6552 | W24: 213.4795 | X24: 500.8627 | Y24: 1266.4238 | Z24: 701.3367 | AA24: 326.5929 | AB24: 54.3577 | AC24: 15.2873 | AD24: 0.0105 | AE24: 0.0347 | AF24: 0.4137 | AG24: 0.0092 | AH24: 0.0534 | AI24: 0.0592 | AJ24: 0.427 | AK24: 1.4628 | AL24: 0.5672 | AM24: 1.413 | AN24: 0.748 | AO24: 2.6595 | AP24: 18.5278 | AQ24: 0.0416 | AR24: 2.5724 | AS24: 8.0211 | AT24: 2.8176 | AU24: 0.125 | AV24: 0.5834 | AW24: 0.301 | AX24: 3.0624 | AY24: 1.0285 | AZ24: 0.1316 | BA24: 1.5334 | BB24: 2.9677 | BC24: 0.0822 | BD24: 2.8455 | BE24: 1.1714 | BF24: 2.5681 | BG24: 2.0663 | BH24: 1.8325 | BI24: 0.5727 | BJ24: 0.4577 | BK24: 1.9178 | BL24: 1.6159 | BM24: 0.6407 | BN24: 1.8942 | BO24: 0.965 | BP24: 1.3647 | BQ24: 3.3646 | BR24: 6.1269 | BS24: 0.9467 | BT24: 3.5044 | BU24: 0.8968 | BV24: 20.597 | BW24: 4.993 | BX24: 17.605 | BY24: 45.2947 | BZ24: 27.8377 | CA24: 120.5399 | CB24: 155.7303 | CC24: 1241.9798 | CD24: 12.9001 | CE24: 3.6125 | CF24: 1.9839 | CG24: 2.5164 | CH24: 5.9958 | CI24: 7.9548 | CJ24: 4.3054 | CK24: 3.6151 | CL24: 0.2141 | CM24: 23.0794 | CN24: 13.2052 | CO24: 0.043 | CP24: 7.0809 | CQ24: 4.4171 | CR24: 17.1961 | CS24: 5.859 | CT24: 8.9153 | CU24: 3.4644 | CV24: 10.7911 | CW24: 84.4532 | CX24: 27.5762 | CY24: 31.2695 | CZ24: 20.7326 | DA24: 12.3795 | DB24: 30.1074 | DC24: 26.7651 | DD24: 23.76 | DE24: 28.9135 | DF24: 1.8481 | DG24: 27.5518 | DH24: 288.3648 | DI24: 17.3294 | DJ24: 49.9846 | DK24: 33.3067 | DL24: 5.6418 | DM24: 15.0422 | DN24: 10.3603 | DO24: 0.5174 | DP24: =SUM(E24:DO24) -> 5983.1292 | DQ24: 3535.9176 | DR24: 7.1307 | DS24: 98.3492 | DT24: 12.0985 | DU24: 35.7465 | DV24: -147.979 | DW24: 3286.6073 | DX24: =SUM(DQ24:DW24) -> 6827.8708 | DY24: =DP24+DX24 -> 12811 | EA24: =SUM(DS24:DU24) -> 146.1942 | EB24: =EA24/$EA$122 -> 0.00028697279 | ED24: 0.2799157
A25: 22 | B25: 1109 | C25: =INDEX(Industries!$D:$D,MATCH($A25,Industries!$A:$A,0)) -> 5 | D25: Other food product manufacturing | E25: 693.9588 | F25: 589.42 | G25: 9.5651 | H25: 117.8115 | I25: 0.64 | J25: 18.2763 | K25: 65.2296 | L25: 12.1676 | M25: 20.0655 | N25: 6.3702 | O25: 16.7558 | P25: 2.5674 | Q25: 14.8831 | R25: 71.4241 | S25: 5.9222 | T25: 284.9942 | U25: 258.8582 | V25: 25.4326 | W25: 176.1462 | X25: 616.2253 | Y25: 235.108 | Z25: 978.4825 | AA25: 23.4262 | AB25: 5.9267 | AC25: 3.2922 | AD25: 0.1116 | AE25: 0.4551 | AF25: 2.1385 | AG25: 0.0114 | AH25: 0.3139 | AI25: 0.2802 | AJ25: 3.2791 | AK25: 5.361 | AL25: 0.9342 | AM25: 2.0393 | AN25: 1.8009 | AO25: 1.0801 | AP25: 4.8856 | AQ25: 5.1817 | AR25: 32.6347 | AS25: 10.4683 | AT25: 3.1126 | AU25: 0.3064 | AV25: 1.449 | AW25: 0.5669 | AX25: 2.8782 | AY25: 1.7204 | AZ25: 0.8496 | BA25: 2.507 | BB25: 3.4118 | BC25: 0.3134 | BD25: 6.2198 | BE25: 1.1544 | BF25: 3.7643 | BG25: 7.0508 | BH25: 2.4864 | BI25: 1.8315 | BJ25: 3.4988 | BK25: 7.5711 | BL25: 3.6052 | BM25: 1.4668 | BN25: 13.1179 | BO25: 3.9969 | BP25: 0.8365 | BQ25: 2.7454 | BR25: 2.6627 | BS25: 1.0095 | BT25: 4.5319 | BU25: 31.6373 | BV25: 37.8151 | BW25: 19.8327 | BX25: 16.0267 | BY25: 100.5711 | BZ25: 68.612 | CA25: 412.4543 | CB25: 86.9333 | CC25: 818.033 | CD25: 16.2301 | CE25: 2.3437 | CF25: 0.9468 | CG25: 4.3177 | CH25: 4.4713 | CI25: 2.0987 | CJ25: 2.9039 | CK25: 11.8604 | CL25: 0.6695 | CM25: 2.6557 | CN25: 3.918 | CO25: 0.0424 | CP25: 2.7668 | CQ25: 2.7655 | CR25: 2.1674 | CS25: 3.6456 | CT25: 0.7884 | CU25: 0.2703 | CV25: 2.8445 | CW25: 21.0074 | CX25: 3.0825 | CY25: 9.8771 | CZ25: 6.5776 | DA25: 37.764 | DB25: 78.8376 | DC25: 80.5907 | DD25: 49.3994 | DE25: 73.7027 | DF25: 4.1317 | DG25: 102.4037 | DH25: 490.2228 | DI25: 59.1839 | DJ25: 771.0893 | DK25: 52.5521 | DL25: 20.6839 | DM25: 20.4495 | DN25: 56.024 | DO25: 3.6598 | DP25: =SUM(E25:DO25) -> 8009.452 | DQ25: 6943.771 | DR25: 1.0184 | DS25: 152.1596 | DT25: 6.1196 | DU25: 29.2916 | DV25: 23.2991 | DW25: 2338.8888 | DX25: =SUM(DQ25:DW25) -> 9494.5481 | DY25: =DP25+DX25 -> 17504 | EA25: =SUM(DS25:DU25) -> 187.5708 | EB25: =EA25/$EA$122 -> 0.00036819324 | ED25: 0.29901737
A26: 23 | B26: 1201 | C26: =INDEX(Industries!$D:$D,MATCH($A26,Industries!$A:$A,0)) -> 5 | D26: Soft drinks, cordials and syrup manufacturing | E26: 2.7244 | F26: 0.7523 | G26: 1.1194 | H26: 0.4508 | I26: 0.0867 | J26: 0.2253 | K26: 1.2277 | L26: 3.7938 | M26: 3.4966 | N26: 1.8014 | O26: 4.6698 | P26: 0.662 | Q26: 0.7186 | R26: 1.4142 | S26: 0.1036 | T26: 25.5509 | U26: 30.9247 | V26: 2.6894 | W26: 1.4668 | X26: 6.1226 | Y26: 5.8133 | Z26: 11.6389 | AA26: 127.789 | AB26: 0.2483 | AC26: 12.4287 | AD26: 0.0135 | AE26: 0.0346 | AF26: 0.9378 | AG26: 0.0003 | AH26: 0.0482 | AI26: 0.0426 | AJ26: 0.1338 | AK26: 1.186 | AL26: 0.1326 | AM26: 1.017 | AN26: 1.008 | AO26: 0.2948 | AP26: 0.9752 | AQ26: 0.0532 | AR26: 0.7659 | AS26: 0.7806 | AT26: 1.0833 | AU26: 0.7604 | AV26: 0.147 | AW26: 0.0767 | AX26: 0.2849 | AY26: 0.1903 | AZ26: 0.0666 | BA26: 1.3539 | BB26: 0.1006 | BC26: 0.0469 | BD26: 0.9757 | BE26: 0.1731 | BF26: 0.5692 | BG26: 1.4133 | BH26: 0.8699 | BI26: 0.78 | BJ26: 1.2537 | BK26: 0.9507 | BL26: 0.329 | BM26: 0.0988 | BN26: 1.6533 | BO26: 0.495 | BP26: 0.1058 | BQ26: 0.5651 | BR26: 0.8685 | BS26: 0.1421 | BT26: 0.5537 | BU26: 0.5862 | BV26: 6.5886 | BW26: 2.8596 | BX26: 5.067 | BY26: 15.5754 | BZ26: 5.2283 | CA26: 7.1393 | CB26: 7.8679 | CC26: 114.9369 | CD26: 3.2829 | CE26: 0.5752 | CF26: 0.1627 | CG26: 0.664 | CH26: 0.7328 | CI26: 1.295 | CJ26: 0.7894 | CK26: 0.2245 | CL26: 0.1117 | CM26: 1.2476 | CN26: 1.3466 | CO26: 0.0067 | CP26: 1.9959 | CQ26: 7.1176 | CR26: 4.7105 | CS26: 0.9061 | CT26: 0.4702 | CU26: 0.1784 | CV26: 0.9629 | CW26: 4.9079 | CX26: 2.0401 | CY26: 2.1093 | CZ26: 1.5808 | DA26: 2.9397 | DB26: 9.8329 | DC26: 1.9518 | DD26: 2.2348 | DE26: 2.9019 | DF26: 0.2163 | DG26: 10.8148 | DH26: 32.3438 | DI26: 0.8929 | DJ26: 30.112 | DK26: 34.551 | DL26: 3.9103 | DM26: 5.322 | DN26: 2.4847 | DO26: 4.9986 | DP26: =SUM(E26:DO26) -> 620.0263 | DQ26: 6216.4619 | DR26: 0.0093 | DS26: 35.9452 | DT26: 1.3965 | DU26: 7.2196 | DV26: 91.8857 | DW26: 560.0559 | DX26: =SUM(DQ26:DW26) -> 6912.9741 | DY26: =DP26+DX26 -> 7533.0004 | EA26: =SUM(DS26:DU26) -> 44.5613 | EB26: =EA26/$EA$122 -> 8.7471875e-05 | ED26: 0.18651268
A27: 24 | B27: 1202 | C27: =INDEX(Industries!$D:$D,MATCH($A27,Industries!$A:$A,0)) -> 5 | D27: Beer manufacturing | E27: 20.14 | F27: 0.5394 | G27: 4.3162 | H27: 0.0288 | I27: 0.0068 | J27: 0.0157 | K27: 19.4718 | L27: 2.6741 | M27: 3.7081 | N27: 0.9102 | O27: 11.7419 | P27: 0.9182 | Q27: 0.0924 | R27: 0.0981 | S27: 0.0536 | T27: 0.1735 | U27: 0.1203 | V27: 0.1366 | W27: 0.0931 | X27: 0.2115 | Y27: 0.2233 | Z27: 0.2568 | AA27: 20.9711 | AB27: 285.7091 | AC27: 7.6481 | AD27: 0.0006 | AE27: 0.0016 | AF27: 0.8681 | AG27: 0.0001 | AH27: 0.0028 | AI27: 0.0025 | AJ27: 0.0138 | AK27: 0.9625 | AL27: 0.9793 | AM27: 0.0422 | AN27: 0.5086 | AO27: 0.0301 | AP27: 0.2777 | AQ27: 0.0027 | AR27: 0.0803 | AS27: 0.0333 | AT27: 0.999 | AU27: 0.0069 | AV27: 0.2129 | AW27: 0.235 | AX27: 0.1965 | AY27: 0.2156 | AZ27: 0.2106 | BA27: 1.1098 | BB27: 0.4637 | BC27: 0.0046 | BD27: 1.0381 | BE27: 0.0147 | BF27: 0.0382 | BG27: 0.0667 | BH27: 0.9828 | BI27: 0.0201 | BJ27: 0.0256 | BK27: 0.065 | BL27: 0.0281 | BM27: 0.0062 | BN27: 1.0465 | BO27: 0.0267 | BP27: 0.4316 | BQ27: 0.1779 | BR27: 0.2305 | BS27: 0.0036 | BT27: 0.6525 | BU27: 0.0405 | BV27: 1.3365 | BW27: 0.1592 | BX27: 1.2065 | BY27: 1.8913 | BZ27: 5.3263 | CA27: 6.6175 | CB27: 220.9778 | CC27: 1244.0343 | CD27: 1.3299 | CE27: 1.1447 | CF27: 0.0363 | CG27: 13.7438 | CH27: 0.0963 | CI27: 0.1165 | CJ27: 0.0835 | CK27: 0.0254 | CL27: 0.0222 | CM27: 0.4568 | CN27: 0.1989 | CO27: 0.003 | CP27: 12.4348 | CQ27: 0.0458 | CR27: 0.1148 | CS27: 1.99 | CT27: 0.0043 | CU27: 0.0015 | CV27: 1.3291 | CW27: 1.8072 | CX27: 0.3829 | CY27: 1.0148 | CZ27: 0.5314 | DA27: 24.2683 | DB27: 8.9431 | DC27: 1.1442 | DD27: 0.1923 | DE27: 18.5 | DF27: 1.0401 | DG27: 1.0796 | DH27: 4.5028 | DI27: 0.0408 | DJ27: 7.6704 | DK27: 43.9588 | DL27: 2.0715 | DM27: 0.1994 | DN27: 3.1181 | DO27: 0.9307 | DP27: =SUM(E27:DO27) -> 2028.7382 | DQ27: 4248.7955 | DR27: 1.2527 | DS27: 8.5741 | DT27: 0.1047 | DU27: 2.1416 | DV27: 88.6973 | DW27: 296.6957 | DX27: =SUM(DQ27:DW27) -> 4646.2616 | DY27: =DP27+DX27 -> 6674.9998 | EA27: =SUM(DS27:DU27) -> 10.8204 | EB27: =EA27/$EA$122 -> 2.123997e-05 | ED27: 0.38486893
A28: 25 | B28: 1205 | C28: =INDEX(Industries!$D:$D,MATCH($A28,Industries!$A:$A,0)) -> 5 | D28: Wine, spirits and tobacco | E28: 2.9335 | F28: 0.6735 | G28: 1.2447 | H28: 0.606 | I28: 0.1198 | J28: 0.3167 | K28: 2.1106 | L28: 4.7286 | M28: 3.1638 | N28: 2.8855 | O28: 10.1645 | P28: 1.6679 | Q28: 1.2461 | R28: 1.5603 | S28: 0.1712 | T28: 1.2057 | U28: 2.0699 | V28: 0.53 | W28: 1.2412 | X28: 1.1172 | Y28: 1.8935 | Z28: 2.1191 | AA28: 1.2581 | AB28: 2.1661 | AC28: 76.6716 | AD28: 0.0215 | AE28: 0.0725 | AF28: 1.7601 | AG28: 0.0004 | AH28: 0.0715 | AI28: 0.0643 | AJ28: 0.3826 | AK28: 1.2566 | AL28: 1.402 | AM28: 1.4402 | AN28: 1.6375 | AO28: 1.0673 | AP28: 10.6373 | AQ28: 0.1026 | AR28: 10.3181 | AS28: 1.0422 | AT28: 14.8933 | AU28: 0.3976 | AV28: 2.0733 | AW28: 0.2743 | AX28: 1.8003 | AY28: 1.2056 | AZ28: 0.5582 | BA28: 1.0681 | BB28: 0.3467 | BC28: 0.0789 | BD28: 1.9956 | BE28: 0.6297 | BF28: 2.3363 | BG28: 1.6927 | BH28: 0.8069 | BI28: 0.7182 | BJ28: 0.8393 | BK28: 1.6596 | BL28: 0.5367 | BM28: 0.1644 | BN28: 2.534 | BO28: 1.2577 | BP28: 0.8662 | BQ28: 1.0593 | BR28: 1.6878 | BS28: 0.2833 | BT28: 4.4958 | BU28: 0.9249 | BV28: 9.2683 | BW28: 5.9369 | BX28: 6.3562 | BY28: 25.6734 | BZ28: 7.2717 | CA28: 5.6134 | CB28: 44.5273 | CC28: 407.124 | CD28: 3.6414 | CE28: 0.8124 | CF28: 0.2624 | CG28: 7.1751 | CH28: 1.0319 | CI28: 0.6772 | CJ28: 1.3263 | CK28: 0.3473 | CL28: 0.1411 | CM28: 3.1515 | CN28: 0.9949 | CO28: 0.0088 | CP28: 22.0817 | CQ28: 1.0156 | CR28: 0.6362 | CS28: 1.4103 | CT28: 0.1457 | CU28: 0.0501 | CV28: 1.4577 | CW28: 5.4791 | CX28: 2.4971 | CY28: 2.6711 | CZ28: 1.786 | DA28: 13.9983 | DB28: 1.4462 | DC28: 1.3561 | DD28: 2.7864 | DE28: 10.0875 | DF28: 0.4404 | DG28: 8.8058 | DH28: 6.1456 | DI28: 0.5426 | DJ28: 1.5395 | DK28: 6.4581 | DL28: 5.227 | DM28: 5.5293 | DN28: 1.5645 | DO28: 0.1956 | DP28: =SUM(E28:DO28) -> 839.0215 | DQ28: 3559.7226 | DR28: 3.1253 | DS28: 39.8319 | DT28: 1.2989 | DU28: 8.0535 | DV28: 217.2632 | DW28: 2648.6821 | DX28: =SUM(DQ28:DW28) -> 6477.9775 | DY28: =DP28+DX28 -> 7316.999 | EA28: =SUM(DS28:DU28) -> 49.1843 | EB28: =EA28/$EA$122 -> 9.6546621e-05 | ED28: 0.33661335
A29: 26 | B29: 1301 | C29: =INDEX(Industries!$D:$D,MATCH($A29,Industries!$A:$A,0)) -> 5 | D29: Textile manufacturing | E29: 0.1039 | F29: 0.0159 | G29: 0.0708 | H29: 0.146 | I29: 0.0033 | J29: 0.1323 | K29: 0.1261 | L29: 1.0892 | M29: 0.1771 | N29: 0.0318 | O29: 1.2511 | P29: 0.2769 | Q29: 0.0106 | R29: 3.7583 | S29: 0.0051 | T29: 0.0546 | U29: 0.0364 | V29: 0.0141 | W29: 0.0418 | X29: 0.0432 | Y29: 0.0466 | Z29: 0.0816 | AA29: 0.2284 | AB29: 0.0784 | AC29: 0.0962 | AD29: 10.7579 | AE29: 0.0073 | AF29: 29.1062 | AG29: 0.01 | AH29: 0.4581 | AI29: 0.0034 | AJ29: 0.0556 | AK29: 4.5977 | AL29: 0.0682 | AM29: 3.8706 | AN29: 2.9639 | AO29: 0.3155 | AP29: 22.0971 | AQ29: 0.1276 | AR29: 7.3606 | AS29: 5.4627 | AT29: 71.0263 | AU29: 0.0718 | AV29: 0.1131 | AW29: 0.0052 | AX29: 0.0621 | AY29: 0.046 | AZ29: 1.1573 | BA29: 0.3037 | BB29: 0.0314 | BC29: 0.008 | BD29: 0.3071 | BE29: 0.2641 | BF29: 0.507 | BG29: 0.3608 | BH29: 3.308 | BI29: 0.2439 | BJ29: 1.2284 | BK29: 1.2696 | BL29: 8.595 | BM29: 0.4251 | BN29: 0.9864 | BO29: 7.5813 | BP29: 0.1575 | BQ29: 0.0135 | BR29: 0.0127 | BS29: 0.0012 | BT29: 1.2583 | BU29: 0.0872 | BV29: 1.4714 | BW29: 1.34 | BX29: 0.7501 | BY29: 5.3373 | BZ29: 0.4726 | CA29: 1.0229 | CB29: 0.0978 | CC29: 0.3456 | CD29: 0.248 | CE29: 0.0331 | CF29: 0.0175 | CG29: 0.0344 | CH29: 0.0602 | CI29: 0.0399 | CJ29: 0.0499 | CK29: 0.0186 | CL29: 0.0072 | CM29: 0.0089 | CN29: 0.0652 | CO29: 0.0005 | CP29: 0.0277 | CQ29: 0.0293 | CR29: 0.0383 | CS29: 0.1127 | CT29: 0.0452 | CU29: 0.0165 | CV29: 1.0431 | CW29: 0.9664 | CX29: 0.1252 | CY29: 0.113 | CZ29: 0.0865 | DA29: 0.1442 | DB29: 0.1037 | DC29: 0.0929 | DD29: 6.6002 | DE29: 3.5377 | DF29: 0.0174 | DG29: 2.1009 | DH29: 2.7733 | DI29: 0.0179 | DJ29: 0.0592 | DK29: 0.0386 | DL29: 0.1915 | DM29: 1.5494 | DN29: 0.1115 | DO29: 0.0457 | DP29: =SUM(E29:DO29) -> 226.0232 | DQ29: 16.6077 | DR29: 0.002 | DS29: 1.3651 | DT29: 0.0378 | DU29: 0.322 | DV29: 4.4274 | DW29: 136.2146 | DX29: =SUM(DQ29:DW29) -> 158.9766 | DY29: =DP29+DX29 -> 384.9998 | EA29: =SUM(DS29:DU29) -> 1.7249 | EB29: =EA29/$EA$122 -> 3.385903e-06 | ED29: 0.43376646
A30: 27 | B30: 1302 | C30: =INDEX(Industries!$D:$D,MATCH($A30,Industries!$A:$A,0)) -> 5 | D30: Tanned leather, dressed fur and leather product manufacturing | E30: 0.1355 | F30: 0.0183 | G30: 0.0885 | H30: 0.0097 | I30: 0.0033 | J30: 0.0045 | K30: 0.0389 | L30: 0.0831 | M30: 0.0352 | N30: 0.0395 | O30: 0.14 | P30: 0.018 | Q30: 0.0147 | R30: 0.8075 | S30: 0.0102 | T30: 0.0478 | U30: 0.058 | V30: 0.1053 | W30: 0.044 | X30: 0.0396 | Y30: 0.0491 | Z30: 0.0909 | AA30: 0.0316 | AB30: 0.0185 | AC30: 0.0169 | AD30: 0.0071 | AE30: 27.7189 | AF30: 3.6591 | AH30: 0.0052 | AI30: 0.7909 | AJ30: 0.035 | AK30: 0.0457 | AL30: 0.0162 | AM30: 0.0153 | AN30: 3.0117 | AO30: 0.0146 | AP30: 0.0292 | AQ30: 0.0231 | AR30: 0.1436 | AS30: 0.0136 | AT30: 0.9197 | AU30: 0.2276 | AV30: 0.0285 | AW30: 0.0094 | AX30: 0.0584 | AY30: 0.168 | AZ30: 0.093 | BA30: 0.0252 | BB30: 0.045 | BC30: 0.0227 | BD30: 0.0537 | BE30: 0.0229 | BF30: 0.4564 | BG30: 0.1617 | BH30: 0.2683 | BI30: 0.2701 | BJ30: 0.027 | BK30: 2.3398 | BL30: 0.0657 | BM30: 0.0377 | BN30: 0.2233 | BO30: 31.1477 | BP30: 1.6603 | BQ30: 0.0223 | BR30: 0.0345 | BS30: 0.0091 | BT30: 0.032 | BU30: 0.027 | BV30: 0.8795 | BW30: 0.1543 | BX30: 0.1663 | BY30: 1.4332 | BZ30: 143.7495 | CA30: 0.5701 | CB30: 0.0586 | CC30: 0.4667 | CD30: 0.1727 | CE30: 0.0587 | CF30: 0.4094 | CG30: 0.1116 | CH30: 0.2024 | CI30: 0.0738 | CJ30: 0.177 | CK30: 0.3727 | CL30: 0.0131 | CM30: 0.0362 | CN30: 0.3419 | CO30: 0.0008 | CP30: 0.6837 | CQ30: 0.8895 | CR30: 0.2232 | CS30: 0.2204 | CT30: 0.0048 | CU30: 0.0016 | CV30: 3.0209 | CW30: 3.2334 | CX30: 0.4021 | CY30: 0.5666 | CZ30: 0.2773 | DA30: 0.5216 | DB30: 0.79 | DC30: 0.2136 | DD30: 0.5577 | DE30: 0.3197 | DF30: 0.4025 | DG30: 0.2867 | DH30: 0.2437 | DI30: 0.4425 | DJ30: 2.2326 | DK30: 0.4562 | DL30: 0.1167 | DM30: 0.1117 | DN30: 0.4311 | DO30: 0.0178 | DP30: =SUM(E30:DO30) -> 242.0509 | DQ30: 121.186 | DR30: 0.0059 | DS30: 3.867 | DT30: 0.1334 | DU30: 0.6784 | DV30: 8.3517 | DW30: 438.727 | DX30: =SUM(DQ30:DW30) -> 572.9494 | DY30: =DP30+DX30 -> 815.0003 | EA30: =SUM(DS30:DU30) -> 4.6788 | EB30: =EA30/$EA$122 -> 9.1842789e-06 | ED30: 0.29447853
A31: 28 | B31: 1303 | C31: =INDEX(Industries!$D:$D,MATCH($A31,Industries!$A:$A,0)) -> 5 | D31: Textile product manufacturing | E31: 3.4632 | F31: 0.5795 | G31: 3.5429 | H31: 3.097 | I31: 0.1367 | J31: 3.2586 | K31: 3.6621 | L31: 6.0894 | M31: 39.3924 | N31: 5.2676 | O31: 9.5275 | P31: 1.0927 | Q31: 0.555 | R31: 9.1223 | S31: 0.1678 | T31: 2.5202 | U31: 1.2658 | V31: 0.5792 | W31: 2.043 | X31: 1.6279 | Y31: 2.0365 | Z31: 3.3666 | AA31: 1.9298 | AB31: 0.5167 | AC31: 0.5502 | AD31: 0.0896 | AE31: 0.1518 | AF31: 47.0771 | AG31: 0.0098 | AH31: 0.4479 | AI31: 0.0625 | AJ31: 0.7677 | AK31: 3.4927 | AL31: 0.2917 | AM31: 3.7536 | AN31: 4.8453 | AO31: 0.1738 | AP31: 1.3634 | AQ31: 0.0711 | AR31: 8.468 | AS31: 1.1338 | AT31: 12.098 | AU31: 0.1497 | AV31: 0.6529 | AW31: 0.1993 | AX31: 0.8675 | AY31: 1.3498 | AZ31: 0.2363 | BA31: 1.9517 | BB31: 0.683 | BC31: 0.1232 | BD31: 5.4842 | BE31: 0.5024 | BF31: 5.6686 | BG31: 9.6876 | BH31: 12.7209 | BI31: 1.7914 | BJ31: 3.5213 | BK31: 3.4916 | BL31: 2.8747 | BM31: 0.5181 | BN31: 4.5147 | BO31: 18.2789 | BP31: 0.3027 | BQ31: 1.6792 | BR31: 2.662 | BS31: 0.1173 | BT31: 8.5891 | BU31: 6.4819 | BV31: 317.9858 | BW31: 275.9596 | BX31: 25.5938 | BY31: 328.6504 | BZ31: 20.857 | CA31: 25.9702 | CB31: 4.4095 | CC31: 7.8106 | CD31: 19.1881 | CE31: 1.3137 | CF31: 0.8698 | CG31: 0.9023 | CH31: 2.4344 | CI31: 0.614 | CJ31: 3.7977 | CK31: 1.4218 | CL31: 0.1166 | CM31: 0.4824 | CN31: 1.4524 | CO31: 0.0372 | CP31: 0.8653 | CQ31: 0.7866 | CR31: 0.6242 | CS31: 1.5443 | CT31: 0.3346 | CU31: 0.1004 | CV31: 0.7944 | CW31: 6.1352 | CX31: 0.6347 | CY31: 2.2684 | CZ31: 2.894 | DA31: 5.2432 | DB31: 6.4896 | DC31: 5.2892 | DD31: 18.0163 | DE31: 12.854 | DF31: 0.5443 | DG31: 18.3297 | DH31: 41.9366 | DI31: 1.405 | DJ31: 3.7539 | DK31: 3.2557 | DL31: 6.0596 | DM31: 6.9243 | DN31: 6.5597 | DO31: 4.4388 | DP31: =SUM(E31:DO31) -> 1482.7377 | DQ31: 1026.1884 | DS31: 416.4951 | DT31: 36.0639 | DU31: 403.4513 | DV31: 13.369 | DW31: 197.6947 | DX31: =SUM(DQ31:DW31) -> 2093.2624 | DY31: =DP31+DX31 -> 3576.0001 | EA31: =SUM(DS31:DU31) -> 856.0103 | EB31: =EA31/$EA$122 -> 0.0016803106 | ED31: 0.39988811
A32: 29 | B32: 1304 | C32: =INDEX(Industries!$D:$D,MATCH($A32,Industries!$A:$A,0)) -> 5 | D32: Knitted product manufacturing | E32: 0.0178 | F32: 0.0031 | G32: 0.0083 | H32: 0.0049 | I32: 0.001 | J32: 0.0134 | K32: 0.0135 | L32: 0.0233 | M32: 0.0072 | N32: 0.0103 | O32: 0.1296 | P32: 0.0051 | Q32: 0.005 | R32: 0.0094 | S32: 0.0009 | T32: 0.0083 | U32: 0.0096 | V32: 0.0029 | W32: 0.0064 | X32: 0.0084 | Y32: 0.0073 | Z32: 0.0162 | AA32: 0.0059 | AB32: 0.0017 | AC32: 0.0022 | AD32: 0.0004 | AE32: 0.0004 | AF32: 4.4423 | AG32: 0.0165 | AH32: 0.8679 | AI32: 0.0005 | AJ32: 0.0018 | AK32: 0.007 | AL32: 0.0015 | AM32: 0.0447 | AN32: 0.0881 | AO32: 0.0013 | AP32: 0.0048 | AQ32: 0.0006 | AR32: 0.0099 | AS32: 0.0034 | AT32: 0.187 | AU32: 0.0053 | AV32: 0.0021 | AW32: 0.0011 | AX32: 0.0033 | AY32: 0.0132 | AZ32: 0.0009 | BA32: 0.0042 | BB32: 0.001 | BC32: 0.0008 | BD32: 0.0139 | BE32: 0.0106 | BF32: 0.0078 | BG32: 0.1288 | BH32: 0.0833 | BI32: 0.0209 | BJ32: 1.0685 | BK32: 0.076 | BL32: 0.01 | BM32: 0.0171 | BN32: 0.108 | BO32: 5.2894 | BP32: 0.034 | BQ32: 0.0071 | BR32: 0.0105 | BS32: 0.0033 | BT32: 0.0131 | BU32: 0.0041 | BV32: 0.0705 | BW32: 0.0341 | BX32: 0.0278 | BY32: 0.1226 | BZ32: 0.1699 | CA32: 0.9467 | CB32: 0.0113 | CC32: 0.0714 | CD32: 0.0368 | CE32: 0.0062 | CF32: 0.003 | CG32: 0.0078 | CH32: 0.0073 | CI32: 0.0167 | CJ32: 0.0988 | CK32: 0.004 | CL32: 0.0026 | CM32: 0.013 | CN32: 0.1677 | CO32: 0.0003 | CP32: 0.4826 | CQ32: 0.6168 | CR32: 0.1099 | CS32: 0.0137 | CT32: 0.0012 | CU32: 0.0004 | CV32: 0.0166 | CW32: 0.2114 | CX32: 0.2236 | CY32: 0.1028 | CZ32: 0.0107 | DA32: 0.2682 | DB32: 0.0688 | DC32: 0.0901 | DD32: 0.7053 | DE32: 0.369 | DF32: 0.0069 | DG32: 0.6781 | DH32: 0.7322 | DI32: 0.0073 | DJ32: 0.0239 | DK32: 0.0178 | DL32: 0.0546 | DM32: 0.531 | DN32: 0.0186 | DO32: 0.0045 | DP32: =SUM(E32:DO32) -> 20.1226 | DQ32: 14.5212 | DS32: 1.9165 | DT32: 0.0752 | DU32: 0.2835 | DV32: 3.8069 | DW32: 10.2739 | DX32: =SUM(DQ32:DW32) -> 30.8772 | DY32: =DP32+DX32 -> 50.9998 | EA32: =SUM(DS32:DU32) -> 2.2752 | EB32: =EA32/$EA$122 -> 4.4661177e-06 | ED32: 0.62745344
A33: 30 | B33: 1305 | C33: =INDEX(Industries!$D:$D,MATCH($A33,Industries!$A:$A,0)) -> 5 | D33: Clothing manufacturing | E33: 4.8008 | F33: 0.7128 | G33: 2.1227 | H33: 0.778 | I33: 0.2617 | J33: 0.4006 | K33: 2.8376 | L33: 5.5136 | M33: 2.0517 | N33: 2.8532 | O33: 7.2392 | P33: 1.1594 | Q33: 0.883 | R33: 3.1865 | S33: 0.2543 | T33: 2.1231 | U33: 2.3793 | V33: 0.7085 | W33: 1.5604 | X33: 1.9964 | Y33: 1.7636 | Z33: 3.8596 | AA33: 1.1269 | AB33: 0.4863 | AC33: 0.5036 | AD33: 5.8583 | AE33: 3.1673 | AF33: 7.0822 | AG33: 0.0619 | AH33: 4.7759 | AI33: 0.3709 | AJ33: 0.5961 | AK33: 1.6649 | AL33: 0.3377 | AM33: 1.036 | AN33: 1.5122 | AO33: 0.312 | AP33: 1.0358 | AQ33: 0.1619 | AR33: 2.1217 | AS33: 0.5676 | AT33: 1.5839 | AU33: 0.1328 | AV33: 3.1297 | AW33: 0.205 | AX33: 0.7482 | AY33: 0.5469 | AZ33: 0.2214 | BA33: 0.8531 | BB33: 0.4745 | BC33: 0.1196 | BD33: 2.7639 | BE33: 0.5929 | BF33: 1.7603 | BG33: 3.043 | BH33: 1.062 | BI33: 0.8132 | BJ33: 1.5002 | BK33: 2.8133 | BL33: 0.9754 | BM33: 0.2945 | BN33: 5.0974 | BO33: 3.5782 | BP33: 0.7409 | BQ33: 0.8759 | BR33: 0.9255 | BS33: 0.0767 | BT33: 1.3378 | BU33: 1.6219 | BV33: 15.3381 | BW33: 7.5835 | BX33: 6.3358 | BY33: 30.4587 | BZ33: 20.4263 | CA33: 13.1944 | CB33: 1.9272 | CC33: 12.5095 | CD33: 7.0735 | CE33: 1.1035 | CF33: 0.4721 | CG33: 1.7296 | CH33: 1.4972 | CI33: 0.6671 | CJ33: 1.1849 | CK33: 0.4448 | CL33: 0.3554 | CM33: 0.6537 | CN33: 1.6731 | CO33: 0.0176 | CP33: 0.9408 | CQ33: 0.8158 | CR33: 1.2593 | CS33: 1.3023 | CT33: 0.5032 | CU33: 0.1816 | CV33: 0.8804 | CW33: 5.1938 | CX33: 1.086 | CY33: 1.9606 | CZ33: 1.3386 | DA33: 2.7424 | DB33: 3.4939 | DC33: 1.7184 | DD33: 3.7093 | DE33: 4.2825 | DF33: 0.4568 | DG33: 20.3673 | DH33: 16.8876 | DI33: 0.715 | DJ33: 2.8143 | DK33: 1.2747 | DL33: 8.5911 | DM33: 7.1033 | DN33: 2.3111 | DO33: 0.4847 | DP33: =SUM(E33:DO33) -> 337.1741 | DQ33: 289.5483 | DR33: 0.0056 | DS33: 62.9172 | DT33: 2.5257 | DU33: 11.6632 | DV33: -0.5176 | DW33: 398.6838 | DX33: =SUM(DQ33:DW33) -> 764.8262 | DY33: =DP33+DX33 -> 1102.0003 | EA33: =SUM(DS33:DU33) -> 77.1061 | EB33: =EA33/$EA$122 -> 0.00015135589 | ED33: 0.60707804
A34: 31 | B34: 1306 | C34: =INDEX(Industries!$D:$D,MATCH($A34,Industries!$A:$A,0)) -> 5 | D34: Footwear manufacturing | E34: 0.7014 | F34: 0.2794 | G34: 0.3235 | H34: 0.1316 | I34: 0.0313 | J34: 0.0779 | K34: 1.136 | L34: 1.8121 | M34: 1.3539 | N34: 0.7729 | O34: 1.6479 | P34: 0.1367 | Q34: 0.1053 | R34: 0.9099 | S34: 0.0308 | T34: 0.3701 | U34: 0.3236 | V34: 0.1006 | W34: 0.2715 | X34: 0.3029 | Y34: 0.3872 | Z34: 0.4948 | AA34: 0.3076 | AB34: 0.1561 | AC34: 0.0918 | AD34: 0.007 | AE34: 0.4253 | AF34: 2.6215 | AG34: 0.0001 | AH34: 0.0355 | AI34: 1.144 | AJ34: 0.0746 | AK34: 0.3122 | AL34: 0.0463 | AM34: 0.1041 | AN34: 0.4641 | AO34: 0.0411 | AP34: 0.1572 | AQ34: 0.0193 | AR34: 0.4631 | AS34: 0.1379 | AT34: 0.7397 | AU34: 0.048 | AV34: 0.1016 | AW34: 0.0406 | AX34: 0.2949 | AY34: 0.1292 | AZ34: 0.0579 | BA34: 0.2276 | BB34: 0.065 | BC34: 0.0545 | BD34: 0.4917 | BE34: 0.0883 | BF34: 0.2878 | BG34: 0.3979 | BH34: 0.2193 | BI34: 0.3042 | BJ34: 0.7999 | BK34: 0.458 | BL34: 0.1684 | BM34: 0.052 | BN34: 0.7924 | BO34: 0.2582 | BP34: 0.1112 | BQ34: 0.5694 | BR34: 0.8614 | BS34: 0.3173 | BT34: 0.1936 | BU34: 0.141 | BV34: 3.6459 | BW34: 0.9151 | BX34: 0.7891 | BY34: 4.4873 | BZ34: 2.9604 | CA34: 1.6774 | CB34: 0.6215 | CC34: 1.683 | CD34: 1.2308 | CE34: 0.3329 | CF34: 0.0453 | CG34: 0.2094 | CH34: 0.9289 | CI34: 0.1625 | CJ34: 0.1669 | CK34: 0.2664 | CL34: 0.0358 | CM34: 0.3931 | CN34: 1.6275 | CO34: 0.002 | CP34: 0.1035 | CQ34: 0.102 | CR34: 0.1792 | CS34: 0.2458 | CT34: 0.038 | CU34: 0.0131 | CV34: 0.5422 | CW34: 2.0357 | CX34: 0.3431 | CY34: 0.6338 | CZ34: 0.811 | DA34: 0.2782 | DB34: 0.4609 | DC34: 0.5954 | DD34: 0.9314 | DE34: 0.8047 | DF34: 0.0518 | DG34: 13.8842 | DH34: 8.2009 | DI34: 0.7539 | DJ34: 0.7382 | DK34: 0.5467 | DL34: 1.992 | DM34: 2.9173 | DN34: 0.7822 | DO34: 0.3253 | DP34: =SUM(E34:DO34) -> 87.0728 | DQ34: 146.1363 | DR34: 0.0978 | DS34: 7.4679 | DT34: 0.3004 | DU34: 1.383 | DV34: 1.1324 | DW34: 217.41 | DX34: =SUM(DQ34:DW34) -> 373.9278 | DY34: =DP34+DX34 -> 461.0006 | EA34: =SUM(DS34:DU34) -> 9.1513 | EB34: =EA34/$EA$122 -> 1.79636e-05 | ED34: 0.53145325
A35: 32 | B35: 1401 | C35: =INDEX(Industries!$D:$D,MATCH($A35,Industries!$A:$A,0)) -> 6 | D35: Sawmill product manufacturing | E35: 8.0154 | F35: 2.4929 | G35: 2.3023 | H35: 0.979 | I35: 0.0959 | J35: 0.9272 | K35: 3.6856 | L35: 1.4924 | M35: 1.1025 | N35: 0.8729 | O35: 3.3374 | P35: 0.2184 | Q35: 0.285 | R35: 0.6209 | S35: 0.0222 | T35: 0.1842 | U35: 0.1368 | V35: 0.0365 | W35: 0.1935 | X35: 0.1431 | Y35: 0.1051 | Z35: 0.2329 | AA35: 0.0597 | AB35: 0.0579 | AC35: 0.0554 | AD35: 0.0029 | AE35: 0.0229 | AF35: 0.5742 | AG35: 0.0003 | AH35: 0.0026 | AI35: 0.004 | AJ35: 70.6111 | AK35: 971.5131 | AL35: 335.2053 | AM35: 0.0942 | AN35: 0.0583 | AO35: 0.1922 | AP35: 0.0824 | AQ35: 0.0104 | AR35: 0.1667 | AS35: 0.0342 | AT35: 0.2405 | AU35: 0.0132 | AV35: 0.1015 | AW35: 0.0859 | AX35: 0.3248 | AY35: 0.0651 | AZ35: 0.0627 | BA35: 1.493 | BB35: 0.4258 | BC35: 0.0143 | BD35: 2.9864 | BE35: 0.3287 | BF35: 0.1237 | BG35: 0.1234 | BH35: 0.8844 | BI35: 0.333 | BJ35: 0.0977 | BK35: 0.4204 | BL35: 0.062 | BM35: 0.0728 | BN35: 1.5215 | BO35: 314.1192 | BP35: 1.9499 | BQ35: 0.2304 | BR35: 0.3303 | BS35: 0.0283 | BT35: 0.9418 | BU35: 0.1356 | BV35: 734.2944 | BW35: 102.819 | BX35: 224.8139 | BY35: 1881.3301 | BZ35: 52.9589 | CA35: 44.1031 | CB35: 1.2011 | CC35: 3.0053 | CD35: 1.6191 | CE35: 1.6176 | CF35: 0.0572 | CG35: 0.2008 | CH35: 0.4129 | CI35: 0.8041 | CJ35: 0.1859 | CK35: 0.0446 | CL35: 0.0418 | CM35: 0.2868 | CN35: 0.8793 | CO35: 0.0266 | CP35: 0.3035 | CQ35: 0.1791 | CR35: 0.1916 | CS35: 0.5884 | CT35: 1.493 | CU35: 0.58 | CV35: 0.8049 | CW35: 1.5376 | CX35: 0.3284 | CY35: 0.4774 | CZ35: 0.497 | DA35: 1.433 | DB35: 3.5223 | DC35: 0.2033 | DD35: 4.2195 | DE35: 5.5469 | DF35: 0.422 | DG35: 0.6224 | DH35: 0.6329 | DI35: 0.1362 | DJ35: 0.2082 | DK35: 0.0866 | DL35: 0.2658 | DM35: 40.5171 | DN35: 0.183 | DO35: 0.0235 | DP35: =SUM(E35:DO35) -> 4849.4523 | DQ35: 41.3798 | DR35: 0.4778 | DS35: 7.9339 | DT35: 0.1467 | DU35: 2.0934 | DV35: 25.1407 | DW35: 1078.3758 | DX35: =SUM(DQ35:DW35) -> 1155.5481 | DY35: =DP35+DX35 -> 6005.0004 | EA35: =SUM(DS35:DU35) -> 10.174 | EB35: =EA35/$EA$122 -> 1.9971115e-05 | ED35: 0.30358035
A36: 33 | B36: 1402 | C36: =INDEX(Industries!$D:$D,MATCH($A36,Industries!$A:$A,0)) -> 6 | D36: Other wood product manufacturing | E36: 9.3233 | F36: 3.045 | G36: 4.0844 | H36: 2.109 | I36: 0.1867 | J36: 1.0761 | K36: 3.7744 | L36: 6.8418 | M36: 4.7086 | N36: 9.7122 | O36: 25.5689 | P36: 2.3042 | Q36: 2.9547 | R36: 2.9911 | S36: 0.3683 | T36: 1.7751 | U36: 1.8584 | V36: 0.554 | W36: 1.4712 | X36: 2.8562 | Y36: 1.3301 | Z36: 4.0758 | AA36: 1.8058 | AB36: 0.7675 | AC36: 0.6133 | AD36: 0.0345 | AE36: 0.1261 | AF36: 7.6427 | AG36: 0.002 | AH36: 0.1015 | AI36: 0.0953 | AJ36: 20.418 | AK36: 209.418 | AL36: 4.5539 | AM36: 1.1049 | AN36: 1.0896 | AO36: 3.7807 | AP36: 0.9005 | AQ36: 0.1461 | AR36: 4.607 | AS36: 0.4412 | AT36: 18.5171 | AU36: 0.5457 | AV36: 8.1203 | AW36: 0.4428 | AX36: 2.1774 | AY36: 21.4503 | AZ36: 2.0584 | BA36: 4.7758 | BB36: 0.9048 | BC36: 0.1264 | BD36: 122.2581 | BE36: 3.779 | BF36: 8.1369 | BG36: 3.5008 | BH36: 19.6117 | BI36: 29.1775 | BJ36: 18.9725 | BK36: 3.1383 | BL36: 1.5369 | BM36: 0.9881 | BN36: 28.7711 | BO36: 529.2692 | BP36: 5.2224 | BQ36: 1.4354 | BR36: 2.5233 | BS36: 0.1646 | BT36: 25.7704 | BU36: 12.0046 | BV36: 5605.8095 | BW36: 771.5796 | BX36: 381.6596 | BY36: 3027.2043 | BZ36: 20.0021 | CA36: 20.2963 | CB36: 3.9884 | CC36: 13.4897 | CD36: 15.1223 | CE36: 2.4847 | CF36: 0.6474 | CG36: 1.6816 | CH36: 3.2857 | CI36: 10.0462 | CJ36: 1.3216 | CK36: 2.4031 | CL36: 0.3412 | CM36: 1.163 | CN36: 3.9265 | CO36: 0.7067 | CP36: 1.4601 | CQ36: 0.9347 | CR36: 1.113 | CS36: 3.8431 | CT36: 9.1099 | CU36: 3.5335 | CV36: 4.5692 | CW36: 6.0634 | CX36: 2.3221 | CY36: 2.6173 | CZ36: 2.3645 | DA36: 7.2096 | DB36: 17.841 | DC36: 4.683 | DD36: 48.9005 | DE36: 88.3266 | DF36: 15.7168 | DG36: 13.4541 | DH36: 9.6839 | DI36: 9.75 | DJ36: 2.2867 | DK36: 1.024 | DL36: 10.5356 | DM36: 52.2593 | DN36: 2.3337 | DO36: 0.4257 | DP36: =SUM(E36:DO36) -> 11435.519 | DQ36: 321.9994 | DR36: 0.127 | DS36: 363.9363 | DT36: 23.3373 | DU36: 124.3879 | DV36: 5.0537 | DW36: 159.6395 | DX36: =SUM(DQ36:DW36) -> 998.4811 | DY36: =DP36+DX36 -> 12434 | EA36: =SUM(DS36:DU36) -> 511.6615 | EB36: =EA36/$EA$122 -> 0.0010043691 | ED36: 0.4272157
A37: 34 | B37: 1501 | C37: =INDEX(Industries!$D:$D,MATCH($A37,Industries!$A:$A,0)) -> 6 | D37: Pulp, paper and paperboard manufacturing | E37: 0.7365 | F37: 9.9281 | G37: 0.7405 | H37: 0.0291 | I37: 0.0183 | J37: 0.0235 | K37: 0.3038 | L37: 0.7546 | M37: 3.5887 | N37: 0.9373 | O37: 7.4556 | P37: 0.3644 | Q37: 9.2962 | R37: 68.3905 | S37: 2.6447 | T37: 49.6328 | U37: 22.5493 | V37: 5.1705 | W37: 34.9799 | X37: 8.8809 | Y37: 39.773 | Z37: 37.1505 | AA37: 128.6251 | AB37: 20.18 | AC37: 11.635 | AD37: 0.0063 | AE37: 0.0086 | AF37: 0.9598 | AG37: 0.0019 | AH37: 0.0432 | AI37: 0.0262 | AJ37: 0.3547 | AK37: 10.9039 | AL37: 67.826 | AM37: 259.9566 | AN37: 183.3889 | AO37: 1.2464 | AP37: 53.271 | AQ37: 0.4642 | AR37: 38.0452 | AS37: 14.2889 | AT37: 22.6134 | AU37: 2.9283 | AV37: 2.0244 | AW37: 1.5087 | AX37: 29.9396 | AY37: 12.3291 | AZ37: 1.6649 | BA37: 1.0368 | BB37: 1.516 | BC37: 0.0916 | BD37: 4.7202 | BE37: 0.465 | BF37: 5.4674 | BG37: 2.7689 | BH37: 0.6807 | BI37: 0.1887 | BJ37: 0.0477 | BK37: 5.0359 | BL37: 2.6127 | BM37: 2.0121 | BN37: 7.4624 | BO37: 1.092 | BP37: 0.2124 | BQ37: 2.871 | BR37: 4.6931 | BS37: 1.6293 | BT37: 0.6662 | BU37: 6.1011 | BV37: 129.3549 | BW37: 2.5297 | BX37: 57.8485 | BY37: 41.8057 | BZ37: 249.5178 | CA37: 166.9781 | CB37: 3.1544 | CC37: 10.0995 | CD37: 9.0488 | CE37: 3.0676 | CF37: 5.3433 | CG37: 10.4595 | CH37: 11.1951 | CI37: 0.2256 | CJ37: 349.0819 | CK37: 0.9787 | CL37: 0.0679 | CM37: 0.3253 | CN37: 0.9344 | CO37: 1.018 | CP37: 2.0777 | CQ37: 0.241 | CR37: 32.2318 | CS37: 2.6014 | CT37: 0.0615 | CU37: 0.0233 | CV37: 2.1983 | CW37: 4.1468 | CX37: 1.1167 | CY37: 8.8493 | CZ37: 4.9422 | DA37: 82.9273 | DB37: 2.4405 | DC37: 9.4023 | DD37: 1.7784 | DE37: 2.8876 | DF37: 0.2145 | DG37: 5.7847 | DH37: 17.1432 | DI37: 7.558 | DJ37: 0.5153 | DK37: 0.4916 | DL37: 1.1691 | DM37: 3.3213 | DN37: 11.7498 | DO37: 1.6485 | DP37: =SUM(E37:DO37) -> 2479.517 | DQ37: 109.4719 | DR37: 4.0932 | DS37: 8.6974 | DT37: 0.1425 | DU37: 2.0948 | DV37: 23.9653 | DW37: 419.0179 | DX37: =SUM(DQ37:DW37) -> 567.483 | DY37: =DP37+DX37 -> 3047 | EA37: =SUM(DS37:DU37) -> 10.9347 | EB37: =EA37/$EA$122 -> 2.1464336e-05 | ED37: 0.27207093
A38: 35 | B38: 1502 | C38: =INDEX(Industries!$D:$D,MATCH($A38,Industries!$A:$A,0)) -> 6 | D38: Paper stationery and other converted paper product manufacturing | E38: 3.508 | F38: 34.166 | G38: 3.6299 | H38: 0.776 | I38: 0.1191 | J38: 0.2753 | K38: 1.7305 | L38: 5.4198 | M38: 8.6563 | N38: 2.678 | O38: 14.385 | P38: 1.1018 | Q38: 6.9179 | R38: 186.7498 | S38: 7.2659 | T38: 137.3084 | U38: 64.8757 | V38: 14.0333 | W38: 82.2856 | X38: 25.8326 | Y38: 112.2584 | Z38: 112.2339 | AA38: 301.3372 | AB38: 48.08 | AC38: 32.0825 | AD38: 0.2007 | AE38: 0.1068 | AF38: 2.5675 | AG38: 0.0237 | AH38: 0.3715 | AI38: 0.2265 | AJ38: 0.569 | AK38: 6.0249 | AL38: 28.5308 | AM38: 159.6369 | AN38: 80.1339 | AO38: 1.2425 | AP38: 149.9421 | AQ38: 1.3184 | AR38: 75.1292 | AS38: 41.4659 | AT38: 47.9787 | AU38: 3.3365 | AV38: 3.3621 | AW38: 1.361 | AX38: 54.9255 | AY38: 9.859 | AZ38: 1.7667 | BA38: 1.9963 | BB38: 0.8088 | BC38: 0.0962 | BD38: 9.9224 | BE38: 1.6338 | BF38: 14.7659 | BG38: 9.4972 | BH38: 3.1347 | BI38: 2.7709 | BJ38: 2.8156 | BK38: 17.7424 | BL38: 6.3736 | BM38: 5.8751 | BN38: 22.4382 | BO38: 3.1061 | BP38: 0.8279 | BQ38: 45.5278 | BR38: 12.0611 | BS38: 0.9327 | BT38: 3.0933 | BU38: 12.2498 | BV38: 289.1508 | BW38: 24.9009 | BX38: 136.0011 | BY38: 120.044 | BZ38: 538.4483 | CA38: 432.9484 | CB38: 23.3394 | CC38: 128.6555 | CD38: 15.4 | CE38: 4.7745 | CF38: 8.704 | CG38: 16.8061 | CH38: 17.6077 | CI38: 0.7832 | CJ38: 199.1479 | CK38: 1.8962 | CL38: 0.4037 | CM38: 6.6966 | CN38: 11.8237 | CO38: 0.6496 | CP38: 23.5626 | CQ38: 4.4876 | CR38: 36.4267 | CS38: 7.8653 | CT38: 0.9569 | CU38: 0.3642 | CV38: 6.7959 | CW38: 47.9462 | CX38: 11.0025 | CY38: 43.7036 | CZ38: 8.3512 | DA38: 145.0635 | DB38: 9.5887 | DC38: 14.3012 | DD38: 32.765 | DE38: 45.6787 | DF38: 4.5387 | DG38: 110.6782 | DH38: 159.0109 | DI38: 7.2443 | DJ38: 2.4216 | DK38: 2.0164 | DL38: 9.3121 | DM38: 16.1078 | DN38: 27.2959 | DO38: 3.161 | DP38: =SUM(E38:DO38) -> 4814.2848 | DQ38: 1870.7773 | DR38: 0.9139 | DS38: 42.8259 | DT38: 1.357 | DU38: 8.6271 | DV38: 62.4018 | DW38: 767.8123 | DX38: =SUM(DQ38:DW38) -> 2754.7153 | DY38: =DP38+DX38 -> 7569.0001 | EA38: =SUM(DS38:DU38) -> 52.81 | EB38: =EA38/$EA$122 -> 0.00010366371 | ED38: 0.29211258
A39: 36 | B39: 1601 | C39: =INDEX(Industries!$D:$D,MATCH($A39,Industries!$A:$A,0)) -> 7 | D39: Printing (including the reproduction of recorded media) | E39: 27.0158 | F39: 7.9171 | G39: 94.1143 | H39: 4.6883 | I39: 0.2437 | J39: 4.6962 | K39: 28.5127 | L39: 22.713 | M39: 18.0504 | N39: 9.674 | O39: 35.908 | P39: 3.4062 | Q39: 7.953 | R39: 12.1683 | S39: 1.89 | T39: 12.0098 | U39: 3.1315 | V39: 1.1806 | W39: 20.4693 | X39: 4.2139 | Y39: 22.0255 | Z39: 16.1155 | AA39: 10.2409 | AB39: 4.3637 | AC39: 7.5479 | AD39: 0.1522 | AE39: 0.1482 | AF39: 2.1799 | AG39: 0.019 | AH39: 0.2549 | AI39: 0.2032 | AJ39: 1.1229 | AK39: 7.5408 | AL39: 13.3568 | AM39: 54.5338 | AN39: 199.704 | AO39: 3.1281 | AP39: 11.4773 | AQ39: 0.1485 | AR39: 15.5764 | AS39: 1.5184 | AT39: 15.1704 | AU39: 0.3382 | AV39: 1.5184 | AW39: 1.2737 | AX39: 9.2208 | AY39: 4.8116 | AZ39: 1.1432 | BA39: 4.0167 | BB39: 0.7427 | BC39: 0.4441 | BD39: 19.0239 | BE39: 6.4081 | BF39: 18.2086 | BG39: 14.2073 | BH39: 3.9518 | BI39: 1.9937 | BJ39: 2.9707 | BK39: 11.8141 | BL39: 6.7091 | BM39: 1.6462 | BN39: 18.8398 | BO39: 6.8086 | BP39: 1.2726 | BQ39: 6.7466 | BR39: 14.6012 | BS39: 3.4992 | BT39: 4.5649 | BU39: 19.245 | BV39: 119.5575 | BW39: 38.3132 | BX39: 71.0386 | BY39: 154.3894 | BZ39: 151.9688 | CA39: 414.152 | CB39: 16.4546 | CC39: 47.2566 | CD39: 34.1192 | CE39: 3.4319 | CF39: 42.7319 | CG39: 141.8074 | CH39: 49.5632 | CI39: 33.8468 | CJ39: 548.007 | CK39: 175.9641 | CL39: 14.7613 | CM39: 5.1862 | CN39: 71.7246 | CO39: 0.8129 | CP39: 18.38 | CQ39: 32.8735 | CR39: 117.8927 | CS39: 28.0405 | CT39: 7.8106 | CU39: 3.0263 | CV39: 145.0572 | CW39: 428.2736 | CX39: 59.673 | CY39: 92.2315 | CZ39: 35.2958 | DA39: 238.947 | DB39: 60.2315 | DC39: 26.6738 | DD39: 95.0072 | DE39: 96.7377 | DF39: 20.9846 | DG39: 55.6468 | DH39: 55.2158 | DI39: 58.7317 | DJ39: 61.6526 | DK39: 54.2412 | DL39: 37.4298 | DM39: 28.5837 | DN39: 41.9185 | DO39: 4.0069 | DP39: =SUM(E39:DO39) -> 4932.1559 | DQ39: 303.4836 | DR39: 0.0678 | DS39: 84.6794 | DT39: 6.3806 | DU39: 20.4851 | DV39: 14.1667 | DW39: 298.5808 | DX39: =SUM(DQ39:DW39) -> 727.844 | DY39: =DP39+DX39 -> 5659.9999 | EA39: =SUM(DS39:DU39) -> 111.5451 | EB39: =EA39/$EA$122 -> 0.00021895813 | ED39: 0.43833923
A40: 37 | B40: 1701 | C40: =INDEX(Industries!$D:$D,MATCH($A40,Industries!$A:$A,0)) -> 2 | D40: Petroleum and coal product manufacturing | E40: 269.8741 | F40: 31.2703 | G40: 205.7813 | H40: 20.174 | I40: 81.1453 | J40: 19.1346 | K40: 16.6253 | L40: 760.3819 | M40: 429.879 | N40: 527.5074 | O40: 387.1341 | P40: 89.2939 | Q40: 45.8506 | R40: 12.9581 | S40: 0.3724 | T40: 7.2357 | U40: 3.2553 | V40: 1.7718 | W40: 2.811 | X40: 8.3339 | Y40: 5.4975 | Z40: 12.1868 | AA40: 1.337 | AB40: 0.852 | AC40: 1.3477 | AD40: 0.2347 | AE40: 0.1072 | AF40: 1.0274 | AG40: 0.0008 | AH40: 0.135 | AI40: 2.7293 | AJ40: 14.4709 | AK40: 27.9557 | AL40: 1.7384 | AM40: 4.9154 | AN40: 3.1741 | AO40: 534.0423 | AP40: 7.9299 | AQ40: 0.1516 | AR40: 243.0948 | AS40: 14.5825 | AT40: 78.5024 | AU40: 5.5195 | AV40: 14.467 | AW40: 8.4392 | AX40: 238.8565 | AY40: 22.8161 | AZ40: 5.7559 | BA40: 335.4855 | BB40: 105.8084 | BC40: 0.8812 | BD40: 16.0759 | BE40: 2.763 | BF40: 9.5604 | BG40: 5.6772 | BH40: 7.1213 | BI40: 10.1473 | BJ40: 10.3998 | BK40: 4.7239 | BL40: 2.2036 | BM40: 0.8929 | BN40: 11.7381 | BO40: 2.4706 | BP40: 7.1967 | BQ40: 77.9749 | BR40: 19.7437 | BS40: 1.5685 | BT40: 15.4438 | BU40: 73.3975 | BV40: 69.6705 | BW40: 42.3132 | BX40: 223.2998 | BY40: 637.7528 | BZ40: 107.0747 | CA40: 120.905 | CB40: 12.3744 | CC40: 60.793 | CD40: 1201.3648 | CE40: 140.7638 | CF40: 180.401 | CG40: 32.5086 | CH40: 34.382 | CI40: 106.0608 | CJ40: 7.0944 | CK40: 1.5132 | CL40: 1.413 | CM40: 1.4168 | CN40: 10.785 | CO40: 0.2227 | CP40: 12.2503 | CQ40: 5.7683 | CR40: 8.1233 | CS40: 119.3428 | CT40: 0.3783 | CU40: 0.1311 | CV40: 120.9182 | CW40: 100.3127 | CX40: 30.2352 | CY40: 93.6493 | CZ40: 30.5889 | DA40: 73.0689 | DB40: 29.9842 | DC40: 22.8413 | DD40: 35.8493 | DE40: 33.4315 | DF40: 5.726 | DG40: 47.5927 | DH40: 21.2529 | DI40: 5.9716 | DJ40: 21.4171 | DK40: 2.9755 | DL40: 147.2021 | DM40: 7.8673 | DN40: 46.1001 | DO40: 13.6185 | DP40: =SUM(E40:DO40) -> 8922.6387 | DQ40: 4261.7919 | DR40: 1.3425 | DS40: 92.9952 | DT40: 2.6915 | DU40: 19.3038 | DV40: 184.3364 | DW40: 3492.9003 | DX40: =SUM(DQ40:DW40) -> 8055.3616 | DY40: =DP40+DX40 -> 16978 | EA40: =SUM(DS40:DU40) -> 114.9905 | EB40: =EA40/$EA$122 -> 0.0002257213 | ED40: 0.12651667
A41: 38 | B41: 1801 | C41: =INDEX(Industries!$D:$D,MATCH($A41,Industries!$A:$A,0)) -> 8 | D41: Human pharmaceutical and medicinal product manufacturing | E41: 76.0699 | F41: 6.9972 | G41: 10.0156 | H41: 2.0784 | I41: 0.5583 | J41: 0.8597 | K41: 6.9711 | L41: 18.2657 | M41: 5.7993 | N41: 10.1965 | O41: 23.7471 | P41: 3.6902 | Q41: 42.4248 | R41: 6.1503 | S41: 0.5418 | T41: 4.6617 | U41: 5.1926 | V41: 1.638 | W41: 3.4403 | X41: 4.2969 | Y41: 4.2385 | Z41: 9.0665 | AA41: 2.5706 | AB41: 1.0058 | AC41: 1.3275 | AD41: 0.0886 | AE41: 0.2541 | AF41: 2.0533 | AG41: 0.0022 | AH41: 0.3055 | AI41: 0.2677 | AJ41: 1.4295 | AK41: 4.816 | AL41: 2.5414 | AM41: 3.7193 | AN41: 2.9914 | AO41: 2.7123 | AP41: 43.4381 | AQ41: 25.6235 | AR41: 13.2573 | AS41: 4.2212 | AT41: 7.962 | AU41: 0.8034 | AV41: 2.2114 | AW41: 1.045 | AX41: 3.1179 | AY41: 2.4608 | AZ41: 1.0515 | BA41: 3.0797 | BB41: 0.8856 | BC41: 0.2978 | BD41: 8.401 | BE41: 1.4927 | BF41: 5.3283 | BG41: 7.9412 | BH41: 3.8216 | BI41: 2.7214 | BJ41: 6.8419 | BK41: 9.0641 | BL41: 4.2047 | BM41: 1.0475 | BN41: 14.1068 | BO41: 4.227 | BP41: 0.7509 | BQ41: 3.0718 | BR41: 4.2938 | BS41: 0.2824 | BT41: 3.4016 | BU41: 2.7524 | BV41: 40.3847 | BW41: 95.8631 | BX41: 45.2745 | BY41: 95.4255 | BZ41: 29.3726 | CA41: 21.4886 | CB41: 4.5874 | CC41: 26.7245 | CD41: 16.7574 | CE41: 2.7102 | CF41: 1.6339 | CG41: 4.4685 | CH41: 3.3148 | CI41: 5.8885 | CJ41: 5.3621 | CK41: 1.6974 | CL41: 0.658 | CM41: 3.1674 | CN41: 43.1055 | CO41: 0.0408 | CP41: 5.1216 | CQ41: 5.8252 | CR41: 11.0435 | CS41: 4.3718 | CT41: 3.1012 | CU41: 1.1742 | CV41: 9.6155 | CW41: 64.7305 | CX41: 15.8078 | CY41: 19.0744 | CZ41: 6.2281 | DA41: 22.618 | DB41: 8.4806 | DC41: 6.5758 | DD41: 18.3549 | DE41: 22.5623 | DF41: 2.3467 | DG41: 131.045 | DH41: 40.8762 | DI41: 2.4692 | DJ41: 65.8828 | DK41: 3.5424 | DL41: 19.4871 | DM41: 17.919 | DN41: 6.3366 | DO41: 0.9773 | DP41: =SUM(E41:DO41) -> 1429.685 | DQ41: 3215.5268 | DR41: 3679.3326 | DS41: 338.141 | DT41: 7.4258 | DU41: 76.7839 | DV41: 31.1507 | DW41: 2201.9546 | DX41: =SUM(DQ41:DW41) -> 9550.3154 | DY41: =DP41+DX41 -> 10980 | EA41: =SUM(DS41:DU41) -> 422.3507 | EB41: =EA41/$EA$122 -> 0.00082905588 | ED41: 0.34617487
A42: 39 | B42: 1802 | C42: =INDEX(Industries!$D:$D,MATCH($A42,Industries!$A:$A,0)) -> 8 | D42: Veterinary pharmaceutical and medicinal product manufacturing | E42: 197.9605 | F42: 16.2997 | G42: 6.2911 | H42: 0.3324 | I42: 0.0088 | J42: 0.1451 | K42: 1.891 | L42: 1.4477 | M42: 0.5832 | N42: 1.3144 | O42: 1.4517 | P42: 0.1542 | Q42: 7.7374 | R42: 0.2628 | S42: 0.0127 | T42: 0.1436 | U42: 0.2047 | V42: 0.0237 | W42: 0.1023 | X42: 0.1073 | Y42: 0.1702 | Z42: 0.3937 | AA42: 0.0756 | AB42: 0.0224 | AC42: 0.0813 | AD42: 0.0018 | AE42: 0.0055 | AF42: 0.0569 | AG42: 0.0001 | AH42: 0.0057 | AI42: 0.0042 | AJ42: 0.036 | AK42: 0.1411 | AL42: 0.0295 | AM42: 0.1986 | AN42: 0.212 | AO42: 0.0736 | AP42: 31.6419 | AQ42: 78.7218 | AR42: 0.9139 | AS42: 5.1482 | AT42: 0.4332 | AU42: 0.0487 | AV42: 0.0811 | AW42: 0.022 | AX42: 0.2306 | AY42: 0.0566 | AZ42: 0.0119 | BA42: 0.1251 | BB42: 0.024 | BC42: 0.0099 | BD42: 0.6872 | BE42: 0.06 | BF42: 0.148 | BG42: 0.312 | BH42: 0.4817 | BI42: 0.1559 | BJ42: 0.698 | BK42: 0.5005 | BL42: 0.4449 | BM42: 0.0738 | BN42: 0.9537 | BO42: 0.1089 | BP42: 0.0189 | BQ42: 0.2725 | BR42: 0.4781 | BS42: 0.0452 | BT42: 0.21 | BU42: 0.1464 | BV42: 1.9773 | BW42: 3.7474 | BX42: 6.1189 | BY42: 3.7835 | BZ42: 1.8436 | CA42: 1.0635 | CB42: 0.1792 | CC42: 0.7345 | CD42: 0.5923 | CE42: 0.0728 | CF42: 1.7798 | CG42: 0.2764 | CH42: 0.171 | CI42: 1.3542 | CJ42: 0.7184 | CK42: 1.4823 | CL42: 0.0263 | CM42: 0.0179 | CN42: 6.1518 | CO42: 0.0033 | CP42: 0.4667 | CQ42: 0.508 | CR42: 1.1427 | CS42: 0.9475 | CT42: 0.0273 | CU42: 0.0091 | CV42: 2.4976 | CW42: 18.0701 | CX42: 3.6899 | CY42: 3.4422 | CZ42: 4.4213 | DA42: 4.9952 | DB42: 0.2091 | DC42: 0.9398 | DD42: 9.0694 | DE42: 14.7776 | DF42: 0.8704 | DG42: 5.8918 | DH42: 14.7562 | DI42: 2.8817 | DJ42: 187.0229 | DK42: 2.3052 | DL42: 0.6153 | DM42: 1.304 | DN42: 3.2227 | DO42: 0.0802 | DP42: =SUM(E42:DO42) -> 677.5054 | DQ42: 42.5082 | DR42: 13.6897 | DS42: 24.5922 | DT42: 0.2973 | DU42: 5.4954 | DV42: -5.7275 | DW42: 570.6387 | DX42: =SUM(DQ42:DW42) -> 651.494 | DY42: =DP42+DX42 -> 1328.9994 | EA42: =SUM(DS42:DU42) -> 30.3849 | EB42: =EA42/$EA$122 -> 5.9644224e-05 | ED42: 0.30022569
A43: 40 | B43: 1803 | C43: =INDEX(Industries!$D:$D,MATCH($A43,Industries!$A:$A,0)) -> 6 | D43: Basic chemical manufacturing | E43: 933.4369 | F43: 49.0545 | G43: 550.6052 | H43: 4.7231 | I43: 0.3203 | J43: 2.3709 | K43: 188.3778 | L43: 373.4887 | M43: 49.2023 | N43: 136.8393 | O43: 524.6454 | P43: 74.1723 | Q43: 106.1207 | R43: 24.112 | S43: 3.2276 | T43: 15.202 | U43: 6.985 | V43: 4.2594 | W43: 41.8837 | X43: 5.184 | Y43: 18.0953 | Z43: 20.2833 | AA43: 10.0381 | AB43: 2.6729 | AC43: 4.2394 | AD43: 0.0595 | AE43: 0.3491 | AF43: 12.0929 | AG43: 0.0043 | AH43: 0.1987 | AI43: 0.2294 | AJ43: 4.3177 | AK43: 72.0787 | AL43: 33.7862 | AM43: 75.3961 | AN43: 22.0568 | AO43: 70.6829 | AP43: 407.257 | AQ43: 3.7553 | AR43: 1201.5435 | AS43: 93.663 | AT43: 1168.2606 | AU43: 4.6231 | AV43: 45.9266 | AW43: 2.6824 | AX43: 20.164 | AY43: 27.9748 | AZ43: 24.7931 | BA43: 75.8069 | BB43: 7.2019 | BC43: 0.4806 | BD43: 27.2175 | BE43: 6.2523 | BF43: 27.4831 | BG43: 26.9693 | BH43: 44.3001 | BI43: 25.8676 | BJ43: 26.0311 | BK43: 41.9488 | BL43: 113.7656 | BM43: 11.4742 | BN43: 50.2846 | BO43: 13.0747 | BP43: 13.4583 | BQ43: 117.3913 | BR43: 206.4028 | BS43: 1.7387 | BT43: 175.6404 | BU43: 189.4523 | BV43: 144.3421 | BW43: 249.5932 | BX43: 285.4601 | BY43: 2028.3385 | BZ43: 130.0826 | CA43: 53.4417 | CB43: 9.9345 | CC43: 21.4122 | CD43: 24.3029 | CE43: 7.316 | CF43: 2.4587 | CG43: 7.0479 | CH43: 12.8441 | CI43: 22.919 | CJ43: 19.2121 | CK43: 16.4908 | CL43: 0.6011 | CM43: 11.3464 | CN43: 62.8189 | CO43: 0.2195 | CP43: 9.3768 | CQ43: 2.9907 | CR43: 11.0948 | CS43: 42.0336 | CT43: 8.9754 | CU43: 3.4307 | CV43: 34.4513 | CW43: 226.4718 | CX43: 35.5541 | CY43: 35.3104 | CZ43: 74.4384 | DA43: 69.0057 | DB43: 76.4925 | DC43: 43.666 | DD43: 33.2597 | DE43: 44.9256 | DF43: 4.7525 | DG43: 138.138 | DH43: 280.1988 | DI43: 10.425 | DJ43: 44.4205 | DK43: 46.8165 | DL43: 39.0781 | DM43: 54.0264 | DN43: 52.7279 | DO43: 1.8896 | DP43: =SUM(E43:DO43) -> 12177.811 | DQ43: 1432.2408 | DR43: 122.7171 | DS43: 571.2458 | DT43: 12.147 | DU43: 128.228 | DV43: 191.2566 | DW43: 4632.354 | DX43: =SUM(DQ43:DW43) -> 7090.1893 | DY43: =DP43+DX43 -> 19268 | EA43: =SUM(DS43:DU43) -> 711.6208 | EB43: =EA43/$EA$122 -> 0.0013968804 | ED43: 0.28456508
A44: 41 | B44: 1804 | C44: =INDEX(Industries!$D:$D,MATCH($A44,Industries!$A:$A,0)) -> 6 | D44: Cleaning compounds and toiletry preparation manufacturing | E44: 10.3148 | F44: 1.1814 | G44: 2.8397 | H44: 1.5249 | I44: 0.1749 | J44: 0.9491 | K44: 4.1524 | L44: 17.7059 | M44: 13.944 | N44: 5.5283 | O44: 14.9414 | P44: 2.1096 | Q44: 4.8242 | R44: 26.9389 | S44: 0.3324 | T44: 7.1181 | U44: 7.729 | V44: 1.074 | W44: 5.9576 | X44: 12.9815 | Y44: 5.3683 | Z44: 14.7887 | AA44: 6.8096 | AB44: 0.7763 | AC44: 2.2235 | AD44: 0.0321 | AE44: 0.1407 | AF44: 0.929 | AG44: 0.0007 | AH44: 0.0914 | AI44: 0.0886 | AJ44: 1.4596 | AK44: 2.9457 | AL44: 1.6714 | AM44: 2.4182 | AN44: 2.1926 | AO44: 4.7577 | AP44: 8.8658 | AQ44: 0.2163 | AR44: 53.8597 | AS44: 17.7484 | AT44: 37.1983 | AU44: 3.3299 | AV44: 2.6556 | AW44: 1.5611 | AX44: 5.4987 | AY44: 2.7392 | AZ44: 1.2008 | BA44: 2.1291 | BB44: 0.8682 | BC44: 0.1304 | BD44: 2.9014 | BE44: 0.5276 | BF44: 2.6403 | BG44: 2.3285 | BH44: 1.1912 | BI44: 1.2114 | BJ44: 1.5321 | BK44: 4.215 | BL44: 3.2943 | BM44: 0.5621 | BN44: 8.6932 | BO44: 2.0926 | BP44: 0.667 | BQ44: 4.9386 | BR44: 3.5652 | BS44: 0.1376 | BT44: 15.3835 | BU44: 3.2763 | BV44: 22.4328 | BW44: 81.0027 | BX44: 16.8808 | BY44: 85.8935 | BZ44: 99.1139 | CA44: 57.4098 | CB44: 14.7118 | CC44: 41.374 | CD44: 11.2009 | CE44: 7.564 | CF44: 0.4096 | CG44: 1.8098 | CH44: 2.1703 | CI44: 3.7081 | CJ44: 2.4085 | CK44: 0.7194 | CL44: 1.8368 | CM44: 0.95 | CN44: 5.4492 | CO44: 0.0162 | CP44: 1.895 | CQ44: 1.0823 | CR44: 1.1029 | CS44: 25.3562 | CT44: 0.825 | CU44: 0.308 | CV44: 11.3604 | CW44: 44.1077 | CX44: 2.7347 | CY44: 19.7409 | CZ44: 36.103 | DA44: 6.1125 | DB44: 16.9869 | DC44: 6.6169 | DD44: 18.6292 | DE44: 25.0557 | DF44: 1.8884 | DG44: 35.5435 | DH44: 79.0116 | DI44: 0.9051 | DJ44: 6.2181 | DK44: 2.5437 | DL44: 11.3802 | DM44: 10.9249 | DN44: 40.2286 | DO44: 0.9915 | DP44: =SUM(E44:DO44) -> 1250.8906 | DQ44: 1725.9947 | DR44: 41.1643 | DS44: 132.7952 | DT44: 2.5851 | DU44: 30.9437 | DV44: 47.6247 | DW44: 1376.0017 | DX44: =SUM(DQ44:DW44) -> 3357.1094 | DY44: =DP44+DX44 -> 4608 | EA44: =SUM(DS44:DU44) -> 166.324 | EB44: =EA44/$EA$122 -> 0.00032648671 | ED44: 0.43532985
A45: 42 | B45: 1901 | C45: =INDEX(Industries!$D:$D,MATCH($A45,Industries!$A:$A,0)) -> 6 | D45: Polymer product manufacturing | E45: 18.7388 | F45: 3.9316 | G45: 36.4491 | H45: 12.036 | I45: 0.4428 | J45: 8.5636 | K45: 14.3731 | L45: 45.0525 | M45: 52.8851 | N45: 16.7506 | O45: 55.8167 | P45: 5.9446 | Q45: 13.1457 | R45: 57.742 | S45: 1.0514 | T45: 111.4392 | U45: 15.6081 | V45: 7.288 | W45: 29.1055 | X45: 21.372 | Y45: 41.4088 | Z45: 40.6187 | AA45: 149.9183 | AB45: 10.9881 | AC45: 12.928 | AD45: 0.0603 | AE45: 0.2067 | AF45: 22.4006 | AG45: 0.0023 | AH45: 0.3036 | AI45: 0.2425 | AJ45: 3.7247 | AK45: 125.7672 | AL45: 10.9346 | AM45: 108.7213 | AN45: 100.1786 | AO45: 9.2271 | AP45: 183.6576 | AQ45: 2.0341 | AR45: 298.9358 | AS45: 83.3427 | AT45: 498.4352 | AU45: 1.5361 | AV45: 21.1113 | AW45: 3.7662 | AX45: 14.5005 | AY45: 15.3619 | AZ45: 11.5022 | BA45: 8.1851 | BB45: 5.0994 | BC45: 0.5106 | BD45: 76.2932 | BE45: 11.0981 | BF45: 29.7932 | BG45: 85.4235 | BH45: 32.2134 | BI45: 44.3375 | BJ45: 63.4078 | BK45: 92.2464 | BL45: 53.3513 | BM45: 18.1298 | BN45: 72.1838 | BO45: 105.1468 | BP45: 44.7366 | BQ45: 6.4633 | BR45: 10.8031 | BS45: 2.4304 | BT45: 100.1963 | BU45: 13.2058 | BV45: 856.6671 | BW45: 457.8484 | BX45: 675.5282 | BY45: 3992.5645 | BZ45: 396.2072 | CA45: 256.2557 | CB45: 34.8689 | CC45: 42.3905 | CD45: 71.0438 | CE45: 6.1834 | CF45: 10.8317 | CG45: 30.3927 | CH45: 86.6781 | CI45: 8.3931 | CJ45: 27.755 | CK45: 4.3368 | CL45: 0.6374 | CM45: 7.8309 | CN45: 8.4602 | CO45: 0.3151 | CP45: 3.8312 | CQ45: 3.3485 | CR45: 2.3975 | CS45: 13.8629 | CT45: 188.9989 | CU45: 70.908 | CV45: 17.6828 | CW45: 82.8029 | CX45: 11.7779 | CY45: 22.3032 | CZ45: 27.5131 | DA45: 62.379 | DB45: 77.3417 | DC45: 14.7723 | DD45: 35.4069 | DE45: 58.4383 | DF45: 6.2215 | DG45: 149.7982 | DH45: 113.4959 | DI45: 8.4482 | DJ45: 9.0685 | DK45: 6.6158 | DL45: 280.7318 | DM45: 217.8959 | DN45: 41.9864 | DO45: 1.4 | DP45: =SUM(E45:DO45) -> 11679.423 | DQ45: 1706.9511 | DR45: 0.2801 | DS45: 867.1358 | DT45: 30.7905 | DU45: 110.4162 | DV45: -112.9734 | DW45: 1546.9767 | DX45: =SUM(DQ45:DW45) -> 4149.577 | DY45: =DP45+DX45 -> 15829 | EA45: =SUM(DS45:DU45) -> 1008.3425 | EB45: =EA45/$EA$122 -> 0.001979332 | ED45: 0.38713752
A46: 43 | B46: 1902 | C46: =INDEX(Industries!$D:$D,MATCH($A46,Industries!$A:$A,0)) -> 6 | D46: Natural rubber product manufacturing | E46: 4.2144 | F46: 0.2284 | G46: 1.8036 | H46: 5.6841 | I46: 0.0388 | J46: 3.0638 | K46: 2.9117 | L46: 46.483 | M46: 42.5941 | N46: 21.0502 | O46: 76.4388 | P46: 4.1918 | Q46: 8.4775 | R46: 1.6073 | S46: 0.1213 | T46: 0.5922 | U46: 0.3774 | V46: 0.2575 | W46: 0.3859 | X46: 0.83 | Y46: 0.4344 | Z46: 1.5686 | AA46: 0.2376 | AB46: 0.0787 | AC46: 0.249 | AD46: 0.0068 | AE46: 0.016 | AF46: 0.9876 | AG46: 0.0001 | AH46: 0.0547 | AI46: 0.1616 | AJ46: 0.5077 | AK46: 2.6228 | AL46: 0.827 | AM46: 2.0091 | AN46: 1.0963 | AO46: 2.7247 | AP46: 0.705 | AQ46: 0.0173 | AR46: 2.5494 | AS46: 0.1213 | AT46: 9.4527 | AU46: 3.1321 | AV46: 0.162 | AW46: 0.0651 | AX46: 3.2607 | AY46: 0.2728 | AZ46: 0.0356 | BA46: 0.7933 | BB46: 0.0315 | BC46: 0.032 | BD46: 2.0439 | BE46: 1.4717 | BF46: 1.6236 | BG46: 15.9866 | BH46: 3.2706 | BI46: 5.466 | BJ46: 3.8936 | BK46: 2.2195 | BL46: 0.6887 | BM46: 1.9732 | BN46: 24.533 | BO46: 0.877 | BP46: 0.3162 | BQ46: 13.4174 | BR46: 18.2603 | BS46: 1.0681 | BT46: 4.0036 | BU46: 18.4531 | BV46: 12.4644 | BW46: 18.9452 | BX46: 18.6957 | BY46: 42.3595 | BZ46: 120.4503 | CA46: 19.427 | CB46: 4.7512 | CC46: 2.3736 | CD46: 6.4243 | CE46: 1.6667 | CF46: 0.6544 | CG46: 1.4397 | CH46: 8.2666 | CI46: 8.9439 | CJ46: 1.55 | CK46: 0.0889 | CL46: 0.1692 | CM46: 4.5376 | CN46: 13.1217 | CO46: 0.004 | CP46: 4.3966 | CQ46: 0.2248 | CR46: 0.655 | CS46: 2.215 | CT46: 0.4841 | CU46: 0.1805 | CV46: 2.7749 | CW46: 38.2678 | CX46: 1.6396 | CY46: 6.821 | CZ46: 24.191 | DA46: 3.1729 | DB46: 10.1757 | DC46: 8.9 | DD46: 4.3175 | DE46: 5.386 | DF46: 0.5619 | DG46: 41.1061 | DH46: 26.5643 | DI46: 0.676 | DJ46: 0.6277 | DK46: 0.4662 | DL46: 12.8015 | DM46: 75.0519 | DN46: 2.7496 | DO46: 0.5652 | DP46: =SUM(E46:DO46) -> 936.4381 | DQ46: 23.9157 | DS46: 102.4538 | DT46: 0.6801 | DU46: 6.6507 | DV46: -92.9761 | DW46: 115.8378 | DX46: =SUM(DQ46:DW46) -> 156.562 | DY46: =DP46+DX46 -> 1093.0001 | EA46: =SUM(DS46:DU46) -> 109.7846 | EB46: =EA46/$EA$122 -> 0.00021550235 | ED46: 0.5096064
A47: 44 | B47: 2001 | C47: =INDEX(Industries!$D:$D,MATCH($A47,Industries!$A:$A,0)) -> 6 | D47: Glass and glass product manufacturing | E47: 8.0186 | F47: 1.9992 | G47: 24.3205 | H47: 1.0371 | I47: 0.0457 | J47: 1.061 | K47: 6.0682 | L47: 7.6717 | M47: 1.7705 | N47: 7.182 | O47: 7.8355 | P47: 0.9929 | Q47: 17.1611 | R47: 1.6928 | S47: 0.2305 | T47: 0.7375 | U47: 79.2933 | V47: 5.464 | W47: 9.0397 | X47: 0.759 | Y47: 5.9904 | Z47: 71.2875 | AA47: 171.3317 | AB47: 39.3698 | AC47: 110.488 | AD47: 0.0102 | AE47: 0.0511 | AF47: 0.3254 | AG47: 0.0006 | AH47: 0.0254 | AI47: 0.0194 | AJ47: 1.8902 | AK47: 66.0321 | AL47: 0.2704 | AM47: 2.5275 | AN47: 2.3095 | AO47: 0.6335 | AP47: 77.0279 | AQ47: 0.5513 | AR47: 74.1119 | AS47: 31.6529 | AT47: 4.8082 | AU47: 0.0818 | AV47: 39.7932 | AW47: 3.0207 | AX47: 5.7662 | AY47: 7.1573 | AZ47: 5.0303 | BA47: 1.0464 | BB47: 0.4154 | BC47: 0.391 | BD47: 294.124 | BE47: 1.6174 | BF47: 2.8972 | BG47: 23.1312 | BH47: 6.9168 | BI47: 52.0275 | BJ47: 29.1298 | BK47: 4.3849 | BL47: 5.311 | BM47: 5.3534 | BN47: 17.845 | BO47: 25.8994 | BP47: 0.4818 | BQ47: 1.3611 | BR47: 2.5583 | BS47: 0.4092 | BT47: 2.6805 | BU47: 0.7816 | BV47: 705.2269 | BW47: 323.3153 | BX47: 153.3084 | BY47: 1151.1823 | BZ47: 210.7031 | CA47: 37.4745 | CB47: 6.5383 | CC47: 12.8693 | CD47: 2.2629 | CE47: 0.2926 | CF47: 9.9892 | CG47: 30.9913 | CH47: 0.7051 | CI47: 4.1449 | CJ47: 2.3087 | CK47: 0.1856 | CL47: 0.279 | CM47: 0.3622 | CN47: 6.8974 | CO47: 0.0078 | CP47: 0.4833 | CQ47: 0.3445 | CR47: 0.7121 | CS47: 7.981 | CT47: 0.7786 | CU47: 0.2293 | CV47: 6.0917 | CW47: 62.5621 | CX47: 13.6049 | CY47: 13.1283 | CZ47: 2.448 | DA47: 23.2802 | DB47: 6.8181 | DC47: 1.1491 | DD47: 11.8536 | DE47: 17.2178 | DF47: 1.2556 | DG47: 17.1046 | DH47: 7.9094 | DI47: 0.5647 | DJ47: 2.1823 | DK47: 1.9229 | DL47: 85.0665 | DM47: 70.4945 | DN47: 6.6913 | DO47: 0.6086 | DP47: =SUM(E47:DO47) -> 4404.2359 | DQ47: 446.407 | DR47: 0.0218 | DS47: 35.2551 | DT47: 0.5472 | DU47: 5.7077 | DV47: -63.6471 | DW47: 195.4721 | DX47: =SUM(DQ47:DW47) -> 619.7638 | DY47: =DP47+DX47 -> 5023.9997 | EA47: =SUM(DS47:DU47) -> 41.51 | EB47: =EA47/$EA$122 -> 8.1482307e-05 | ED47: 0.42416403
A48: 45 | B48: 2002 | C48: =INDEX(Industries!$D:$D,MATCH($A48,Industries!$A:$A,0)) -> 6 | D48: Ceramic product manufacturing | E48: 2.3354 | F48: 0.4857 | G48: 4.3428 | H48: 0.3535 | I48: 0.0604 | J48: 0.2848 | K48: 1.5726 | L48: 2.3206 | M48: 0.8961 | N48: 1.7319 | O48: 2.8443 | P48: 0.4337 | Q48: 2.5936 | R48: 1.0594 | S48: 0.0684 | T48: 0.5995 | U48: 0.6225 | V48: 0.1706 | W48: 0.4843 | X48: 0.5284 | Y48: 0.4361 | Z48: 1.0028 | AA48: 0.3528 | AB48: 0.1645 | AC48: 0.2224 | AD48: 0.0109 | AE48: 0.0433 | AF48: 0.2317 | AG48: 0.0002 | AH48: 0.0319 | AI48: 0.0275 | AJ48: 0.3115 | AK48: 0.5934 | AL48: 0.1169 | AM48: 0.3679 | AN48: 0.5241 | AO48: 0.122 | AP48: 0.5665 | AQ48: 0.0404 | AR48: 0.7895 | AS48: 0.1659 | AT48: 0.4656 | AU48: 0.0341 | AV48: 0.372 | AW48: 0.5868 | AX48: 1.5307 | AY48: 0.1978 | AZ48: 0.1311 | BA48: 0.2651 | BB48: 7.0047 | BC48: 0.0454 | BD48: 7.8409 | BE48: 0.2881 | BF48: 5.6661 | BG48: 0.9706 | BH48: 0.5735 | BI48: 0.2621 | BJ48: 0.6196 | BK48: 0.8608 | BL48: 0.4625 | BM48: 1.0148 | BN48: 2.3142 | BO48: 0.4251 | BP48: 1.2838 | BQ48: 0.4842 | BR48: 0.7184 | BS48: 0.0818 | BT48: 0.9869 | BU48: 0.3469 | BV48: 283.1139 | BW48: 21.3635 | BX48: 57.7233 | BY48: 849.9705 | BZ48: 3.0133 | CA48: 2.8138 | CB48: 17.4756 | CC48: 46.3932 | CD48: 1.7808 | CE48: 0.2732 | CF48: 1.6793 | CG48: 5.407 | CH48: 0.4549 | CI48: 0.8184 | CJ48: 0.6397 | CK48: 0.1885 | CL48: 0.1194 | CM48: 0.1412 | CN48: 1.4313 | CO48: 0.0066 | CP48: 0.296 | CQ48: 0.3512 | CR48: 0.3689 | CS48: 0.8671 | CT48: 5.0819 | CU48: 1.7195 | CV48: 1.0535 | CW48: 15.489 | CX48: 2.2701 | CY48: 2.5489 | CZ48: 0.6026 | DA48: 4.0665 | DB48: 1.0344 | DC48: 0.3615 | DD48: 14.5164 | DE48: 19.7644 | DF48: 0.5966 | DG48: 30.4901 | DH48: 134.2983 | DI48: 0.2408 | DJ48: 1.0493 | DK48: 0.6574 | DL48: 2.4349 | DM48: 1.788 | DN48: 0.8708 | DO48: 0.1117 | DP48: =SUM(E48:DO48) -> 1603.4815 | DQ48: 305.4516 | DR48: 0.0178 | DS48: 21.1963 | DT48: 0.6595 | DU48: 3.7027 | DV48: -23.6244 | DW48: 48.1146 | DX48: =SUM(DQ48:DW48) -> 355.5181 | DY48: =DP48+DX48 -> 1958.9996 | EA48: =SUM(DS48:DU48) -> 25.5585 | EB48: =EA48/$EA$122 -> 5.0170213e-05 | ED48: 0.50025516
A49: 46 | B49: 2003 | C49: =INDEX(Industries!$D:$D,MATCH($A49,Industries!$A:$A,0)) -> 6 | D49: Cement, lime and ready-mixed concrete manufacturing | E49: 10.6366 | F49: 1.995 | G49: 17.6862 | H49: 1.2408 | I49: 0.3193 | J49: 0.9468 | K49: 8.0035 | L49: 20.2149 | M49: 8.1994 | N49: 20.8241 | O49: 46.6634 | P49: 2.7246 | Q49: 26.421 | R49: 4.4187 | S49: 0.2402 | T49: 2.1731 | U49: 2.1216 | V49: 0.5612 | W49: 1.8992 | X49: 1.8255 | Y49: 1.4872 | Z49: 3.4015 | AA49: 1.3804 | AB49: 0.6236 | AC49: 0.8556 | AD49: 0.0385 | AE49: 0.1793 | AF49: 0.7721 | AG49: 0.0009 | AH49: 0.0994 | AI49: 0.0852 | AJ49: 2.3261 | AK49: 2.6068 | AL49: 0.4185 | AM49: 1.4604 | AN49: 2.064 | AO49: 1.1843 | AP49: 2.1254 | AQ49: 0.1281 | AR49: 12.8368 | AS49: 0.5794 | AT49: 3.755 | AU49: 0.1207 | AV49: 10.7337 | AW49: 11.9538 | AX49: 618.6851 | AY49: 102.8582 | AZ49: 14.5713 | BA49: 20.7573 | BB49: 2.0174 | BC49: 0.6532 | BD49: 12.576 | BE49: 1.1585 | BF49: 4.2363 | BG49: 2.5074 | BH49: 2.2357 | BI49: 0.8639 | BJ49: 1.7105 | BK49: 3.6053 | BL49: 1.8292 | BM49: 0.4016 | BN49: 5.8262 | BO49: 1.3539 | BP49: 0.3605 | BQ49: 19.1237 | BR49: 25.345 | BS49: 2.0474 | BT49: 126.3939 | BU49: 20.9843 | BV49: 2211.7784 | BW49: 2751.0647 | BX49: 872.2807 | BY49: 4648.532 | BZ49: 8.7262 | CA49: 7.6355 | CB49: 1.4994 | CC49: 9.9929 | CD49: 6.2181 | CE49: 0.7447 | CF49: 6.9025 | CG49: 21.7704 | CH49: 1.4535 | CI49: 3.4661 | CJ49: 2.7151 | CK49: 0.4439 | CL49: 0.3608 | CM49: 2.0826 | CN49: 5.7611 | CO49: 0.0168 | CP49: 1.2548 | CQ49: 1.1707 | CR49: 2.3531 | CS49: 4.7955 | CT49: 13.7933 | CU49: 3.0788 | CV49: 4.7282 | CW49: 58.0199 | CX49: 11.3675 | CY49: 11.4154 | CZ49: 2.3179 | DA49: 16.7985 | DB49: 4.3789 | DC49: 1.5687 | DD49: 4.3816 | DE49: 5.4633 | DF49: 0.5111 | DG49: 16.844 | DH49: 8.7677 | DI49: 0.6847 | DJ49: 5.5402 | DK49: 2.1014 | DL49: 7.6317 | DM49: 17.5165 | DN49: 5.5177 | DO49: 0.3929 | DP49: =SUM(E49:DO49) -> 12008.273 | DQ49: 108.2968 | DR49: 1.5946 | DS49: 87.6955 | DT49: 2.2649 | DU49: 17.1328 | DV49: -51.8851 | DW49: 127.6274 | DX49: =SUM(DQ49:DW49) -> 292.7269 | DY49: =DP49+DX49 -> 12301 | EA49: =SUM(DS49:DU49) -> 107.0932 | EB49: =EA49/$EA$122 -> 0.00021021925 | ED49: 0.29623608
A50: 47 | B50: 2004 | C50: =INDEX(Industries!$D:$D,MATCH($A50,Industries!$A:$A,0)) -> 6 | D50: Plaster and concrete product manufacturing | E50: 11.9226 | F50: 3.0203 | G50: 34.8669 | H50: 1.613 | I50: 0.0837 | J50: 1.5679 | K50: 8.9353 | L50: 9.9464 | M50: 2.7453 | N50: 9.9044 | O50: 13.1788 | P50: 1.3061 | Q50: 21.8074 | R50: 3.1589 | S50: 0.125 | T50: 1.3437 | U50: 1.1532 | V50: 0.2654 | W50: 1.2638 | X50: 1.0381 | Y50: 0.8155 | Z50: 1.8642 | AA50: 4.5473 | AB50: 1.6109 | AC50: 1.4155 | AD50: 0.0196 | AE50: 0.1104 | AF50: 0.4805 | AG50: 0.0008 | AH50: 0.0453 | AI50: 0.0348 | AJ50: 1.0202 | AK50: 8.4538 | AL50: 0.3496 | AM50: 1.7885 | AN50: 3.3121 | AO50: 0.3637 | AP50: 2.6762 | AQ50: 0.0885 | AR50: 1.7561 | AS50: 0.3885 | AT50: 2.0842 | AU50: 0.0992 | AV50: 1.0473 | AW50: 1.2035 | AX50: 2.7163 | AY50: 8.8197 | AZ50: 1.7413 | BA50: 1.8268 | BB50: 0.945 | BC50: 0.2671 | BD50: 20.8131 | BE50: 1.6356 | BF50: 3.4548 | BG50: 1.7758 | BH50: 2.9891 | BI50: 0.8702 | BJ50: 1.7358 | BK50: 3.04 | BL50: 2.3798 | BM50: 0.3776 | BN50: 6.4747 | BO50: 0.929 | BP50: 0.2969 | BQ50: 6.453 | BR50: 6.9127 | BS50: 0.6093 | BT50: 2.7767 | BU50: 0.9906 | BV50: 586.3846 | BW50: 545.5682 | BX50: 281.5244 | BY50: 2409.6851 | BZ50: 6.9831 | CA50: 5.5761 | CB50: 0.7696 | CC50: 4.358 | CD50: 3.0573 | CE50: 0.4185 | CF50: 14.2501 | CG50: 44.3709 | CH50: 1.8784 | CI50: 5.2591 | CJ50: 2.908 | CK50: 0.2407 | CL50: 0.3828 | CM50: 1.1551 | CN50: 7.7023 | CO50: 0.0116 | CP50: 0.4949 | CQ50: 0.5309 | CR50: 0.3698 | CS50: 0.7679 | CT50: 1.8021 | CU50: 0.5306 | CV50: 5.8803 | CW50: 77.1381 | CX50: 17.7988 | CY50: 17.8051 | CZ50: 2.0549 | DA50: 29.9588 | DB50: 5.1155 | DC50: 0.9411 | DD50: 4.3672 | DE50: 6.0788 | DF50: 0.5071 | DG50: 14.4274 | DH50: 6.4382 | DI50: 0.3464 | DJ50: 3.8494 | DK50: 2.7982 | DL50: 6.1207 | DM50: 19.6849 | DN50: 4.0581 | DO50: 0.4451 | DP50: =SUM(E50:DO50) -> 4398.4475 | DQ50: 62.3998 | DS50: 107.3408 | DT50: 3.0602 | DU50: 12.2651 | DV50: -35.2429 | DW50: 87.7299 | DX50: =SUM(DQ50:DW50) -> 237.5529 | DY50: =DP50+DX50 -> 4636.0004 | EA50: =SUM(DS50:DU50) -> 122.6661 | EB50: =EA50/$EA$122 -> 0.00024078817 | ED50: 0.39840386
A51: 48 | B51: 2005 | C51: =INDEX(Industries!$D:$D,MATCH($A51,Industries!$A:$A,0)) -> 6 | D51: Other non-metallic mineral product manufacturing | E51: 4.9401 | F51: 1.4341 | G51: 15.163 | H51: 0.6757 | I51: 0.0141 | J51: 0.706 | K51: 3.9084 | L51: 6.124 | M51: 3.5898 | N51: 2.4811 | O51: 9.1422 | P51: 0.8187 | Q51: 3.4907 | R51: 2.4822 | S51: 0.0726 | T51: 0.6556 | U51: 0.4958 | V51: 0.0994 | W51: 0.7739 | X51: 0.4633 | Y51: 0.2814 | Z51: 0.7474 | AA51: 0.4633 | AB51: 0.2931 | AC51: 0.415 | AD51: 0.0094 | AE51: 0.0972 | AF51: 0.1833 | AG51: 0.0001 | AH51: 0.0027 | AI51: 0.0035 | AJ51: 1.1001 | AK51: 1.7395 | AL51: 0.2611 | AM51: 0.7638 | AN51: 1.4367 | AO51: 0.6247 | AP51: 1.0808 | AQ51: 0.4464 | AR51: 3.8348 | AS51: 0.3389 | AT51: 9.0115 | AU51: 0.0211 | AV51: 34.092 | AW51: 83.8351 | AX51: 18.1325 | AY51: 45.7475 | AZ51: 52.1448 | BA51: 1.9944 | BB51: 1.0469 | BC51: 0.1282 | BD51: 6.5014 | BE51: 1.6294 | BF51: 5.8373 | BG51: 0.9825 | BH51: 1.6548 | BI51: 0.4954 | BJ51: 0.2035 | BK51: 1.4385 | BL51: 0.6098 | BM51: 0.1878 | BN51: 2.3548 | BO51: 3.1392 | BP51: 0.5799 | BQ51: 3.165 | BR51: 5.0724 | BS51: 0.2803 | BT51: 3.9696 | BU51: 5.2941 | BV51: 387.3325 | BW51: 256.2352 | BX51: 283.2354 | BY51: 921.9734 | BZ51: 3.0036 | CA51: 2.7511 | CB51: 0.3166 | CC51: 1.9365 | CD51: 0.4735 | CE51: 0.2637 | CF51: 6.675 | CG51: 20.7708 | CH51: 0.4457 | CI51: 0.3764 | CJ51: 0.6773 | CK51: 0.0869 | CL51: 0.1667 | CM51: 0.8039 | CN51: 1.0538 | CO51: 0.0367 | CP51: 0.3769 | CQ51: 0.321 | CR51: 0.7325 | CS51: 0.5127 | CT51: 0.3853 | CU51: 0.1429 | CV51: 1.1525 | CW51: 16.962 | CX51: 2.9731 | CY51: 5.0958 | CZ51: 0.9622 | DA51: 5.181 | DB51: 3.4458 | DC51: 1.2943 | DD51: 1.7731 | DE51: 2.1615 | DF51: 0.2073 | DG51: 2.9239 | DH51: 1.407 | DI51: 0.3969 | DJ51: 1.3208 | DK51: 1.1283 | DL51: 1.7578 | DM51: 4.7594 | DN51: 86.1246 | DO51: 0.2306 | DP51: =SUM(E51:DO51) -> 2393.5475 | DQ51: 16.893 | DR51: 0.0096 | DS51: 19.0509 | DT51: 1.4493 | DU51: 5.2596 | DV51: 4.7487 | DW51: 137.0418 | DX51: =SUM(DQ51:DW51) -> 184.4529 | DY51: =DP51+DX51 -> 2578.0004 | EA51: =SUM(DS51:DU51) -> 25.7598 | EB51: =EA51/$EA$122 -> 5.0565356e-05 | ED51: 0.46431348
A52: 49 | B52: 2101 | C52: =INDEX(Industries!$D:$D,MATCH($A52,Industries!$A:$A,0)) -> 6 | D52: Iron and steel manufacturing | E52: 12.9682 | F52: 1.8322 | G52: 9.2548 | H52: 1.5655 | I52: 0.1639 | J52: 0.5172 | K52: 4.2697 | L52: 103.5327 | M52: 65.8458 | N52: 23.9363 | O52: 86.6427 | P52: 6.4018 | Q52: 137.0316 | R52: 10.143 | S52: 0.3543 | T52: 3.8755 | U52: 2.8947 | V52: 0.6185 | W52: 3.5706 | X52: 2.8489 | Y52: 2.6278 | Z52: 4.5706 | AA52: 1.4008 | AB52: 0.9587 | AC52: 1.5621 | AD52: 0.0535 | AE52: 0.3443 | AF52: 2.1644 | AG52: 0.0032 | AH52: 0.087 | AI52: 0.0954 | AJ52: 3.4833 | AK52: 20.4783 | AL52: 0.9217 | AM52: 5.1304 | AN52: 3.3177 | AO52: 39.5662 | AP52: 14.4999 | AQ52: 0.2775 | AR52: 17.0611 | AS52: 2.1203 | AT52: 13.8541 | AU52: 0.808 | AV52: 2.4167 | AW52: 0.5196 | AX52: 20.8883 | AY52: 32.4731 | AZ52: 10.913 | BA52: 463.6809 | BB52: 18.3579 | BC52: 100.0175 | BD52: 1489.6904 | BE52: 311.0147 | BF52: 424.5518 | BG52: 123.2678 | BH52: 88.2866 | BI52: 83.7627 | BJ52: 230.1634 | BK52: 109.8481 | BL52: 59.5613 | BM52: 28.8962 | BN52: 317.3749 | BO52: 90.7537 | BP52: 9.2559 | BQ52: 7.948 | BR52: 14.0096 | BS52: 2.3676 | BT52: 16.398 | BU52: 9.1797 | BV52: 882.6452 | BW52: 342.9863 | BX52: 451.7902 | BY52: 3632.2897 | BZ52: 31.8376 | CA52: 22.1768 | CB52: 2.9113 | CC52: 15.7109 | CD52: 8.1524 | CE52: 18.3279 | CF52: 1.3709 | CG52: 5.2477 | CH52: 4.0166 | CI52: 10.7018 | CJ52: 7.2015 | CK52: 1.3612 | CL52: 0.3644 | CM52: 2.3629 | CN52: 92.2614 | CO52: 0.0419 | CP52: 2.1899 | CQ52: 1.1854 | CR52: 15.6474 | CS52: 6.9131 | CT52: 16.0301 | CU52: 5.717 | CV52: 24.812 | CW52: 216.9793 | CX52: 38.6935 | CY52: 29.3287 | CZ52: 6.7934 | DA52: 32.7771 | DB52: 17.0718 | DC52: 10.019 | DD52: 15.6803 | DE52: 22.6875 | DF52: 2.5213 | DG52: 21.7331 | DH52: 21.7001 | DI52: 2.3421 | DJ52: 3.3464 | DK52: 2.5893 | DL52: 12.3872 | DM52: 116.4231 | DN52: 6.9541 | DO52: 0.8527 | DP52: =SUM(E52:DO52) -> 10866.385 | DQ52: 131.6184 | DR52: 202.9976 | DS52: 115.4089 | DT52: 2.5093 | DU52: 19.5007 | DV52: 48.9761 | DW52: 1822.6036 | DX52: =SUM(DQ52:DW52) -> 2343.6146 | DY52: =DP52+DX52 -> 13210 | EA52: =SUM(DS52:DU52) -> 137.4189 | EB52: =EA52/$EA$122 -> 0.00026974727 | ED52: 0.2357305
A53: 50 | B53: 2102 | C53: =INDEX(Industries!$D:$D,MATCH($A53,Industries!$A:$A,0)) -> 6 | D53: Basic non-ferrous metal manufacturing | E53: 24.407 | F53: 2.6853 | G53: 16.7483 | H53: 2.8037 | I53: 0.1613 | J53: 0.4525 | K53: 8.2056 | L53: 50.1864 | M53: 31.5988 | N53: 29.4542 | O53: 117.7583 | P53: 7.6675 | Q53: 129.6683 | R53: 10.6875 | S53: 0.3912 | T53: 12.0996 | U53: 2.2523 | V53: 0.8349 | W53: 3.1184 | X53: 2.9562 | Y53: 7.4684 | Z53: 4.4123 | AA53: 1.2596 | AB53: 0.7795 | AC53: 1.9717 | AD53: 0.0446 | AE53: 0.2333 | AF53: 3.6334 | AG53: 0.006 | AH53: 0.0746 | AI53: 0.2256 | AJ53: 4.303 | AK53: 16.2541 | AL53: 1.9785 | AM53: 18.64 | AN53: 4.8326 | AO53: 8.1841 | AP53: 17.0189 | AQ53: 0.277 | AR53: 11.6112 | AS53: 2.4811 | AT53: 39.1765 | AU53: 1.146 | AV53: 2.7076 | AW53: 0.654 | AX53: 14.113 | AY53: 2.758 | AZ53: 1.8881 | BA53: 182.6265 | BB53: 258.7104 | BC53: 10.9888 | BD53: 235.2084 | BE53: 10.2183 | BF53: 288.6506 | BG53: 4.2573 | BH53: 15.0897 | BI53: 2.9861 | BJ53: 19.9813 | BK53: 14.3352 | BL53: 12.5802 | BM53: 2.4549 | BN53: 64.1567 | BO53: 48.7287 | BP53: 180.5101 | BQ53: 11.7951 | BR53: 21.7581 | BS53: 1.2595 | BT53: 21.5101 | BU53: 20.7605 | BV53: 80.5376 | BW53: 98.5441 | BX53: 141.0766 | BY53: 161.8814 | BZ53: 31.4747 | CA53: 39.1535 | CB53: 8.117 | CC53: 26.7518 | CD53: 11.7832 | CE53: 7.7419 | CF53: 3.1948 | CG53: 7.8198 | CH53: 16.7282 | CI53: 36.974 | CJ53: 11.406 | CK53: 1.1525 | CL53: 0.7831 | CM53: 13.9366 | CN53: 131.3152 | CO53: 0.0718 | CP53: 11.595 | CQ53: 0.733 | CR53: 18.1378 | CS53: 12.6134 | CT53: 17.3678 | CU53: 6.7228 | CV53: 37.903 | CW53: 270.1338 | CX53: 49.6822 | CY53: 45.482 | CZ53: 20.4901 | DA53: 55.8732 | DB53: 21.2814 | DC53: 11.2929 | DD53: 17.7463 | DE53: 26.4636 | DF53: 2.4081 | DG53: 40.6887 | DH53: 58.9479 | DI53: 1.4641 | DJ53: 10.8526 | DK53: 10.0052 | DL53: 5.3526 | DM53: 25.8654 | DN53: 9.1561 | DO53: 1.1942 | DP53: =SUM(E53:DO53) -> 3670.7335 | DQ53: 185.0119 | DR53: 243.9641 | DS53: 1499.8749 | DT53: 35.7326 | DU53: 129.3901 | DV53: -61.0004 | DW53: 55184.293 | DX53: =SUM(DQ53:DW53) -> 57217.266 | DY53: =DP53+DX53 -> 60888 | EA53: =SUM(DS53:DU53) -> 1664.9976 | EB53: =EA53/$EA$122 -> 0.0032683172 | ED53: 0.076106951
A54: 51 | B54: 2201 | C54: =INDEX(Industries!$D:$D,MATCH($A54,Industries!$A:$A,0)) -> 6 | D54: Forged iron and steel product manufacturing | E54: 1.8084 | F54: 0.2929 | G54: 0.828 | H54: 0.8476 | I54: 0.0981 | J54: 0.2992 | K54: 1.2582 | L54: 49.793 | M54: 20.0795 | N54: 10.6448 | O54: 38.9473 | P54: 2.0074 | Q54: 35.1337 | R54: 0.8936 | S54: 0.0852 | T54: 0.8814 | U54: 0.8243 | V54: 0.2761 | W54: 0.5195 | X54: 0.753 | Y54: 0.7285 | Z54: 1.4025 | AA54: 0.5834 | AB54: 0.2317 | AC54: 0.3069 | AD54: 0.0142 | AE54: 0.0378 | AF54: 0.3096 | AG54: 0.0003 | AH54: 0.0493 | AI54: 0.0432 | AJ54: 0.2359 | AK54: 1.1349 | AL54: 0.1618 | AM54: 0.3638 | AN54: 0.295 | AO54: 0.1382 | AP54: 0.4843 | AQ54: 0.0558 | AR54: 1.3618 | AS54: 0.3665 | AT54: 1.0643 | AU54: 0.0623 | AV54: 0.3809 | AW54: 0.1198 | AX54: 0.7059 | AY54: 15.4651 | AZ54: 0.228 | BA54: 12.4409 | BB54: 0.1369 | BC54: 0.2101 | BD54: 114.353 | BE54: 5.2018 | BF54: 15.4035 | BG54: 9.2889 | BH54: 13.9139 | BI54: 174.4615 | BJ54: 0.8948 | BK54: 5.4266 | BL54: 11.8144 | BM54: 1.8769 | BN54: 75.7716 | BO54: 7.927 | BP54: 1.4889 | BQ54: 5.5498 | BR54: 10.3603 | BS54: 1.5806 | BT54: 3.3039 | BU54: 0.4716 | BV54: 10.3947 | BW54: 12.6775 | BX54: 17.7494 | BY54: 53.1844 | BZ54: 13.0854 | CA54: 12.7629 | CB54: 0.5976 | CC54: 4.8557 | CD54: 2.624 | CE54: 7.82 | CF54: 0.9188 | CG54: 0.5824 | CH54: 3.4808 | CI54: 0.2213 | CJ54: 0.421 | CK54: 0.194 | CL54: 0.0963 | CM54: 0.1084 | CN54: 0.8416 | CO54: 0.0061 | CP54: 0.2938 | CQ54: 0.2598 | CR54: 0.2635 | CS54: 0.5622 | CT54: 0.1465 | CU54: 0.0493 | CV54: 2.9235 | CW54: 8.8972 | CX54: 0.4231 | CY54: 0.9923 | CZ54: 0.774 | DA54: 0.946 | DB54: 1.9446 | DC54: 1.0711 | DD54: 1.8321 | DE54: 2.4638 | DF54: 0.2687 | DG54: 6.711 | DH54: 3.8489 | DI54: 0.3125 | DJ54: 1.2443 | DK54: 0.7864 | DL54: 10.7157 | DM54: 32.7619 | DN54: 1.0673 | DO54: 0.3254 | DP54: =SUM(E54:DO54) -> 888.987 | DQ54: 51.3214 | DS54: 59.7996 | DT54: 1.9099 | DU54: 5.4389 | DV54: 21.7569 | DW54: 77.7863 | DX54: =SUM(DQ54:DW54) -> 218.013 | DY54: =DP54+DX54 -> 1107 | EA54: =SUM(DS54:DU54) -> 67.1484 | EB54: =EA54/$EA$122 -> 0.00013180936 | ED54: 0.47425479
A55: 52 | B55: 2202 | C55: =INDEX(Industries!$D:$D,MATCH($A55,Industries!$A:$A,0)) -> 6 | D55: Structural metal product manufacturing | E55: 27.6248 | F55: 5.447 | G55: 11.7352 | H55: 23.6938 | I55: 0.5124 | J55: 22.9294 | K55: 25.6648 | L55: 593.309 | M55: 208.4326 | N55: 302.1308 | O55: 655.0783 | P55: 138.7349 | Q55: 147.352 | R55: 14.1747 | S55: 0.6873 | T55: 6.3795 | U55: 5.4848 | V55: 1.7198 | W55: 9.6712 | X55: 5.5127 | Y55: 4.2848 | Z55: 9.2982 | AA55: 41.3625 | AB55: 25.6382 | AC55: 3.3418 | AD55: 0.1043 | AE55: 0.4959 | AF55: 4.4841 | AG55: 0.0054 | AH55: 0.2554 | AI55: 0.2454 | AJ55: 5.5868 | AK55: 17.3421 | AL55: 64.7883 | AM55: 4.0862 | AN55: 2.8704 | AO55: 5.6602 | AP55: 7.774 | AQ55: 0.364 | AR55: 18.2027 | AS55: 2.5058 | AT55: 93.1555 | AU55: 0.5006 | AV55: 105.0675 | AW55: 1.2269 | AX55: 114.4401 | AY55: 487.3946 | AZ55: 143.9861 | BA55: 59.058 | BB55: 5.1296 | BC55: 8.6976 | BD55: 605.2363 | BE55: 20.9924 | BF55: 116.5371 | BG55: 36.1573 | BH55: 29.0308 | BI55: 277.5415 | BJ55: 20.8625 | BK55: 53.3206 | BL55: 120.0892 | BM55: 13.1116 | BN55: 417.112 | BO55: 48.9114 | BP55: 22.3675 | BQ55: 21.529 | BR55: 35.321 | BS55: 3.3996 | BT55: 99.6519 | BU55: 5.3071 | BV55: 4678.4078 | BW55: 1457.4625 | BX55: 1283.3529 | BY55: 4306.8197 | BZ55: 121.9746 | CA55: 214.5472 | CB55: 7.1108 | CC55: 59.4586 | CD55: 23.0282 | CE55: 220.4476 | CF55: 2.6021 | CG55: 8.9688 | CH55: 103.0534 | CI55: 22.8508 | CJ55: 9.9835 | CK55: 8.9276 | CL55: 1.588 | CM55: 6.603 | CN55: 40.4647 | CO55: 0.1094 | CP55: 6.363 | CQ55: 5.0024 | CR55: 9.5525 | CS55: 28.8426 | CT55: 20.0316 | CU55: 7.6402 | CV55: 33 | CW55: 148.6176 | CX55: 31.6815 | CY55: 26.2052 | CZ55: 24.6691 | DA55: 33.2005 | DB55: 52.3548 | DC55: 8.8487 | DD55: 122.978 | DE55: 175.9876 | DF55: 23.1356 | DG55: 76.223 | DH55: 49.0884 | DI55: 19.2445 | DJ55: 27.0559 | DK55: 6.6062 | DL55: 48.6289 | DM55: 201.1842 | DN55: 16.8439 | DO55: 0.876 | DP55: =SUM(E55:DO55) -> 19171.73 | DQ55: 356.2685 | DR55: 1.2006 | DS55: 1243.0773 | DT55: 50.0989 | DU55: 112.4877 | DV55: 340.3073 | DW55: 993.8295 | DX55: =SUM(DQ55:DW55) -> 3097.2698 | DY55: =DP55+DX55 -> 22269 | EA55: =SUM(DS55:DU55) -> 1405.6639 | EB55: =EA55/$EA$122 -> 0.0027592565 | ED55: 0.39202479
A56: 53 | B56: 2203 | C56: =INDEX(Industries!$D:$D,MATCH($A56,Industries!$A:$A,0)) -> 6 | D56: Metal containers and other sheet metal product manufacturing | E56: 5.1445 | F56: 0.4877 | G56: 1.4718 | H56: 2.8887 | I56: 0.086 | J56: 1.3657 | K56: 3.3219 | L56: 57.3783 | M56: 34.2143 | N56: 14.3016 | O56: 80.9726 | P56: 4.2781 | Q56: 10.5617 | R56: 3.3988 | S56: 0.2452 | T56: 10.2697 | U56: 3.8634 | V56: 0.4533 | W56: 4.6675 | X56: 1.0631 | Y56: 1.2823 | Z56: 6.028 | AA56: 157.2662 | AB56: 48.9496 | AC56: 17.3493 | AD56: 0.0159 | AE56: 0.0648 | AF56: 0.8573 | AG56: 0.001 | AH56: 0.0418 | AI56: 0.0427 | AJ56: 0.6343 | AK56: 8.0022 | AL56: 0.2597 | AM56: 1.7098 | AN56: 0.5456 | AO56: 4.5909 | AP56: 7.3644 | AQ56: 0.0584 | AR56: 40.161 | AS56: 1.0613 | AT56: 34.1393 | AU56: 0.0694 | AV56: 0.5537 | AW56: 0.21 | AX56: 2.781 | AY56: 3.6384 | AZ56: 3.6922 | BA56: 8.3209 | BB56: 0.76 | BC56: 0.1302 | BD56: 66.013 | BE56: 30.4025 | BF56: 36.5948 | BG56: 127.5604 | BH56: 6.3979 | BI56: 7.4188 | BJ56: 2.0231 | BK56: 10.5858 | BL56: 5.2506 | BM56: 14.59 | BN56: 254.854 | BO56: 9.7807 | BP56: 4.805 | BQ56: 2.7354 | BR56: 3.7909 | BS56: 1.3316 | BT56: 8.6537 | BU56: 0.9248 | BV56: 442.6788 | BW56: 199.7705 | BX56: 195.3423 | BY56: 430.2581 | BZ56: 26.6024 | CA56: 77.8633 | CB56: 3.5645 | CC56: 10.7823 | CD56: 25.467 | CE56: 8.7855 | CF56: 7.3847 | CG56: 1.4629 | CH56: 52.388 | CI56: 4.6403 | CJ56: 1.4814 | CK56: 0.9521 | CL56: 0.1324 | CM56: 1.0567 | CN56: 6.5475 | CO56: 0.0225 | CP56: 2.0778 | CQ56: 1.4654 | CR56: 0.7371 | CS56: 1.8638 | CT56: 34.6461 | CU56: 11.5587 | CV56: 6.604 | CW56: 34.033 | CX56: 5.2746 | CY56: 6.8977 | CZ56: 4.9673 | DA56: 8.2625 | DB56: 7.5214 | DC56: 2.1528 | DD56: 5.5619 | DE56: 7.2377 | DF56: 0.8514 | DG56: 31.2063 | DH56: 14.9644 | DI56: 1.5158 | DJ56: 4.5731 | DK56: 4.0146 | DL56: 19.2094 | DM56: 50.1281 | DN56: 5.8412 | DO56: 0.2412 | DP56: =SUM(E56:DO56) -> 2955.319 | DQ56: 113.0791 | DR56: 0.0304 | DS56: 1555.372 | DT56: 196.2807 | DU56: 397.2269 | DV56: 72.5524 | DW56: 240.1394 | DX56: =SUM(DQ56:DW56) -> 2574.6809 | DY56: =DP56+DX56 -> 5529.9999 | EA56: =SUM(DS56:DU56) -> 2148.8796 | EB56: =EA56/$EA$122 -> 0.0042181563 | ED56: 0.48806512
